Workbook

Sheet DESCRIÇÃO
A1: Obra: | B1: =PLANILHA!B1 -> Construção de rede de drenagem pluvial
A2: Proprietário: | B2: =#REF! -> #REF!
A3: Local: | B3: =PLANILHA!B3 -> Avenida Governador Jayme Campos
A4: Data: | B4: =PLANILHA!B4 -> 30 de julho de 2021
A5: RESUMO ORÇAMENTO
A7: Item | B7: DESCRIÇÃO | F7: Valores totais
A8: 1.0 | B8: =PLANILHA!D7 -> SERVIÇOS PRELIMINARES | F8: =PLANILHA!I7 -> #REF!
A9: 2.0 | B9: =PLANILHA!D13 -> MOVIMENTAÇÃO DE TERRA | F9: =PLANILHA!I13 -> 111628.34
A10: 3.0 | B10: =PLANILHA!D22 -> REDE DE DRENAGEM | F10: =PLANILHA!I22 -> #REF!
A11: 4.0 | B11: =PLANILHA!D39 -> TRANSPORTE | F11: =PLANILHA!I39 -> 8585.1134
B12: TOTAL | F12: =SUM(F8:F11) -> #REF!
A13: RESPONSÁVEL TÉCNICO ORÇAMENTISTA | E13: CONTRATANTE | F13: OBSERVAÇÕES
A17: JOÃO GUSTAVO FARIA DOS SANTOS JÚNIOR | E17: PREFEITURA MUNICIPAL DE INDIAVAÍ
A18: ENG. CIVIL - CREA Nº 5064045506 | E18: PREFEITO MUNICIPAL

Sheet QCI
A1: Obra: | B1: ='PLANILHA ORÇAMENTÁRIA'!B1:F1 -> REFORMA DE PISTA DE ATLETISMO | G1: BOLETIM
A2: Proprietário: | B2: ='PLANILHA ORÇAMENTÁRIA'!B2:F2 -> Prefeitura Municipal de São José dos Quatro Marcos | G2: SINAPI 04/2025
A3: Local: | B3: ='PLANILHA ORÇAMENTÁRIA'!B3:F3 -> ZONA URBANA | G3: BDI - SERVIÇOS
A4: Data: | B4: ='PLANILHA ORÇAMENTÁRIA'!B4:F4 -> 45936 | G4: ='DESCRIÇÃO DE ORÇAMENTO'!G4 -> 0.2624
A5: RESUMO ORÇAMENTO
A7: ITEM | B7: DESCRIÇÃO | F7: VALORES TOTAIS | G7: REPASSE | H7: REPASSE
A8: 1.0 | B8: ='PLANILHA ORÇAMENTÁRIA'!D7 -> ADMINISTRAÇÃO DE OBRA | F8: ='PLANILHA ORÇAMENTÁRIA'!I7 -> 16846.68 | G8: =($G$19/$F$19)*F8 -> 11843.991 | H8: =F8-G8 -> 5002.6887
A9: 2.0 | B9: ='PLANILHA ORÇAMENTÁRIA'!D9 -> SERVIÇOS PRELIMINARES | F9: ='PLANILHA ORÇAMENTÁRIA'!I9 -> 9282.4871 | G9: =($G$19/$F$19)*F9 -> 6526.0156 | H9: =F9-G9 -> 2756.4715
A10: 3.0 | B10: ='PLANILHA ORÇAMENTÁRIA'!D23 -> ESTRUTURA DE CONCRETO ARMADO | F10: ='PLANILHA ORÇAMENTÁRIA'!I23 -> 18104.32 | G10: =($G$19/$F$19)*F10 -> 12728.17 | H10: =F10-G10 -> 5376.1499
A11: 4.0 | B11: ='PLANILHA ORÇAMENTÁRIA'!D28 -> ESQUADRIAS | F11: ='PLANILHA ORÇAMENTÁRIA'!I28 -> 42447.3 | G11: =($G$19/$F$19)*F11 -> 29842.405 | H11: =F11-G11 -> 12604.895
A12: 5.0 | B12: ='PLANILHA ORÇAMENTÁRIA'!D41 -> PISOS | F12: ='PLANILHA ORÇAMENTÁRIA'!I41 -> 82900.62 | G12: =($G$19/$F$19)*F12 -> 58282.951 | H12: =F12-G12 -> 24617.669
A13: 6.0 | B13: ='PLANILHA ORÇAMENTÁRIA'!D52 -> PINTURAS E REVESTIMENTOS | F13: ='PLANILHA ORÇAMENTÁRIA'!I52 -> 26921.27 | G13: =($G$19/$F$19)*F13 -> 18926.892 | H13: =F13-G13 -> 7994.3784
A14: 7.0 | B14: ='PLANILHA ORÇAMENTÁRIA'!D60 -> COBERTURAS | F14: ='PLANILHA ORÇAMENTÁRIA'!I60 -> 8492.86 | G14: =($G$19/$F$19)*F14 -> 5970.8714 | H14: =F14-G14 -> 2521.9886
A15: 8.0 | B15: ='PLANILHA ORÇAMENTÁRIA'!D63 -> FECHAMENTO E EQUIPAMENTOS | F15: ='PLANILHA ORÇAMENTÁRIA'!I63 -> 77750.14 | G15: =($G$19/$F$19)*F15 -> 54661.926 | H15: =F15-G15 -> 23088.214
A16: 9.0 | B16: ='PLANILHA ORÇAMENTÁRIA'!D80 -> INSTALAÇÕES HIDROSSANITÁRIAS | F16: ='PLANILHA ORÇAMENTÁRIA'!I80 -> 25352.63 | G16: =($G$19/$F$19)*F16 -> 17824.066 | H16: =F16-G16 -> 7528.5645
A17: 10.0 | B17: ='PLANILHA ORÇAMENTÁRIA'!D118 -> INSTALAÇÕES ELÉTRICAS | F17: ='PLANILHA ORÇAMENTÁRIA'!I118 -> 168246.53 | G17: =($G$19/$F$19)*F17 -> 118285.05 | H17: =F17-G17 -> 49961.477
A18: 11.0 | B18: ='PLANILHA ORÇAMENTÁRIA'!D161 -> SERVIÇOS COMPLEMENTARES | F18: ='PLANILHA ORÇAMENTÁRIA'!I161 -> 70141.44 | G18: =($G$19/$F$19)*F18 -> 49312.66 | H18: =F18-G18 -> 20828.78
B19: TOTAL | F19: =SUM(F8:F18) -> 546486.28 | G19: 384205 | H19: =SUM(H8:H18) -> 162281.28
A20: RESPONSÁVEL TÉCNICO ORÇAMENTISTA
K21: =IF((G19+H19)=F19,"certo","errado") -> certo
F22: OBSERVAÇÕES:
A24: JOÃO GUSTAVO FARIA DOS SANTOS JÚNIOR
A25: ENG. CIVIL - CREA Nº 64045506/SP

Sheet DESCRIÇÃO DE ORÇAMENTO
A1: Obra: | B1: ='PLANILHA ORÇAMENTÁRIA'!B1:F1 -> REFORMA DE PISTA DE ATLETISMO | G1: BOLETIM
A2: Proprietário: | B2: ='PLANILHA ORÇAMENTÁRIA'!B2:F2 -> Prefeitura Municipal de São José dos Quatro Marcos | G2: SINAPI 04/2025
A3: Local: | B3: ='PLANILHA ORÇAMENTÁRIA'!B3:F3 -> ZONA URBANA | G3: BDI - SERVIÇOS
A4: Data: | B4: ='PLANILHA ORÇAMENTÁRIA'!B4:F4 -> 45936 | G4: =BDI!D21 -> 0.2624
A5: RESUMO ORÇAMENTO
A7: ITEM | B7: DESCRIÇÃO | F7: VALORES TOTAIS | G7: PESO
A8: 1.0 | B8: ='PLANILHA ORÇAMENTÁRIA'!D7 -> ADMINISTRAÇÃO DE OBRA | F8: ='PLANILHA ORÇAMENTÁRIA'!I7 -> 16846.68 | G8: =(F8/$F$19) -> 0.03082727
A9: 2.0 | B9: ='PLANILHA ORÇAMENTÁRIA'!D9 -> SERVIÇOS PRELIMINARES | F9: ='PLANILHA ORÇAMENTÁRIA'!I9 -> 9282.4871 | G9: =(F9/$F$19) -> 0.016985764
A10: 3.0 | B10: ='PLANILHA ORÇAMENTÁRIA'!D23 -> ESTRUTURA DE CONCRETO ARMADO | F10: ='PLANILHA ORÇAMENTÁRIA'!I23 -> 18104.32 | G10: =(F10/$F$19) -> 0.03312859
A11: 4.0 | B11: ='PLANILHA ORÇAMENTÁRIA'!D28 -> ESQUADRIAS | F11: ='PLANILHA ORÇAMENTÁRIA'!I28 -> 42447.3 | G11: =(F11/$F$19) -> 0.077673131
A12: 5.0 | B12: ='PLANILHA ORÇAMENTÁRIA'!D41 -> PISOS | F12: ='PLANILHA ORÇAMENTÁRIA'!I41 -> 82900.62 | G12: =(F12/$F$19) -> 0.15169753
A13: 6.0 | B13: ='PLANILHA ORÇAMENTÁRIA'!D52 -> PINTURAS E REVESTIMENTOS | F13: ='PLANILHA ORÇAMENTÁRIA'!I52 -> 26921.27 | G13: =(F13/$F$19) -> 0.049262481
A14: 7.0 | B14: ='PLANILHA ORÇAMENTÁRIA'!D60 -> COBERTURAS | F14: ='PLANILHA ORÇAMENTÁRIA'!I60 -> 8492.86 | G14: =(F14/$F$19) -> 0.015540848
A15: 8.0 | B15: ='PLANILHA ORÇAMENTÁRIA'!D63 -> FECHAMENTO E EQUIPAMENTOS | F15: ='PLANILHA ORÇAMENTÁRIA'!I63 -> 77750.14 | G15: =(F15/$F$19) -> 0.14227281
A16: 9.0 | B16: ='PLANILHA ORÇAMENTÁRIA'!D80 -> INSTALAÇÕES HIDROSSANITÁRIAS | F16: ='PLANILHA ORÇAMENTÁRIA'!I80 -> 25352.63 | G16: =(F16/$F$19) -> 0.046392071
A17: 10.0 | B17: ='PLANILHA ORÇAMENTÁRIA'!D118 -> INSTALAÇÕES ELÉTRICAS | F17: ='PLANILHA ORÇAMENTÁRIA'!I118 -> 168246.53 | G17: =(F17/$F$19) -> 0.30786963
A18: 11.0 | B18: ='PLANILHA ORÇAMENTÁRIA'!D161 -> SERVIÇOS COMPLEMENTARES | F18: ='PLANILHA ORÇAMENTÁRIA'!I161 -> 70141.44 | G18: =(F18/$F$19) -> 0.12834987
B19: TOTAL | F19: =SUM(F8:F18) -> 546486.28 | G19: =SUM(G8:G18) -> 1
A20: RESPONSÁVEL TÉCNICO ORÇAMENTISTA
F22: OBSERVAÇÕES:
A24: JOÃO GUSTAVO FARIA DOS SANTOS JÚNIOR
A25: ENG. CIVIL - CREA Nº 64045506/SP

Sheet PLANILHA
A1: Obra: | B1: Construção de rede de drenagem pluvial | G1: BASE DE PREÇOS
A2: Proprietário: | B2: Prefeitura Municipal de Indiavaí
A3: Local: | B3: Avenida Governador Jayme Campos | G3: Não desonerado | I3: BDI
A4: Data: | B4: 30 de julho de 2021 | G4: SINAPI 06/2021 | H4: SICRO JAN/2021 | I4: =BDI!D21/100 -> 0.002624
A5: PLANILHA ORÇAMENTÁRIA
A6: BASE DE PREÇO | B6: Item | C6: Código | D6: Descrição | E6: Unid. | F6: Quant. | G6: Preço unitário (R$) | H6: Preço unitário BDI (R$) | I6: Valor final (R$)
B7: 1.0 | D7: SERVIÇOS PRELIMINARES | I7: =SUM(I8:I12) -> #REF!
A8: COMP. PRÓPRIA | B8: 1.1 | C8: COMP.001 | D8: PLACA DE OBRA EM CHAPA DE ACO GALVANIZADO | E8: m² | F8: 3 | G8: =#REF! -> #REF! | H8: =G8+(G8*$I$4) -> #REF! | I8: =H8*F8 -> #REF!
A9: SINAPI | B9: 1.2 | C9: 93584 | D9: EXECUÇÃO DE DEPÓSITO EM CANTEIRO DE OBRA EM CHAPA DE MADEIRA COMPENSADA, NÃO INCLUSO MOBILIÁRIO. AF_04/2016 | E9: m² | F9: 6 | G9: 650.95 | H9: =G9+(G9*$I$4) -> 652.65809 | I9: =H9*F9 -> 3915.9486
A10: SINAPI | B10: 1.3 | C10: 99063 | D10: LOCAÇÃO DE REDE DE ÁGUA OU ESGOTO. AF_10/2018 | E10: m | F10: 6 | G10: 3.55 | H10: =G10+(G10*$I$4) -> 3.5593152 | I10: =H10*F10 -> 21.355891
D11: ADMINISTRAÇÃO DA OBRA
A12: COMP. PRÓPRIA | B12: 1.4 | C12: COMP.002 | D12: =#REF! -> #REF! | E12: mês | F12: 3 | G12: =#REF! -> #REF! | H12: =G12+(G12*$I$4) -> #REF! | I12: =H12*F12 -> #REF!
B13: 2.0 | D13: MOVIMENTAÇÃO DE TERRA | I13: =SUM(I14:I21) -> 111628.34
A14: SINAPI | B14: 2.1 | C14: 90084 | D14: ESCAVAÇÃO MECANIZADA DE VALA COM PROF. MAIOR QUE 1,5 M ATÉ 3,0 M (MÉDIA ENTRE MONTANTE E JUSANTE/UMA COMPOSIÇÃO POR TRECHO), COM ESCAVADEIRA HIDRÁULICA (0,8 M3/111 HP), LARGURA ATÉ 1,5 M, EM SOLO DE 1A CATEGORIA, EM LOCAIS COM ALTO NÍVEL DE INTERFERÊNCIA. AF_02/2021 | E14: m³ | F14: =('CÁLCULO DE VOL E ESC REDE PRIN.'!J19+'CAL VOL. REDE COL.'!J33+'CALC. VOL PV'!J19+'CALC. VOL BL'!J10)-F15 -> 2359.395 | G14: 7.61 | H14: =G14+(G14*$I$4) -> 7.6299686 | I14: =H14*F14 -> 18002.11
A15: SINAPI | B15: 2.2 | C15: 102278 | D15: ESCAVAÇÃO MECANIZADA DE VALA COM PROF. MAIOR QUE 1,50 M ATÉ 3,0 M (MÉDIA ENTRE MONTANTE E JUSANTE/UMA COMPOSIÇÃO POR TRECHO), COM ESCAVADEIRA HIDRÁULICA (1,2 M3/155 HP), LARG. DE 1,5 M A 2,5 M, EM SOLO DE 1A CATEGORIA, EM LOCAIS COM ALTO NÍVEL DE INTERFERÊNCIA. AF_02/2021 | E15: m³ | F15: =SUM('CÁLCULO DE VOL E ESC REDE PRIN.'!J15:J18) -> 843.9065 | G15: 6.93 | H15: =G15+(G15*$I$4) -> 6.9481843 | I15: =H15*F15 -> 5863.6179
A16: SINAPI | B16: 2.3 | C16: 101572 | D16: ESCORAMENTO DE VALA, TIPO PONTALETEAMENTO, COM PROFUNDIDADE DE 1,5 A 3,0 M, LARGURA MENOR QUE 1,5 M. AF_08/2020 | E16: m² | F16: =SUM('CÁLCULO DE VOL E ESC REDE PRIN.'!J9:J15) -> 2293.501 | G16: 12.12 | H16: =G16+(G16*$I$4) -> 12.151803 | I16: =H16*F16 -> 27870.172
A17: SINAPI | B17: 2.3 | C17: 101573 | D17: ESCORAMENTO DE VALA, TIPO PONTALETEAMENTO, COM PROFUNDIDADE DE 1,5 A 3,0 M, LARGURA MAIOR OU IGUAL A 1,5 M E MENOR QUE 2,5 M. AF_08/2020 | E17: m² | F17: =SUM('CÁLCULO DE VOL E ESC REDE PRIN.'!J15:J18) -> 843.9065 | G17: 18.28 | H17: =G17+(G17*$I$4) -> 18.327967 | I17: =H17*F17 -> 15467.09
A18: SINAPI | B18: 2.4 | C18: 101622 | D18: PREPARO DE FUNDO DE VALA COM LARGURA MENOR QUE 1,5 M, COM CAMADA DE AREIA, LANÇAMENTO MECANIZADO. AF_08/2020 | E18: m³ | F18: =SUM('CÁLCULO DE VOL E ESC REDE PRIN.'!I9:I14) -> 77 | G18: 148.11 | H18: =G18+(G18*$I$4) -> 148.49864 | I18: =H18*F18 -> 11434.395
A19: SINAPI | B19: 2.4 | C19: 101625 | D19: PREPARO DE FUNDO DE VALA COM LARGURA MAIOR OU IGUAL A 1,5 M E MENOR QUE 2,5 M, COM CAMADA DE AREIA, LANÇAMENTO MECANIZADO. AF_08/2020 | E19: m³ | F19: =SUM('CÁLCULO DE VOL E ESC REDE PRIN.'!I15:I18) -> 36.55 | G19: 120.92 | H19: =G19+(G19*$I$4) -> 121.23729 | I19: =H19*F19 -> 4431.2231
A20: SINAPI | B20: 2.5 | C20: 93361 | D20: REATERRO MECANIZADO DE VALA COM ESCAVADEIRA HIDRÁULICA (CAPACIDADE DA CAÇAMBA: 0,8 M³ / POTÊNCIA: 111 HP), LARGURA ATÉ 1,5 M, PROFUNDIDADE DE 1,5 A 3,0 M, COM SOLO DE 1ª CATEGORIA EM LOCAIS COM ALTO NÍVEL DE INTERFERÊNCIA. AF_04/2016 | E20: m³ | F20: =('CÁLCULO DE VOL E ESC REDE PRIN.'!K19+'CAL VOL. REDE COL.'!K33+'CALC. VOL PV'!K19)-F21 -> 1756.9496 | G20: 13.01 | H20: =G20+(G20*$I$4) -> 13.044138 | I20: =H20*F20 -> 22917.893
A21: SINAPI | B21: 2.5 | C21: 93362 | D21: REATERRO MECANIZADO DE VALA COM ESCAVADEIRA HIDRÁULICA (CAPACIDADE DA CAÇAMBA: 0,8 M³ / POTÊNCIA: 111 HP), LARGURA DE 1,5 A 2,5 M, PROFUNDIDADE DE 1,5 A 3,0 M, COM SOLO DE 1ª CATEGORIA EM LOCAIS COM ALTO NÍVEL DE INTERFERÊNCIA. AF_04/2016 | E21: m³ | F21: =SUM('CÁLCULO DE VOL E ESC REDE PRIN.'!K15:K18) -> 586.15382 | G21: 9.6 | H21: =G21+(G21*$I$4) -> 9.6251904 | I21: =H21*F21 -> 5641.8421
A22: 3.0 | B22: 3.0 | D22: REDE DE DRENAGEM | I22: =SUM(I25:I38) -> #REF!
D23: ASSENTAMENTO DE TUBOS
D24: REDES PRINCIPAIS
A25: SINAPI | B25: 3.1 | C25: 92226 | D25: TUBO DE CONCRETO PARA REDES COLETORAS DE ÁGUAS PLUVIAIS, DIÂMETRO DE 1000 MM, JUNTA RÍGIDA, INSTALADO EM LOCAL COM ALTO NÍVEL DE INTERFERÊNCIAS - FORNECIMENTO E ASSENTAMENTO. AF_12/2015 | E25: m | F25: =SUM('CÁLCULO DE VOL E ESC REDE PRIN.'!C9:C14) -> 638 | G25: 511.75 | H25: =G25+(G25*$I$4) -> 513.09283 | I25: =H25*F25 -> 327353.23
A26: SINAPI | B26: 3.1 | C26: 92831 | D26: TUBO DE CONCRETO PARA REDES COLETORAS DE ÁGUAS PLUVIAIS, DIÂMETRO DE 1500 MM, JUNTA RÍGIDA, INSTALADO EM LOCAL COM ALTO NÍVEL DE INTERFERÊNCIAS - FORNECIMENTO E ASSENTAMENTO. AF_12/2015 | E26: m | F26: =SUM('CÁLCULO DE VOL E ESC REDE PRIN.'!C15:C18) -> 269 | G26: 1048.59 | H26: =G26+(G26*$I$4) -> 1051.3415 | I26: =H26*F26 -> 282810.86
D27: LIGAÇÕES DE BOCA DE LOBO COM PV'S
A28: SINAPI | B28: 3.1 | C28: 92219 | D28: TUBO DE CONCRETO PARA REDES COLETORAS DE ÁGUAS PLUVIAIS, DIÂMETRO DE 400 MM, JUNTA RÍGIDA, INSTALADO EM LOCAL COM ALTO NÍVEL DE INTERFERÊNCIAS - FORNECIMENTO E ASSENTAMENTO. AF_12/2015= | E28: m | F28: =SUM('CAL VOL. REDE COL.'!C9:C32) -> 333.82 | G28: 150.04 | H28: =G28+(G28*$I$4) -> 150.4337 | I28: =H28*F28 -> 50217.779
D29: DISPOSITIVOS DE DRENAGEM
D30: DISPOSITIVOS COLETORES - BOCA DE LOBO
A31: SICRO | B31: 3.2 | C31: 2003618 | D31: Boca de lobo simples - BLS 01 - areia e brita comerciais | E31: unid | F31: 24 | G31: 737.21 | H31: =G31+(G31*$I$4) -> 739.14444 | I31: =H31*F31 -> 17739.467
D32: POÇOS DE VISITA
A33: SICRO | B33: 3.4 | C33: 2003684 | D33: Poço de visita - PVI 04 - areia e brita comerciais | E33: unid | F33: 5 | G33: 2250.51 | H33: =G33+(G33*$I$4) -> 2256.4153 | I33: =H33*F33 -> 11282.077
A34: SICRO | B34: 3.5 | C34: 2003688 | D34: Poço de visita - PVI 06 - areia e brita comerciais | E34: unid | F34: 5 | G34: 3311.33 | H34: =G34+(G34*$I$4) -> 3320.0189 | I34: =H34*F34 -> 16600.095
A35: SINAPI | B35: 3.4 | C35: 98051 | D35: CHAMINÉ CIRCULAR PARA POÇO DE VISITA PARA ESGOTO, EM ALVENARIA COM TIJOLOS CERÂMICOS MACIÇOS, DIÂMETRO INTERNO = 0,6 M. AF_12/2020 | E35: m | F35: =SUM('CALC. VOL PV'!I9:I18) -> 9.08 | G35: 749.73 | H35: =G35+(G35*$I$4) -> 751.69729 | I35: =H35*F35 -> 6825.4114
A36: 3.5 | B36: 3.5 | C36: COMP. 003 | D36: TAMPÃO FOFO ARTICULADO D=600 MM, INSTALADO EM CHAMINÉ PARA DE POÇO DE VISITA | E36: unid | F36: 10 | G36: =#REF! -> #REF! | H36: =G36+(G36*$I$4) -> #REF! | I36: =H36*F36 -> #REF!
D37: DISSIPADORES DE ENERGIA
A38: SICRO | C38: 2003461 | D38: Dissipador de energia - DEB 07 - areia e pedra de mão comerciais | E38: unid | F38: 1 | G38: 4073.49 | H38: =G38+(G38*$I$4) -> 4084.1788 | I38: =H38*F38 -> 4084.1788
A39: 4.0 | B39: 4.0 | D39: TRANSPORTE | I39: =SUM(I40:I43) -> 8585.1134
D40: TRANSPORTE DE AREIA
A41: SINAPI | B41: 11.9 | C41: 95879 | D41: TRANSPORTE COM CAMINHÃO BASCULANTE DE 14 M³, EM VIA URBANA PAVIMENTADA, DMT ATÉ 30 KM (UNIDADE: TXKM). AF_07/2020 | E41: txkm | F41: ='CALC. TRANSPORTES'!D21 -> 0 | G41: 1.09 | H41: =G41+(G41*$I$4) -> 1.0928602 | I41: =H41*F41 -> 0
D42: TRANSPORTE DE TUBOS DE CONCRETO
A43: SINAPI | B43: 11.10 | C43: 100952 | D43: TRANSPORTE COM CAMINHÃO CARROCERIA COM GUINDAUTO (MUNCK), MOMENTO MÁXIMO DE CARGA 11,7 TM, EM VIA URBANA PAVIMENTADA, DMT ATÉ 30KM (UNIDADE: TXKM). AF_07/2020 | E43: txkm | F43: ='CALC. TRANSPORTES'!F11+'CALC. TRANSPORTES'!F14+'CALC. TRANSPORTES'!F15 -> 4391.1 | G43: 1.95 | H43: =G43+(G43*$I$4) -> 1.9551168 | I43: =H43*F43 -> 8585.1134
H44: TOTAL | I44: =SUM(I7:I43)/2 -> #REF!
A45: RESPONSÁVEL TÉCNICO ORÇAMENTISTA | D45: CONTRATANTE | E45: VALOR TOTAL: | G45: UM MILHÃO, TREZENTOS E VINTE E SETE MIL, QUATROCENTOS E VINTE E UM REAIS E NOVENTA E UM CENTAVOS.
E47: OBSERVAÇÕES:
E48: SINAPI - ENCARGOS SOCIAIS DESONERADOS: 83,92%(HORA) 48,10%(MÊS)
A49: JOÃO GUSTAVO FARIA DOS SANTOS JÚNIOR | D49: PREFEITURA MUNICIPAL DE INDIAVAÍ
A50: ENG. CIVIL - CREA Nº 5064045506 | D50: PREFEITO MUNICIPAL

Sheet COMPOSIÇÕES
A1: =PLANILHA!A1 -> Obra: | B1: =PLANILHA!B1 -> Construção de rede de drenagem pluvial
A2: =PLANILHA!A2 -> Proprietário: | B2: =PLANILHA!B2 -> Prefeitura Municipal de Indiavaí
A3: =PLANILHA!A3 -> Local: | B3: =PLANILHA!B3 -> Avenida Governador Jayme Campos
A4: =PLANILHA!A4 -> Data: | B4: =PLANILHA!B4 -> 30 de julho de 2021
A6: COMPOSIÇÃO 001
A7: PLACA DE OBRA EM CHAPA DE ACO GALVANIZADO | D7: M²
A8: SINAPI | B8: CÓDIGO | C8: DESCRIÇÃO | D8: UNID | E8: COEFICIENTE | F8: VALOR UNIT (R$) | G8: VALOR (R$)
A9: INSUMO | B9: 4417 | C9: SARRAFO DE MADEIRA NAO APARELHADA *2,5 X 7* CM, MACARANDUBA, ANGELIM OU EQUIVALENTE DA REGIAO | D9: M | E9: 1,0000000 | F9: 4.1 | G9: =F9*E9 -> 4.1
A10: INSUMO | B10: 4491 | C10: PONTALETE DE MADEIRA NAO APARELHADA *7,5 X 7,5* CM (3 X 3 ") PINUS, MISTA OU EQUIVALENTE DA REGIAO | D10: M | E10: 4,0000000 | F10: 8.14 | G10: =F10*E10 -> 32.56
A11: INSUMO | B11: 4813 | C11: PLACA DE OBRA (PARA CONSTRUCAO CIVIL) EM CHAPA GALVANIZADA *N. 22*, DE *2,0 X 1,125* M | D11: M2 | E11: 1,0000000 | F11: 225 | G11: =F11*E11 -> 225
A12: INSUMO | B12: 5075 | C12: PREGO DE ACO POLIDO COM CABECA 18 X 30 (2 3/4 X 10) | D12: KG | E12: 0,1100000 | F12: 18.31 | G12: =F12*E12 -> 2.0141
A13: COMPOSICAO | B13: 88262 | C13: CARPINTEIRO DE FORMAS COM ENCARGOS COMPLEMENTARES | D13: H | E13: 1,0000000 | F13: 19.65 | G13: =F13*E13 -> 19.65
A14: COMPOSICAO | B14: 88316 | C14: SERVENTE COM ENCARGOS COMPLEMENTARES | D14: H | E14: 2,0000000 | F14: 15.65 | G14: =F14*E14 -> 31.3
A15: COMPOSICAO | B15: 94962 | C15: CONCRETO MAGRO PARA LASTRO, TRAÇO 1:4,5:4,5 (CIMENTO/ AREIA MÉDIA/ BRITA 1) - PREPARO MECÂNICO COM BETONEIRA 400 L. AF_07/2016 | D15: M3 | E15: 0,0100000 | F15: 302.63 | G15: =F15*E15 -> 3.0263
F16: TOTAL: | G16: =TRUNC(G14+G15+G13+G12+G11+G10+G9,2) -> 317.65
A18: COMPOSIÇÃO 002
A19: ADMINISTRAÇÃO DA OBRA | D19: MÊS
A20: SINAPI | B20: ITEM | C20: DESCRIÇÃO | E20: COEFICIENTE | F20: VALOR UNIT (R$) | G20: VALOR (R$)
A21: COMPOSICAO | B21: 90778 | C21: ENGENHEIRO CIVIL DE OBRA PLENO COM ENCARGOS COMPLEMENTARES | D21: H | E21: 8 | F21: 105.29 | G21: =F21*E21 -> 842.32
A22: COMPOSICAO | B22: 90776 | C22: ENCARREGADO GERAL COM ENCARGOS COMPLEMENTARES | D22: H | E22: 80 | F22: 23.11 | G22: =F22*E22 -> 1848.8
A23: COMPOSICAO | B23: 90781 | C23: TOPOGRAFO COM ENCARGOS COMPLEMENTARES | D23: H | E23: 16 | F23: 17.1 | G23: =F23*E23 -> 273.6
F24: TOTAL: | G24: =SUM(G21:G23) -> 2964.72
A26: COMPOSIÇÃO 003
A27: TAMPÃO FOFO ARTICULADO PARA CHAMINÉ DE POÇO DE VISITA | D27: UN
A28: SINAPI | B28: ITEM | C28: DESCRIÇÃO | E28: COEFICIENTE | F28: VALOR UNIT (R$) | G28: VALOR (R$)
A29: INSUMO | B29: 11301 | C29: TAMPAO FOFO ARTICULADO, CLASSE B125 CARGA MAX 12,5 T, REDONDO TAMPA 600 MM, REDE PLUVIAL/ESGOTO | D29: UNID | E29: 1 | F29: 660.46 | G29: =F29*E29 -> 660.46
A30: COMPOSICAO | B30: 88309 | C30: PEDREIRO COM ENCARGOS COMPLEMENTARES | D30: H | E30: 1.5 | F30: 19.86 | G30: =F30*E30 -> 29.79
A31: COMPOSICAO | B31: 88316 | C31: SERVENTE COM ENCARGOS COMPLEMENTARES | D31: H | E31: 1.5 | F31: 15.65 | G31: =F31*E31 -> 23.475
A32: COMPOSICAO | B32: 87316 | C32: ARGAMASSA TRAÇO 1:4 (EM VOLUME DE CIMENTO E AREIA GROSSA ÚMIDA) PARA CHAPISCO CONVENCIONAL, PREPARO MECÂNICO COM BETONEIRA 400 L. AF_08/2019 | D32: M³ | E32: 0.0075 | F32: 367.04 | G32: =F32*E32 -> 2.7528
F33: TOTAL: | G33: =SUM(G29:G30) -> 690.25
A35: RESPONSÁVEL TÉCNICO ORÇAMENTISTA | D35: OBSERVAÇÕES:
A39: JOÃO GUSTAVO FARIA DOS SANTOS JÚNIOR
A40: ENG. CIVIL - CREA Nº 5064045506

Sheet CRONOGRAMA
A1: Obra: | B1: =PLANILHA!B1 -> Construção de rede de drenagem pluvial
A2: Proprietário: | B2: =PLANILHA!B2 -> Prefeitura Municipal de Indiavaí
A3: Local: | B3: =PLANILHA!B3 -> Avenida Governador Jayme Campos
A4: Data: | B4: =DESCRIÇÃO!B4 -> 30 de julho de 2021
A5: CRONOGRAMA FÍSICO FINANCEIRO
A6: ITEM | B6: DESCRIÇÃO/ETAPA | C6: PERÍODO | E6: À EXECUTAR
E7: MÊS 01 | G7: MÊS 02 | I7: MÊS 03 | K7: TOTAL
C8: Valor (R$) | D8: % | E8: Valor (R$) | F8: % | G8: Valor (R$) | H8: % | I8: Valor (R$) | J8: % | K8: %
A9: =DESCRIÇÃO!A8 -> 1.0 | B9: =DESCRIÇÃO!B8 -> SERVIÇOS PRELIMINARES | C9: =DESCRIÇÃO!F8 -> #REF! | D9: =(C9/$C$13)*100 -> #REF! | E9: =C9*(F9/100) -> #REF! | F9: 100 | G9: =C9*(H9/100) -> #REF! | H9: 0 | I9: =C9*(J9/100) -> #REF! | J9: 0 | K9: =F9+H9+J9 -> 100
A10: =DESCRIÇÃO!A9 -> 2.0 | B10: =DESCRIÇÃO!B9 -> MOVIMENTAÇÃO DE TERRA | C10: =DESCRIÇÃO!F9 -> 111628.34 | D10: =(C10/$C$13)*100 -> #REF! | E10: =C10*(F10/100) -> 0 | F10: 0 | G10: =C10*(H10/100) -> 111628.34 | H10: 100 | I10: =C10*(J10/100) -> 0 | J10: 0 | K10: =F10+H10+J10 -> 100
A11: =DESCRIÇÃO!A10 -> 3.0 | B11: =DESCRIÇÃO!B10 -> REDE DE DRENAGEM | C11: =DESCRIÇÃO!F10 -> #REF! | D11: =(C11/$C$13)*100 -> #REF! | E11: =C11*(F11/100) -> #REF! | F11: 0 | G11: =C11*(H11/100) -> #REF! | H11: 100 | I11: =C11*(J11/100) -> #REF! | J11: 0 | K11: =F11+H11+J11 -> 100
A12: =DESCRIÇÃO!A11 -> 4.0 | B12: =DESCRIÇÃO!B11 -> TRANSPORTE | C12: =DESCRIÇÃO!F11 -> 8585.1134 | D12: =(C12/$C$13)*100 -> #REF! | E12: =C12*(F12/100) -> 0 | F12: 0 | G12: =C12*(H12/100) -> 0 | H12: 0 | I12: =C12*(J12/100) -> 8585.1134 | J12: 100 | K12: =F12+H12+J12 -> 100
B13: VALOR TOTAL | C13: =SUM(C9:C12) -> #REF! | D13: =SUM(D9:D12) -> #REF! | E13: =SUM(E9:E12) -> #REF! | F13: =(E13/C13)*100 -> #REF! | G13: =SUM(G9:G12) -> #REF! | H13: =(G13/C13)*100 -> #REF! | I13: =SUM(I9:I12) -> #REF! | J13: =(I13/C13)*100 -> #REF! | K13: =H13+F13+J13 -> #REF!
B14: VALOR ACUMULADO | E14: =SUM(E9:E13)/2 -> #REF! | F14: =F13 -> #REF! | G14: =E13+G13 -> #REF! | H14: =H13+F14 -> #REF! | I14: =G14+I13 -> #REF! | J14: =J13+H14 -> #REF!
A15: RESPONSÁVEL TÉCNICO ORÇAMENTISTA | D15: CONTRATANTE | G15: OBSERVAÇÕES:
A19: JOÃO GUSTAVO FARIA DOS SANTOS JÚNIOR | D19: PREFEITURA MUNICIPAL DE INDIAVAÍ
A20: ENG. CIVIL - CREA Nº 5064045506 | D20: PREFEITO MUNICIPAL

Sheet PLANILHA ORÇAMENTÁRIA
A1: Obra: | B1: REFORMA DE PISTA DE ATLETISMO | G1: BASE DE PREÇOS
A2: Proprietário: | B2: Prefeitura Municipal de São José dos Quatro Marcos
A3: Local: | B3: ZONA URBANA | G3: Não desonerado | I3: BDI - SERVIÇOS
A4: Data: | B4: =TODAY() -> 45936 | G4: SINAPI 04/2025 | I4: =BDI!D21 -> 0.2624
A5: PLANILHA ORÇAMENTÁRIA
A6: BASE DE PREÇO | B6: Item | C6: Código | D6: Descrição | E6: Unid. | F6: Quant. | G6: Preço unitário (R$) | H6: Preço unitário BDI (R$) | I6: Valor final (R$)
B7: 1.0 | D7: ADMINISTRAÇÃO DE OBRA | I7: =I8 -> 16846.68
A8: COMP. PRÓPRIA | B8: 1.1 | C8: COMP.001 | D8: ADMINISTRAÇÃO LOCAL DE OBRA | E8: unid | F8: 1 | G8: ='COMPOSIÇÕES E COTAÇÕES'!G14 -> 13344.96 | H8: =ROUND(G8+(G8*$I$4),2) -> 16846.68 | I8: =TRUNC(H8*F8,2) -> 16846.68
B9: 2.0 | D9: SERVIÇOS PRELIMINARES | I9: =SUM(I11:I22) -> 9282.4871
D10: PLACA DE OBRA - DIMENSÃO 3,6 M X 1,8 M
A11: SINAPI - SERVIÇO | B11: 2.1 | C11: 103689 | D11: =VLOOKUP(C11,SINAPI!A:D,2,0) -> FORNECIMENTO E INSTALAÇÃO DE PLACA DE OBRA COM CHAPA GALVANIZADA E ESTRUTURA DE MADEIRA. AF_03/2022_PS | E11: =VLOOKUP(C11,SINAPI!A:D,3,0) -> M2 | F11: 6.48 | G11: =VLOOKUP(C11,SINAPI!A:D,4,0) -> 463.63 | H11: =ROUND(G11+(G11*$I$4),2) -> 585.29 | I11: =ROUND(H11*F11,2) -> 3792.68
D12: DEMOLIÇÕES, RETIRADAS E ADEQUAÇÕES
A13: SINAPI - SERVIÇO | B13: 2.2 | C13: 97622 | D13: =VLOOKUP(C13,SINAPI!A:D,2,0) -> DEMOLIÇÃO DE ALVENARIA DE BLOCO FURADO, DE FORMA MANUAL, SEM REAPROVEITAMENTO. AF_09/2023 | E13: =VLOOKUP(C13,SINAPI!A:D,3,0) -> M3 | F13: 6.93 | G13: =VLOOKUP(C13,SINAPI!A:D,4,0) -> 55.82 | H13: =ROUND(G13+(G13*$I$4),2) -> 70.47 | I13: =(H13*F13) -> 488.3571
A14: SINAPI - SERVIÇO | B14: 2.3 | C14: 97634 | D14: =VLOOKUP(C14,SINAPI!A:D,2,0) -> DEMOLIÇÃO DE REVESTIMENTO CERÂMICO, DE FORMA MECANIZADA COM MARTELETE, SEM REAPROVEITAMENTO. AF_09/2023 | E14: =VLOOKUP(C14,SINAPI!A:D,3,0) -> M2 | F14: 93.4 | G14: =VLOOKUP(C14,SINAPI!A:D,4,0) -> 6.26 | H14: =ROUND(G14+(G14*$I$4),2) -> 7.9 | I14: =TRUNC(H14*F14,2) -> 737.86
A15: SINAPI - SERVIÇO | B15: 2.4 | C15: 97663 | D15: =VLOOKUP(C15,SINAPI!A:D,2,0) -> REMOÇÃO DE LOUÇAS, DE FORMA MANUAL, SEM REAPROVEITAMENTO. AF_09/2023 | E15: =VLOOKUP(C15,SINAPI!A:D,3,0) -> UN | F15: 6 | G15: =VLOOKUP(C15,SINAPI!A:D,4,0) -> 12.49 | H15: =ROUND(G15+(G15*$I$4),2) -> 15.77 | I15: =TRUNC(H15*F15,2) -> 94.62
A16: SINAPI - SERVIÇO | B16: 2.5 | C16: 97666 | D16: =VLOOKUP(C16,SINAPI!A:D,2,0) -> REMOÇÃO DE METAIS SANITÁRIOS, DE FORMA MANUAL, SEM REAPROVEITAMENTO. AF_09/2023 | E16: =VLOOKUP(C16,SINAPI!A:D,3,0) -> UN | F16: 4 | G16: =VLOOKUP(C16,SINAPI!A:D,4,0) -> 9.1 | H16: =ROUND(G16+(G16*$I$4),2) -> 11.49 | I16: =TRUNC(H16*F16,2) -> 45.96
A17: SINAPI - SERVIÇO | B17: 2.6 | C17: 97645 | D17: =VLOOKUP(C17,SINAPI!A:D,2,0) -> REMOÇÃO DE JANELAS, DE FORMA MANUAL, SEM REAPROVEITAMENTO. AF_09/2023 | E17: =VLOOKUP(C17,SINAPI!A:D,3,0) -> M2 | F17: 1.5 | G17: =VLOOKUP(C17,SINAPI!A:D,4,0) -> 24.21 | H17: =ROUND(G17+(G17*$I$4),2) -> 30.56 | I17: =TRUNC(H17*F17,2) -> 45.84
A18: SINAPI - SERVIÇO | B18: 2.7 | C18: 97644 | D18: =VLOOKUP(C18,SINAPI!A:D,2,0) -> REMOÇÃO DE PORTAS, DE FORMA MANUAL, SEM REAPROVEITAMENTO. AF_09/2023 | E18: =VLOOKUP(C18,SINAPI!A:D,3,0) -> M2 | F18: 11.76 | G18: =VLOOKUP(C18,SINAPI!A:D,4,0) -> 9.36 | H18: =ROUND(G18+(G18*$I$4),2) -> 11.82 | I18: =TRUNC(H18*F18,2) -> 139
D19: CONSTRUÇÕES DE ALVENARIA - FECHAMENTOS E DIVISÕES
A20: SINAPI - SERVIÇO | B20: 2.8 | C20: 103324 | D20: =VLOOKUP(C20,SINAPI!A:D,2,0) -> ALVENARIA DE VEDAÇÃO DE BLOCOS CERÂMICOS FURADOS NA VERTICAL DE 14X19X39 CM (ESPESSURA 14 CM) E ARGAMASSA DE ASSENTAMENTO COM PREPARO EM BETONEIRA. AF_12/2021 | E20: =VLOOKUP(C20,SINAPI!A:D,3,0) -> M2 | F20: 16.95 | G20: =VLOOKUP(C20,SINAPI!A:D,4,0) -> 86.17 | H20: =ROUND(G20+(G20*$I$4),2) -> 108.78 | I20: =ROUND(H20*F20,2) -> 1843.82
A21: SINAPI - SERVIÇO | B21: 2.9 | C21: 87893 | D21: =VLOOKUP(C21,SINAPI!A:D,2,0) -> CHAPISCO APLICADO EM ALVENARIA (SEM PRESENÇA DE VÃOS) E ESTRUTURAS DE CONCRETO DE FACHADA, COM COLHER DE PEDREIRO. ARGAMASSA TRAÇO 1:3 COM PREPARO MANUAL. AF_10/2022 | E21: =VLOOKUP(C21,SINAPI!A:D,3,0) -> M2 | F21: 33.9 | G21: =VLOOKUP(C21,SINAPI!A:D,4,0) -> 7.48 | H21: =ROUND(G21+(G21*$I$4),2) -> 9.44 | I21: =ROUND(H21*F21,2) -> 320.02
A22: SINAPI - SERVIÇO | B22: 2.10 | C22: 87792 | D22: =VLOOKUP(C22,SINAPI!A:D,2,0) -> EMBOÇO OU MASSA ÚNICA EM ARGAMASSA TRAÇO 1:2:8, PREPARO MECÂNICO COM BETONEIRA 400 L, APLICADA MANUALMENTE EM PANOS CEGOS DE FACHADA (SEM PRESENÇA DE VÃOS), ESPESSURA DE 25 MM. AF_08/2022 | E22: =VLOOKUP(C22,SINAPI!A:D,3,0) -> M2 | F22: 33.9 | G22: =VLOOKUP(C22,SINAPI!A:D,4,0) -> 41.46 | H22: =ROUND(G22+(G22*$I$4),2) -> 52.34 | I22: =ROUND(H22*F22,2) -> 1774.33
B23: 3.0 | D23: ESTRUTURA DE CONCRETO ARMADO | I23: =SUM(I24:I27) -> 18104.32
D24: MURETA EM CONCRETO PARA CAIXA DE AREIA - QUADRAS E FUNDAÇÃO DE PILARES METÁLICO DE QUADRA
A25: SINAPI - SERVIÇO | B25: 3.1 | C25: 96527 | D25: =VLOOKUP(C25,SINAPI!A:D,2,0) -> ESCAVAÇÃO MANUAL PARA VIGA BALDRAME OU SAPATA CORRIDA (INCLUINDO ESCAVAÇÃO PARA COLOCAÇÃO DE FÔRMAS). AF_01/2024 | E25: =VLOOKUP(C25,SINAPI!A:D,3,0) -> M3 | F25: 3.87 | G25: =VLOOKUP(C25,SINAPI!A:D,4,0) -> 100.91 | H25: =ROUND(G25+(G25*$I$4),2) -> 127.39 | I25: =ROUND(H25*F25,2) -> 493
A26: SINAPI - SERVIÇO | B26: 3.2 | C26: 96536 | D26: =VLOOKUP(C26,SINAPI!A:D,2,0) -> FABRICAÇÃO, MONTAGEM E DESMONTAGEM DE FÔRMA PARA VIGA BALDRAME, EM MADEIRA SERRADA, E=25 MM, 4 UTILIZAÇÕES. AF_01/2024 | E26: =VLOOKUP(C26,SINAPI!A:D,3,0) -> M2 | F26: 103.2 | G26: =VLOOKUP(C26,SINAPI!A:D,4,0) -> 73.3 | H26: =ROUND(G26+(G26*$I$4),2) -> 92.53 | I26: =ROUND(H26*F26,2) -> 9549.1
A27: COMP. PRÓPRIA | B27: 3.3 | C27: COMP. 002 | D27: CONCRETAGEM DE BLOCOS DE COROAMENTO E VIGAS BALDRAMES, FCK 25 MPA, COM USO DE BOMBA - LANÇAMENTO, ADENSAMENTO E ACABAMENTO. | E27: m³ | F27: 7.74 | G27: ='COMPOSIÇÕES E COTAÇÕES'!G25 -> 825.12 | H27: =ROUND(G27+(G27*$I$4),2) -> 1041.63 | I27: =ROUND(H27*F27,2) -> 8062.22
B28: 4.0 | D28: ESQUADRIAS | I28: =SUM(I29:I40) -> 42447.3
D29: PORTÕES QUADRAS
A30: SINAPI - SERVIÇO | B30: 4.1 | C30: COMP. 003 | D30: Portão em tubo de ferro galvanizado de 2", de abrir, tela malha revestida 76 x 76mm, n.º 12, inclusive dobradiças e trancas/ferrolho - Rev 01_01/2022 | E30: m² | F30: 10.08 | G30: ='COMPOSIÇÕES E COTAÇÕES'!G52 -> 700 | H30: =ROUND(G30+(G30*$I$4),2) -> 883.68 | I30: =ROUND(H30*F30,2) -> 8907.49
D31: VERGAS E CONTRAVERGAS
A32: SINAPI - SERVIÇO | B32: 4.2 | C32: 93187 | D32: =VLOOKUP(C32,SINAPI!A:D,2,0) -> VERGA MOLDADA IN LOCO EM CONCRETO, ESPESSURA DE *20* CM. AF_03/2024 | E32: =VLOOKUP(C32,SINAPI!A:D,3,0) -> M | F32: 31.36 | G32: =VLOOKUP(C32,SINAPI!A:D,4,0) -> 77.11 | H32: =ROUND(G32+(G32*$I$4),2) -> 97.34 | I32: =ROUND(H32*F32,2) -> 3052.58
A33: SINAPI - SERVIÇO | B33: 4.3 | C33: 93197 | D33: =VLOOKUP(C33,SINAPI!A:D,2,0) -> CONTRAVERGA MOLDADA IN LOCO EM CONCRETO, ESPESSURA DE *20* CM. AF_03/2024 | E33: =VLOOKUP(C33,SINAPI!A:D,3,0) -> M | F33: 26.88 | G33: =VLOOKUP(C33,SINAPI!A:D,4,0) -> 58.9 | H33: =ROUND(G33+(G33*$I$4),2) -> 74.36 | I33: =ROUND(H33*F33,2) -> 1998.8
D34: PORTAS DE ACESSO A VESTIÁRIOS E DEPÓSITO
A35: SINAPI - SERVIÇO | B35: 4.5 | C35: 90845 | D35: =VLOOKUP(C35,SINAPI!A:D,2,0) -> KIT DE PORTA DE MADEIRA PARA PINTURA, SEMI-OCA (PESADA OU SUPERPESADA), PADRÃO MÉDIO, 80X210CM, ESPESSURA DE 3,5CM, ITENS INCLUSOS: DOBRADIÇAS, MONTAGEM E INSTALAÇÃO DO BATENTE, FECHADURA COM EXECUÇÃO DO FURO - FORNECIMENTO E INSTALAÇÃO. AF_12/2019 | E35: =VLOOKUP(C35,SINAPI!A:D,3,0) -> UN | F35: 4 | G35: =VLOOKUP(C35,SINAPI!A:D,4,0) -> 1381.46 | H35: =ROUND(G35+(G35*$I$4),2) -> 1743.96 | I35: =ROUND(H35*F35,2) -> 6975.84
D36: PORTAS INTERNAS DE VESTIÁRIOS
A37: SINAPI - SERVIÇO | B37: 4.6 | C37: 91338 | D37: =VLOOKUP(C37,SINAPI!A:D,2,0) -> PORTA DE ALUMÍNIO DE ABRIR COM LAMBRI, COM GUARNIÇÃO, FIXAÇÃO COM PARAFUSOS - FORNECIMENTO E INSTALAÇÃO. AF_12/2019 | E37: =VLOOKUP(C37,SINAPI!A:D,3,0) -> M2 | F37: 11.2 | G37: =VLOOKUP(C37,SINAPI!A:D,4,0) -> 884.1 | H37: =ROUND(G37+(G37*$I$4),2) -> 1116.09 | I37: =ROUND(H37*F37,2) -> 12500.21
D38: JANELAS
A39: SINAPI - SERVIÇO | B39: 4.7 | C39: 94569 | D39: =VLOOKUP(C39,SINAPI!A:D,2,0) -> JANELA DE ALUMÍNIO TIPO MAXIM-AR, BATENTE/ REQUADRO 3 A 14 CM, VIDRO INCLUSO, FIXAÇÃO COM PARAFUSO, SEM GUARNIÇÃO/ ALIZAR, DIMENSÕES 60X80 (A X L) CM, SEM ACABAMENTO, VEDAÇÃO COM SILICONE, EXCLUSIVE CONTRAMARCO - FORNECIMENTO E INSTALAÇÃO. AF_11/2024 | E39: =VLOOKUP(C39,SINAPI!A:D,3,0) -> M2 | F39: 8.64 | G39: =VLOOKUP(C39,SINAPI!A:D,4,0) -> 689.6 | H39: =ROUND(G39+(G39*$I$4),2) -> 870.55 | I39: =ROUND(H39*F39,2) -> 7521.55
A40: SINAPI - SERVIÇO | B40: 4.8 | C40: 94590 | D40: =VLOOKUP(C40,SINAPI!A:D,2,0) -> CONTRAMARCO DE ALUMÍNIO, FIXAÇÃO COM PARAFUSO - FORNECIMENTO E INSTALAÇÃO. AF_11/2024 | E40: =VLOOKUP(C40,SINAPI!A:D,3,0) -> M | F40: 43.2 | G40: =VLOOKUP(C40,SINAPI!A:D,4,0) -> 27.34 | H40: =ROUND(G40+(G40*$I$4),2) -> 34.51 | I40: =ROUND(H40*F40,2) -> 1490.83
B41: 5.0 | D41: PISOS | I41: =SUM(I43:I51) -> 82900.62
D42: QUADRA DE AREIA
A43: SINAPI - SERVIÇO | B43: 5.1 | C43: 94342 | D43: =VLOOKUP(C43,SINAPI!A:D,2,0) -> ATERRO MANUAL DE VALAS COM AREIA PARA ATERRO. AF_08/2023 | E43: =VLOOKUP(C43,SINAPI!A:D,3,0) -> M3 | F43: 231 | G43: =VLOOKUP(C43,SINAPI!A:D,4,0) -> 114.84 | H43: =ROUND(G43+(G43*$I$4),2) -> 144.97 | I43: =ROUND(H43*F43,2) -> 33488.07 | J43: PISO CERAMICO
D44: QUADRA DE BASQUETE
A45: SINAPI - SERVIÇO | B45: 5.2 | C45: 94990 | D45: =VLOOKUP(C45,SINAPI!A:D,2,0) -> EXECUÇÃO DE PASSEIO (CALÇADA) OU PISO DE CONCRETO COM CONCRETO MOLDADO IN LOCO, FEITO EM OBRA, ACABAMENTO CONVENCIONAL, NÃO ARMADO. AF_08/2022 | E45: =VLOOKUP(C45,SINAPI!A:D,3,0) -> M3 | F45: 15.12 | G45: =VLOOKUP(C45,SINAPI!A:D,4,0) -> 911.04 | H45: =ROUND(G45+(G45*$I$4),2) -> 1150.1 | I45: =ROUND(H45*F45,2) -> 17389.51 | J45: PISO CERAMICO
A46: SINAPI - SERVIÇO | B46: 5.3 | C46: 102488 | D46: =VLOOKUP(C46,SINAPI!A:D,2,0) -> PREPARO DO PISO CIMENTADO PARA PINTURA - LIXAMENTO E LIMPEZA. AF_05/2021 | E46: =VLOOKUP(C46,SINAPI!A:D,3,0) -> M2 | F46: 252 | G46: =VLOOKUP(C46,SINAPI!A:D,4,0) -> 3.46 | H46: =ROUND(G46+(G46*$I$4),2) -> 4.37 | I46: =ROUND(H46*F46,2) -> 1101.24 | J46: PISO CERAMICO
D47: BLOCO DO VESTIÁRIO
A48: SINAPI - SERVIÇO | B48: 5.4 | C48: 88477 | D48: =VLOOKUP(C48,SINAPI!A:D,2,0) -> CONTRAPISO COM ARGAMASSA AUTONIVELANTE, APLICADO SOBRE LAJE, ADERIDO, ESPESSURA 3CM. AF_07/2021 | E48: =VLOOKUP(C48,SINAPI!A:D,3,0) -> M2 | F48: 93.4 | G48: =VLOOKUP(C48,SINAPI!A:D,4,0) -> 39.03 | H48: =ROUND(G48+(G48*$I$4),2) -> 49.27 | I48: =ROUND(H48*F48,2) -> 4601.82 | J48: PISO CERAMICO
A49: SINAPI - SERVIÇO | B49: 5.5 | C49: 87257 | D49: =VLOOKUP(C49,SINAPI!A:D,2,0) -> REVESTIMENTO CERÂMICO PARA PISO COM PLACAS TIPO ESMALTADA DE DIMENSÕES 60X60 CM APLICADA EM AMBIENTES DE ÁREA MAIOR QUE 10 M2. AF_02/2023_PE | E49: =VLOOKUP(C49,SINAPI!A:D,3,0) -> M2 | F49: 93.4 | G49: =VLOOKUP(C49,SINAPI!A:D,4,0) -> 73.4 | H49: =ROUND(G49+(G49*$I$4),2) -> 92.66 | I49: =ROUND(H49*F49,2) -> 8654.44 | J49: PISO CERAMICO
D50: PISTA DE SKATE
A51: SINAPI - SERVIÇO | B51: 5.6 | C51: 94990 | D51: =VLOOKUP(C51,SINAPI!A:D,2,0) -> EXECUÇÃO DE PASSEIO (CALÇADA) OU PISO DE CONCRETO COM CONCRETO MOLDADO IN LOCO, FEITO EM OBRA, ACABAMENTO CONVENCIONAL, NÃO ARMADO. AF_08/2022 | E51: =VLOOKUP(C51,SINAPI!A:D,3,0) -> M3 | F51: 15.36 | G51: =VLOOKUP(C51,SINAPI!A:D,4,0) -> 911.04 | H51: =ROUND(G51+(G51*$I$4),2) -> 1150.1 | I51: =ROUND(H51*F51,2) -> 17665.54 | J51: PISO CERAMICO
B52: 6.0 | D52: PINTURAS E REVESTIMENTOS | I52: =SUM(I54:I59) -> 26921.27
D53: PINTURA BLOCO DO VESTIÁRIO
A54: SINAPI - SERVIÇO | B54: 6.1 | C54: 88485 | D54: =VLOOKUP(C54,SINAPI!A:D,2,0) -> FUNDO SELADOR ACRÍLICO, APLICAÇÃO MANUAL EM PAREDE, UMA DEMÃO. AF_04/2023 | E54: =VLOOKUP(C54,SINAPI!A:D,3,0) -> M2 | F54: 270.28 | G54: =VLOOKUP(C54,SINAPI!A:D,4,0) -> 3.46 | H54: =ROUND(G54+(G54*$I$4),2) -> 4.37 | I54: =ROUND(H54*F54,2) -> 1181.12 | J54: PISO CERAMICO
A55: SINAPI - SERVIÇO | B55: 6.2 | C55: 88489 | D55: =VLOOKUP(C55,SINAPI!A:D,2,0) -> PINTURA LÁTEX ACRÍLICA PREMIUM, APLICAÇÃO MANUAL EM PAREDES, DUAS DEMÃOS. AF_04/2023 | E55: =VLOOKUP(C55,SINAPI!A:D,3,0) -> M2 | F55: 270.28 | G55: =VLOOKUP(C55,SINAPI!A:D,4,0) -> 12.66 | H55: =ROUND(G55+(G55*$I$4),2) -> 15.98 | I55: =ROUND(H55*F55,2) -> 4319.07 | J55: PISO CERAMICO
D56: REVESTIMENTOS VESTIÁRIOS
A57: SINAPI - SERVIÇO | B57: 6.3 | C57: 104611 | D57: =VLOOKUP(C57,SINAPI!A:D,2,0) -> REVESTIMENTO CERÂMICO PARA PAREDES INTERNAS COM PLACAS TIPO ESMALTADA DE DIMENSÕES 60X60 CM APLICADAS NA ALTURA INTEIRA DAS PAREDES. AF_02/2023_PE | E57: =VLOOKUP(C57,SINAPI!A:D,3,0) -> M2 | F57: 101.52 | G57: =VLOOKUP(C57,SINAPI!A:D,4,0) -> 103.77 | H57: =ROUND(G57+(G57*$I$4),2) -> 131 | I57: =ROUND(H57*F57,2) -> 13299.12 | J57: PISO CERAMICO
D58: QUADRA DE BASQUETE
A59: SINAPI - SERVIÇO | B59: 6.4 | C59: 102492 | D59: =VLOOKUP(C59,SINAPI!A:D,2,0) -> PINTURA DE PISO COM TINTA ACRÍLICA, APLICAÇÃO MANUAL, 3 DEMÃOS, INCLUSO FUNDO PREPARADOR. AF_05/2021 | E59: =VLOOKUP(C59,SINAPI!A:D,3,0) -> M2 | F59: 252 | G59: =VLOOKUP(C59,SINAPI!A:D,4,0) -> 25.53 | H59: =ROUND(G59+(G59*$I$4),2) -> 32.23 | I59: =ROUND(H59*F59,2) -> 8121.96 | J59: PISO CERAMICO
B60: 7.0 | D60: COBERTURAS | I60: =SUM(I62) -> 8492.86
D61: FORRO BLOCO DOS VESTIÁRIOS
A62: SINAPI - SERVIÇO | B62: 7.1 | C62: 96486 | D62: =VLOOKUP(C62,SINAPI!A:D,2,0) -> FORRO EM RÉGUAS DE PVC, LISO, PARA AMBIENTES COMERCIAIS, INCLUSIVE ESTRUTURA BIDIRECIONAL DE FIXAÇÃO. AF_08/2023_PS | E62: =VLOOKUP(C62,SINAPI!A:D,3,0) -> M2 | F62: 93.4 | G62: =VLOOKUP(C62,SINAPI!A:D,4,0) -> 72.03 | H62: =ROUND(G62+(G62*$I$4),2) -> 90.93 | I62: =ROUND(H62*F62,2) -> 8492.86 | J62: PISO CERAMICO
B63: 8.0 | D63: FECHAMENTO E EQUIPAMENTOS | I63: =SUM(I65:I79) -> 77750.14
D64: REDES E SUPORTE - QUADRAS
A65: SINAPI - SERVIÇO | B65: 8.1 | C65: 105098 | D65: =VLOOKUP(C65,SINAPI!A:D,2,0) -> PILAR DE MADEIRA ROLIÇA, EUCALIPTO OU EQUIVALENTE DA REGIÃO, FIXADO COM VERGALHÃO, DIÂMETRO DE 16 A 20 CM, APOIO ARTICULADO, COMPRIMENTO DE 6 M. AF_03/2024 | E65: =VLOOKUP(C65,SINAPI!A:D,3,0) -> M | F65: 156 | G65: =VLOOKUP(C65,SINAPI!A:D,4,0) -> 100.55 | H65: =ROUND(G65+(G65*$I$4),2) -> 126.93 | I65: =ROUND(H65*F65,2) -> 19801.08
A66: COTAÇÃO | B66: 8.2 | C66: COMP. 004 | D66: REDE DE PROTEÇÃO ESPORTIVA FIO 2MM, MALHA 4CMX4CM, COR PRETA | E66: M² | F66: 860 | G66: 11.99 | H66: =ROUND(G66+(G66*$I$4),2) -> 15.14 | I66: =ROUND(H66*F66,2) -> 13020.4
D67: REDES E SUPORTE - CAMPO SOCIETY
A68: SINAPI - SERVIÇO | B68: 8.3 | C68: COMP. 013 | D68: PILAR METÁLICO PERFIL LAMINADO OU SOLDADO EM AÇO ESTRUTURAL, COM CONEXÕES SOLDADAS, INCLUSOS MÃO DE OBRA, TRANSPORTE E IÇAMENTO UTILIZANDO GUINDASTE - FORNECIMENTO E INSTALAÇÃO. AF_01/2020_PA | E68: KG | F68: 1023.12 | G68: 14.07 | H68: =ROUND(G68+(G68*$I$4),2) -> 17.76 | I68: =ROUND(H68*F68,2) -> 18170.61
A69: SINAPI - SERVIÇO | B69: 8.4 | C69: 92337 | D69: =VLOOKUP(C69,SINAPI!A:D,2,0) -> TUBO DE AÇO GALVANIZADO COM COSTURA, CLASSE MÉDIA, CONEXÃO RANHURADA, DN 80 (3"), INSTALADO EM PRUMADAS - FORNECIMENTO E INSTALAÇÃO. AF_10/2020 | E69: =VLOOKUP(C69,SINAPI!A:D,3,0) -> M | F69: 36 | G69: =VLOOKUP(C69,SINAPI!A:D,4,0) -> 147.8 | H69: =ROUND(G69+(G69*$I$4),2) -> 186.58 | I69: =ROUND(H69*F69,2) -> 6716.88
A70: COTAÇÃO | B70: 8.5 | C70: COMP. 011 | D70: REDE DE PROTEÇÃO ESPORTIVA FIO 4MM, MALHA 12CMX12CM, COR PRETA | E70: M² | F70: 3 | G70: ='COMPOSIÇÕES E COTAÇÕES'!G114 -> 13.53 | H70: =ROUND(G70+(G70*$I$4),2) -> 17.08 | I70: =ROUND(H70*F70,2) -> 51.24
A71: COTAÇÃO | B71: 8.6 | C71: COMP. 012 | D71: ARAME / CABO DE AÇO - FORNECIMENTO E INSTALAÇÃO | E71: M | F71: 217.1 | G71: 11.15 | H71: =ROUND(G71+(G71*$I$4),2) -> 14.08 | I71: =ROUND(H71*F71,2) -> 3056.77
D72: EQUIPAMENTOS DE VÔLEI
A73: ORSE - SERVIÇO | B73: 8.7 | C73: COMP. 005 | D73: Poste oficial para volei em aço galvanizado d=3", c/esticador e catraca | E73: UNID | F73: 3 | G73: ='COMPOSIÇÕES E COTAÇÕES'!G68 -> 1529.9 | H73: =ROUND(G73+(G73*$I$4),2) -> 1931.35 | I73: =ROUND(H73*F73,2) -> 5794.05
A74: ORSE - SERVIÇO | B74: 8.8 | C74: COMP. 006 | D74: Rede para volei profissional, em nylon e com medidor de altura - premium | E74: UNID | F74: 3 | G74: 247.36 | H74: =ROUND(G74+(G74*$I$4),2) -> 312.27 | I74: =ROUND(H74*F74,2) -> 936.81
A75: COTAÇÃO | B75: 8.9 | C75: COMP. 007 | D75: FITA DE DEMARCAÇÃO DE AREIA PARA VÔLEI DE PRAIA | E75: UNID | F75: 3 | G75: ='COMPOSIÇÕES E COTAÇÕES'!G81 -> 190.48 | H75: =ROUND(G75+(G75*$I$4),2) -> 240.46 | I75: =ROUND(H75*F75,2) -> 721.38
D76: EQUIPAMENTOS CAMPO SOCIETY
A77: ORSE - SERVIÇO | B77: 8.10 | C77: COMP. 008 | D77: PAR DE TRAVES DE FUTEBOL SOCIETY 5M X 2,2M, TUBO D=8MM COM REDE E REQUADRO. | E77: UNID | F77: 1 | G77: ='COMPOSIÇÕES E COTAÇÕES'!G89 -> 5325.4 | H77: =ROUND(G77+(G77*$I$4),2) -> 6722.78 | I77: =ROUND(H77*F77,2) -> 6722.78
D78: EQUIPAMENTOS BASQUETE 3X3
A79: ORSE - SERVIÇO | B79: 8.11 | C79: 103769 | D79: =VLOOKUP(C79,SINAPI!A:D,2,0) -> PAR DE TABELAS DE BASQUETE DE COMPENSADO NAVAL, COM AROS E REDES - FORNECIMENTO E INSTALAÇÃO. AF_03/2022 | E79: =VLOOKUP(C79,SINAPI!A:D,3,0) -> UN | F79: 0.5 | G79: =VLOOKUP(C79,SINAPI!A:D,4,0) -> 4369.67 | H79: =ROUND(G79+(G79*$I$4),2) -> 5516.27 | I79: =ROUND(H79*F79,2) -> 2758.14
B80: 9.0 | D80: INSTALAÇÕES HIDROSSANITÁRIAS | I80: =SUM(I81:I117) -> 25352.63
D81: ÁGUA FRIA
A82: SINAPI - SERVIÇO | B82: 9.1 | C82: 102607 | D82: =VLOOKUP(C82,SINAPI!A:D,2,0) -> CAIXA D´ÁGUA EM POLIETILENO, 1000 LITROS - FORNECIMENTO E INSTALAÇÃO. AF_06/2021 | E82: =VLOOKUP(C82,SINAPI!A:D,3,0) -> UN | F82: 2 | G82: =VLOOKUP(C82,SINAPI!A:D,4,0) -> 479.71 | H82: =ROUND(G82+(G82*$I$4),2) -> 605.59 | I82: =ROUND(H82*F82,2) -> 1211.18
A83: SINAPI - SERVIÇO | B83: 9.2 | C83: 94796 | D83: =VLOOKUP(C83,SINAPI!A:D,2,0) -> TORNEIRA DE BOIA PARA CAIXA D'ÁGUA, ROSCÁVEL, 3/4" - FORNECIMENTO E INSTALAÇÃO. AF_08/2021 | E83: =VLOOKUP(C83,SINAPI!A:D,3,0) -> UN | F83: 2 | G83: =VLOOKUP(C83,SINAPI!A:D,4,0) -> 39.76 | H83: =ROUND(G83+(G83*$I$4),2) -> 50.19 | I83: =ROUND(H83*F83,2) -> 100.38
A84: SINAPI - SERVIÇO | B84: 9.3 | C84: 94783 | D84: =VLOOKUP(C84,SINAPI!A:D,2,0) -> ADAPTADOR COM FLANGE E ANEL DE VEDAÇÃO, PVC, SOLDÁVEL, DN 20 MM X 1/2", INSTALADO EM RESERVAÇÃO PREDIAL DE ÁGUA - FORNECIMENTO E INSTALAÇÃO. AF_04/2024 | E84: =VLOOKUP(C84,SINAPI!A:D,3,0) -> UN | F84: 2 | G84: =VLOOKUP(C84,SINAPI!A:D,4,0) -> 17.59 | H84: =ROUND(G84+(G84*$I$4),2) -> 22.21 | I84: =ROUND(H84*F84,2) -> 44.42
A85: SINAPI - SERVIÇO | B85: 9.4 | C85: 89985 | D85: =VLOOKUP(C85,SINAPI!A:D,2,0) -> REGISTRO DE PRESSÃO BRUTO, LATÃO, ROSCÁVEL, 3/4", COM ACABAMENTO E CANOPLA CROMADOS - FORNECIMENTO E INSTALAÇÃO. AF_08/2021 | E85: =VLOOKUP(C85,SINAPI!A:D,3,0) -> UN | F85: 12 | G85: =VLOOKUP(C85,SINAPI!A:D,4,0) -> 83.36 | H85: =ROUND(G85+(G85*$I$4),2) -> 105.23 | I85: =ROUND(H85*F85,2) -> 1262.76
A86: SINAPI - SERVIÇO | B86: 9.5 | C86: 89987 | D86: =VLOOKUP(C86,SINAPI!A:D,2,0) -> REGISTRO DE GAVETA BRUTO, LATÃO, ROSCÁVEL, 3/4", COM ACABAMENTO E CANOPLA CROMADOS - FORNECIMENTO E INSTALAÇÃO. AF_08/2021 | E86: =VLOOKUP(C86,SINAPI!A:D,3,0) -> UN | F86: 6 | G86: =VLOOKUP(C86,SINAPI!A:D,4,0) -> 87.74 | H86: =ROUND(G86+(G86*$I$4),2) -> 110.76 | I86: =ROUND(H86*F86,2) -> 664.56
A87: SINAPI - SERVIÇO | B87: 9.6 | C87: 94656 | D87: =VLOOKUP(C87,SINAPI!A:D,2,0) -> ADAPTADOR CURTO COM BOLSA E ROSCA PARA REGISTRO, PVC, SOLDÁVEL, DN 25 MM X 3/4", INSTALADO EM RESERVAÇÃO PREDIAL DE ÁGUA - FORNECIMENTO E INSTALAÇÃO. AF_04/2024 | E87: =VLOOKUP(C87,SINAPI!A:D,3,0) -> UN | F87: 18 | G87: =VLOOKUP(C87,SINAPI!A:D,4,0) -> 3.36 | H87: =ROUND(G87+(G87*$I$4),2) -> 4.24 | I87: =ROUND(H87*F87,2) -> 76.32
A88: SINAPI - SERVIÇO | B88: 9.7 | C88: 89362 | D88: =VLOOKUP(C88,SINAPI!A:D,2,0) -> JOELHO 90 GRAUS, PVC, SOLDÁVEL, DN 25MM, INSTALADO EM RAMAL OU SUB-RAMAL DE ÁGUA - FORNECIMENTO E INSTALAÇÃO. AF_06/2022 | E88: =VLOOKUP(C88,SINAPI!A:D,3,0) -> UN | F88: 12 | G88: =VLOOKUP(C88,SINAPI!A:D,4,0) -> 9.35 | H88: =ROUND(G88+(G88*$I$4),2) -> 11.8 | I88: =ROUND(H88*F88,2) -> 141.6
A89: SINAPI - SERVIÇO | B89: 9.8 | C89: 90443 | D89: =VLOOKUP(C89,SINAPI!A:D,2,0) -> RASGO LINEAR MANUAL EM ALVENARIA, PARA RAMAIS/ DISTRIBUIÇÃO DE INSTALAÇÕES HIDRÁULICAS, DIÂMETROS MENORES OU IGUAIS A 40 MM. AF_09/2023 | E89: =VLOOKUP(C89,SINAPI!A:D,3,0) -> M | F89: 38.6 | G89: =VLOOKUP(C89,SINAPI!A:D,4,0) -> 7.62 | H89: =ROUND(G89+(G89*$I$4),2) -> 9.62 | I89: =ROUND(H89*F89,2) -> 371.33
A90: SINAPI - SERVIÇO | B90: 9.9 | C90: 89356 | D90: =VLOOKUP(C90,SINAPI!A:D,2,0) -> TUBO, PVC, SOLDÁVEL, DE 25MM, INSTALADO EM RAMAL OU SUB-RAMAL DE ÁGUA - FORNECIMENTO E INSTALAÇÃO. AF_06/2022 | E90: =VLOOKUP(C90,SINAPI!A:D,3,0) -> M | F90: 51.66 | G90: =VLOOKUP(C90,SINAPI!A:D,4,0) -> 22.72 | H90: =ROUND(G90+(G90*$I$4),2) -> 28.68 | I90: =ROUND(H90*F90,2) -> 1481.61
A91: SINAPI - SERVIÇO | B91: 9.10 | C91: 89395 | D91: =VLOOKUP(C91,SINAPI!A:D,2,0) -> TE, PVC, SOLDÁVEL, DN 25MM, INSTALADO EM RAMAL OU SUB-RAMAL DE ÁGUA - FORNECIMENTO E INSTALAÇÃO. AF_06/2022 | E91: =VLOOKUP(C91,SINAPI!A:D,3,0) -> UN | F91: 16 | G91: =VLOOKUP(C91,SINAPI!A:D,4,0) -> 12.9 | H91: =ROUND(G91+(G91*$I$4),2) -> 16.28 | I91: =ROUND(H91*F91,2) -> 260.48
A92: SINAPI - SERVIÇO | B92: 9.11 | C92: 89366 | D92: =VLOOKUP(C92,SINAPI!A:D,2,0) -> JOELHO 90 GRAUS COM BUCHA DE LATÃO, PVC, SOLDÁVEL, DN 25MM, X 3/4 INSTALADO EM RAMAL OU SUB-RAMAL DE ÁGUA - FORNECIMENTO E INSTALAÇÃO. AF_06/2022 | E92: =VLOOKUP(C92,SINAPI!A:D,3,0) -> UN | F92: 12 | G92: =VLOOKUP(C92,SINAPI!A:D,4,0) -> 15.69 | H92: =ROUND(G92+(G92*$I$4),2) -> 19.81 | I92: =ROUND(H92*F92,2) -> 237.72
A93: SINAPI - SERVIÇO | B93: 9.12 | C93: 90373 | D93: =VLOOKUP(C93,SINAPI!A:D,2,0) -> JOELHO 90 GRAUS COM BUCHA DE LATÃO, PVC, SOLDÁVEL, DN 25MM, X 1/2 INSTALADO EM RAMAL OU SUB-RAMAL DE ÁGUA - FORNECIMENTO E INSTALAÇÃO. AF_06/2022 | E93: =VLOOKUP(C93,SINAPI!A:D,3,0) -> UN | F93: 10 | G93: =VLOOKUP(C93,SINAPI!A:D,4,0) -> 12.59 | H93: =ROUND(G93+(G93*$I$4),2) -> 15.89 | I93: =ROUND(H93*F93,2) -> 158.9
D94: EQUIPAMENTOS HIDRÁULICOS
A95: SINAPI - SERVIÇO | B95: 9.13 | C95: 100858 | D95: =VLOOKUP(C95,SINAPI!A:D,2,0) -> MICTÓRIO SIFONADO LOUÇA BRANCA - PADRÃO MÉDIO - FORNECIMENTO E INSTALAÇÃO. AF_01/2020 | E95: =VLOOKUP(C95,SINAPI!A:D,3,0) -> UN | F95: 6 | G95: =VLOOKUP(C95,SINAPI!A:D,4,0) -> 601.73 | H95: =ROUND(G95+(G95*$I$4),2) -> 759.62 | I95: =ROUND(H95*F95,2) -> 4557.72
A96: SINAPI - SERVIÇO | B96: 9.14 | C96: 86895 | D96: =VLOOKUP(C96,SINAPI!A:D,2,0) -> BANCADA DE GRANITO CINZA POLIDO, DE 0,50 X 0,60 M, PARA LAVATÓRIO - FORNECIMENTO E INSTALAÇÃO. AF_01/2020 | E96: =VLOOKUP(C96,SINAPI!A:D,3,0) -> UN | F96: 6 | G96: =VLOOKUP(C96,SINAPI!A:D,4,0) -> 393.45 | H96: =ROUND(G96+(G96*$I$4),2) -> 496.69 | I96: =ROUND(H96*F96,2) -> 2980.14
A97: SINAPI - SERVIÇO | B97: 9.15 | C97: 86942 | D97: =VLOOKUP(C97,SINAPI!A:D,2,0) -> LAVATÓRIO LOUÇA BRANCA SUSPENSO, 29,5 X 39CM OU EQUIVALENTE, PADRÃO POPULAR, INCLUSO SIFÃO TIPO GARRAFA EM PVC, VÁLVULA E ENGATE FLEXÍVEL 30CM EM PLÁSTICO E TORNEIRA CROMADA DE MESA, PADRÃO POPULAR - FORNECIMENTO E INSTALAÇÃO. AF_01/2020 | E97: =VLOOKUP(C97,SINAPI!A:D,3,0) -> UN | F97: 6 | G97: =VLOOKUP(C97,SINAPI!A:D,4,0) -> 294.56 | H97: =ROUND(G97+(G97*$I$4),2) -> 371.85 | I97: =ROUND(H97*F97,2) -> 2231.1
A98: SINAPI - SERVIÇO | B98: 9.16 | C98: 86932 | D98: =VLOOKUP(C98,SINAPI!A:D,2,0) -> VASO SANITÁRIO SIFONADO COM CAIXA ACOPLADA LOUÇA BRANCA - PADRÃO MÉDIO, INCLUSO ENGATE FLEXÍVEL EM METAL CROMADO, 1/2 X 40CM - FORNECIMENTO E INSTALAÇÃO. AF_01/2020 | E98: =VLOOKUP(C98,SINAPI!A:D,3,0) -> UN | F98: 4 | G98: =VLOOKUP(C98,SINAPI!A:D,4,0) -> 561.3 | H98: =ROUND(G98+(G98*$I$4),2) -> 708.59 | I98: =ROUND(H98*F98,2) -> 2834.36
A99: SINAPI - SERVIÇO | B99: 9.17 | C99: 100860 | D99: =VLOOKUP(C99,SINAPI!A:D,2,0) -> CHUVEIRO ELÉTRICO COMUM CORPO PLÁSTICO, TIPO DUCHA - FORNECIMENTO E INSTALAÇÃO. AF_01/2020 | E99: =VLOOKUP(C99,SINAPI!A:D,3,0) -> UN | F99: 6 | G99: =VLOOKUP(C99,SINAPI!A:D,4,0) -> 114.82 | H99: =ROUND(G99+(G99*$I$4),2) -> 144.95 | I99: =ROUND(H99*F99,2) -> 869.7
D100: INSTALAÇÕES SANITÁRIAS
...

Sheet CRONOGRAMA FF
A1: Obra: | B1: ='COMPOSIÇÕES E COTAÇÕES'!B1:G1 -> REFORMA DE PISTA DE ATLETISMO
A2: Proprietário: | B2: ='COMPOSIÇÕES E COTAÇÕES'!B2:G2 -> Prefeitura Municipal de São José dos Quatro Marcos
A3: Local: | B3: ='COMPOSIÇÕES E COTAÇÕES'!B3:G3 -> ZONA URBANA
A4: Data: | B4: ='COMPOSIÇÕES E COTAÇÕES'!B4:G4 -> 45936
A5: CRONOGRAMA FÍSICO FINANCEIRO
A6: ITEM | B6: DESCRIÇÃO/ETAPA | C6: PERÍODO | E6: À EXECUTAR
E7: 30 DIAS | G7: 60 DIAS | I7: 90 DIAS | K7: 120 DIAS | M7: 150 DIAS | O7: TOTAL
C8: Valor (R$) | D8: % | E8: Valor (R$) | F8: % | G8: Valor (R$) | H8: % | I8: Valor (R$) | J8: % | K8: Valor (R$) | L8: % | M8: Valor (R$) | N8: % | O8: %
A9: ='DESCRIÇÃO DE ORÇAMENTO'!A8 -> 1.0 | B9: ='DESCRIÇÃO DE ORÇAMENTO'!B8:E8 -> ADMINISTRAÇÃO DE OBRA | C9: ='DESCRIÇÃO DE ORÇAMENTO'!F8 -> 16846.68 | D9: =(C9/$C$20)*100 -> 3.082727 | E9: =C9*F9 -> 3369.336 | F9: 0.2 | G9: =C9*H9 -> 3369.336 | H9: 0.2 | I9: =C9*J9 -> 3369.336 | J9: 0.2 | K9: =C9*L9 -> 3369.336 | L9: 0.2 | M9: =C9*N9 -> 3369.336 | N9: 0.2 | O9: =F9+H9+J9+L9+N9 -> 1
A10: ='DESCRIÇÃO DE ORÇAMENTO'!A9 -> 2.0 | B10: ='DESCRIÇÃO DE ORÇAMENTO'!B9:E9 -> SERVIÇOS PRELIMINARES | C10: ='DESCRIÇÃO DE ORÇAMENTO'!F9 -> 9282.4871 | D10: =(C10/$C$20)*100 -> 1.6985764 | E10: =C10*F10 -> 9282.4871 | F10: 1 | G10: =C10*H10 -> 0 | H10: 0 | I10: =C10*J10 -> 0 | J10: 0 | K10: =C10*L10 -> 0 | L10: 0 | M10: =C10*N10 -> 0 | N10: 0 | O10: =F10+H10+J10+L10+N10 -> 1
A11: ='DESCRIÇÃO DE ORÇAMENTO'!A10 -> 3.0 | B11: ='DESCRIÇÃO DE ORÇAMENTO'!B10:E10 -> ESTRUTURA DE CONCRETO ARMADO | C11: ='DESCRIÇÃO DE ORÇAMENTO'!F10 -> 18104.32 | D11: =(C11/$C$20)*100 -> 3.312859 | E11: =C11*F11 -> 18104.32 | F11: 1 | G11: =C11*H11 -> 0 | H11: 0 | I11: =C11*J11 -> 0 | J11: 0 | K11: =C11*L11 -> 0 | L11: 0 | M11: =C11*N11 -> 0 | N11: 0 | O11: =F11+H11+J11+L11+N11 -> 1
A12: ='DESCRIÇÃO DE ORÇAMENTO'!A11 -> 4.0 | B12: ='DESCRIÇÃO DE ORÇAMENTO'!B11:E11 -> ESQUADRIAS | C12: ='DESCRIÇÃO DE ORÇAMENTO'!F11 -> 42447.3 | D12: =(C12/$C$20)*100 -> 7.7673131 | E12: =C12*F12 -> 0 | F12: 0 | G12: =C12*H12 -> 0 | H12: 0 | I12: =C12*J12 -> 0 | J12: 0 | K12: =C12*L12 -> 42447.3 | L12: 1 | M12: =C12*N12 -> 0 | N12: 0 | O12: =F12+H12+J12+L12+N12 -> 1
A13: ='DESCRIÇÃO DE ORÇAMENTO'!A12 -> 5.0 | B13: ='DESCRIÇÃO DE ORÇAMENTO'!B12:E12 -> PISOS | C13: ='DESCRIÇÃO DE ORÇAMENTO'!F12 -> 82900.62 | D13: =(C13/$C$20)*100 -> 15.169753 | E13: =C13*F13 -> 0 | F13: 0 | G13: =C13*H13 -> 0 | H13: 0 | I13: =C13*J13 -> 82900.62 | J13: 1 | K13: =C13*L13 -> 0 | L13: 0 | M13: =C13*N13 -> 0 | N13: 0 | O13: =F13+H13+J13+L13+N13 -> 1
A14: ='DESCRIÇÃO DE ORÇAMENTO'!A13 -> 6.0 | B14: ='DESCRIÇÃO DE ORÇAMENTO'!B13:E13 -> PINTURAS E REVESTIMENTOS | C14: ='DESCRIÇÃO DE ORÇAMENTO'!F13 -> 26921.27 | D14: =(C14/$C$20)*100 -> 4.9262481 | E14: =C14*F14 -> 0 | F14: 0 | G14: =C14*H14 -> 0 | H14: 0 | I14: =C14*J14 -> 0 | J14: 0 | K14: =C14*L14 -> 13460.635 | L14: 0.5 | M14: =C14*N14 -> 13460.635 | N14: 0.5 | O14: =F14+H14+J14+L14+N14 -> 1
A15: ='DESCRIÇÃO DE ORÇAMENTO'!A14 -> 7.0 | B15: ='DESCRIÇÃO DE ORÇAMENTO'!B14:E14 -> COBERTURAS | C15: ='DESCRIÇÃO DE ORÇAMENTO'!F14 -> 8492.86 | D15: =(C15/$C$20)*100 -> 1.5540848 | E15: =C15*F15 -> 0 | F15: 0 | G15: =C15*H15 -> 0 | H15: 0 | I15: =C15*J15 -> 0 | J15: 0 | K15: =C15*L15 -> 8492.86 | L15: 1 | M15: =C15*N15 -> 0 | N15: 0 | O15: =F15+H15+J15+L15+N15 -> 1
A16: ='DESCRIÇÃO DE ORÇAMENTO'!A15 -> 8.0 | B16: ='DESCRIÇÃO DE ORÇAMENTO'!B15:E15 -> FECHAMENTO E EQUIPAMENTOS | C16: ='DESCRIÇÃO DE ORÇAMENTO'!F15 -> 77750.14 | D16: =(C16/$C$20)*100 -> 14.227281 | E16: =C16*F16 -> 0 | F16: 0 | G16: =C16*H16 -> 77750.14 | H16: 1 | I16: =C16*J16 -> 0 | J16: 0 | K16: =C16*L16 -> 0 | L16: 0 | M16: =C16*N16 -> 0 | N16: 0 | O16: =F16+H16+J16+L16+N16 -> 1
A17: ='DESCRIÇÃO DE ORÇAMENTO'!A16 -> 9.0 | B17: ='DESCRIÇÃO DE ORÇAMENTO'!B16:E16 -> INSTALAÇÕES HIDROSSANITÁRIAS | C17: ='DESCRIÇÃO DE ORÇAMENTO'!F16 -> 25352.63 | D17: =(C17/$C$20)*100 -> 4.6392071 | E17: =C17*F17 -> 0 | F17: 0 | G17: =C17*H17 -> 0 | H17: 0 | I17: =C17*J17 -> 0 | J17: 0 | K17: =C17*L17 -> 25352.63 | L17: 1 | M17: =C17*N17 -> 0 | N17: 0 | O17: =F17+H17+J17+L17+N17 -> 1
A18: ='DESCRIÇÃO DE ORÇAMENTO'!A17 -> 10.0 | B18: ='DESCRIÇÃO DE ORÇAMENTO'!B17:E17 -> INSTALAÇÕES ELÉTRICAS | C18: ='DESCRIÇÃO DE ORÇAMENTO'!F17 -> 168246.53 | D18: =(C18/$C$20)*100 -> 30.786963 | E18: =C18*F18 -> 0 | F18: 0 | G18: =C18*H18 -> 0 | H18: 0 | I18: =C18*J18 -> 0 | J18: 0 | K18: =C18*L18 -> 168246.53 | L18: 1 | M18: =C18*N18 -> 0 | N18: 0 | O18: =F18+H18+J18+L18+N18 -> 1
A19: ='DESCRIÇÃO DE ORÇAMENTO'!A18 -> 11.0 | B19: ='DESCRIÇÃO DE ORÇAMENTO'!B18:E18 -> SERVIÇOS COMPLEMENTARES | C19: ='DESCRIÇÃO DE ORÇAMENTO'!F18 -> 70141.44 | D19: =(C19/$C$20)*100 -> 12.834987 | E19: =C19*F19 -> 0 | F19: 0 | G19: =C19*H19 -> 0 | H19: 0 | I19: =C19*J19 -> 0 | J19: 0 | K19: =C19*L19 -> 0 | L19: 0 | M19: =C19*N19 -> 70141.44 | N19: 1 | O19: =F19+H19+J19+L19+N19 -> 1
B20: VALOR TOTAL | C20: =SUM(C9:C19) -> 546486.28 | D20: =SUM(D9:D19) -> 100 | E20: =SUM(E9:E19) -> 30756.143 | F20: =(E20/C20)*100 -> 5.6279809 | G20: =SUM(G9:G19) -> 81119.476 | H20: =(G20/C20)*100 -> 14.843827 | I20: =SUM(I9:I19) -> 86269.956 | J20: =(I20/C20)*100 -> 15.786299 | K20: =SUM(K9:K19) -> 261369.29 | L20: =(K20/C20)*100 -> 47.827238 | M20: =SUM(M9:M19) -> 86971.411 | N20: =(M20/C20)*100 -> 15.914656 | O20: 1
B21: VALOR ACUMULADO | E21: =SUM(E9:E20)/2 -> 30756.143 | F21: =F20 -> 5.6279809 | G21: =E21+G20 -> 111875.62 | H21: =H20+F21 -> 20.471808 | I21: =G21+I20 -> 198145.58 | J21: =J20+H21 -> 36.258106 | K21: =I21+K20 -> 459514.87 | L21: =L20+J21 -> 84.085344 | M21: =K21+M20 -> 546486.28 | N21: =N20+L21 -> 100
A22: RESPONSÁVEL TÉCNICO ORÇAMENTISTA | G22: OBSERVAÇÕES:
A26: JOÃO GUSTAVO FARIA DOS SANTOS JÚNIOR
A27: ENG. CIVIL - CREA Nº 64045506/SP

Sheet MEM. CÁLCULO
A1: ='[1]PLANILHA NÃO DESONERADO'!A1 -> Obra: | B1: ='PLANILHA ORÇAMENTÁRIA'!B1:F1 -> REFORMA DE PISTA DE ATLETISMO
A2: ='[1]PLANILHA NÃO DESONERADO'!A2 -> Proprietário: | B2: ='PLANILHA ORÇAMENTÁRIA'!B2:F2 -> Prefeitura Municipal de São José dos Quatro Marcos
A3: ='[1]PLANILHA NÃO DESONERADO'!A3 -> Local: | B3: ='PLANILHA ORÇAMENTÁRIA'!B3:F3 -> ZONA URBANA
A4: ='[1]PLANILHA NÃO DESONERADO'!A4 -> Data: | B4: ='PLANILHA ORÇAMENTÁRIA'!B4:F4 -> 45936
A6: MEMÓRIA DE CÁLCULO
A8: ='PLANILHA ORÇAMENTÁRIA'!B11 -> 2.1 | B8: ='PLANILHA ORÇAMENTÁRIA'!D10 -> PLACA DE OBRA - DIMENSÃO 3,6 M X 1,8 M | H8: 20
A9: LOCAL | B9: DESCRIÇÃO | C9: ÁREA | D9: TOTAL (M²) | H9: 14
A10: OBRA | B10: PLACA DE OBRA - MODELO CAIXA | C10: 3,6*1,8 | D10: =3.6*1.8 -> 6.48
A11: ='PLANILHA ORÇAMENTÁRIA'!B13 -> 2.2 | B11: ='PLANILHA ORÇAMENTÁRIA'!D13 -> DEMOLIÇÃO DE ALVENARIA DE BLOCO FURADO, DE FORMA MANUAL, SEM REAPROVEITAMENTO. AF_09/2023 | H11: 20
A12: LOCAL | B12: DESCRIÇÃO | C12: VOLUME | D12: TOTAL (M³) | H12: 14
A13: VESTIÁRIO | B13: DEMOLIÇÃO DE ALVENARIA EM VESTIÁRIO PARA ADEQUAÇÃO DE PLANTA | C13: (1,5*6*2,1*0,15)+((0,98*2,1*4-0,6*2,1*4)*0,15)+(4,59*0,15*3)+(2,1*0,8*0,15)+(1,2*0,6*0,15*12) | D13: =(1.5*6*2.1*0.15)+((0.98*2.1*4-0.6*2.1*4)*0.15)+(4.59*0.15*3)+(2.1*0.8*0.15)+(1.2*0.6*0.15*12) -> 6.9273
A14: ='PLANILHA ORÇAMENTÁRIA'!B14 -> 2.3 | B14: ='PLANILHA ORÇAMENTÁRIA'!D14 -> DEMOLIÇÃO DE REVESTIMENTO CERÂMICO, DE FORMA MECANIZADA COM MARTELETE, SEM REAPROVEITAMENTO. AF_09/2023 | H14: 20
A15: LOCAL | B15: DESCRIÇÃO | C15: VOLUME | D15: TOTAL (M²) | H15: 14
A16: VESTIÁRIO | B16: ÁREA DE PISO DEMOLIDO PARA TROCA | C16: 11,02+10,33+20,47+27,91+23,67 | D16: =11.02+10.33+20.47+27.91+23.67 -> 93.4
A17: ='PLANILHA ORÇAMENTÁRIA'!B15 -> 2.4 | B17: ='PLANILHA ORÇAMENTÁRIA'!D15 -> REMOÇÃO DE LOUÇAS, DE FORMA MANUAL, SEM REAPROVEITAMENTO. AF_09/2023 | H17: 20
A18: LOCAL | B18: DESCRIÇÃO | C18: QUANTIDADE | D18: TOTAL (UNID) | E18: DESCRITO EM PROJETO DE REFORMA DE VESTIÁRIO | H18: 14
A19: VESTIÁRIO | B19: RETIRADA DE PIAS E VASOS | C19: 6 | D19: 6
A20: ='PLANILHA ORÇAMENTÁRIA'!B16 -> 2.5 | B20: ='PLANILHA ORÇAMENTÁRIA'!D16 -> REMOÇÃO DE METAIS SANITÁRIOS, DE FORMA MANUAL, SEM REAPROVEITAMENTO. AF_09/2023 | H20: 20
A21: LOCAL | B21: DESCRIÇÃO | C21: QUANTIDADE | D21: TOTAL (UNID) | E21: DESCRITO EM PROJETO DE REFORMA DE VESTIÁRIO | H21: 14
A22: VESTIÁRIO | B22: RETIRADA DE TORNEIRAS | C22: 2 | D22: 2
A23: ='PLANILHA ORÇAMENTÁRIA'!B17 -> 2.6 | B23: ='PLANILHA ORÇAMENTÁRIA'!D17 -> REMOÇÃO DE JANELAS, DE FORMA MANUAL, SEM REAPROVEITAMENTO. AF_09/2023 | H23: 20
A24: LOCAL | B24: DESCRIÇÃO | C24: ÁREA | D24: TOTAL (M²) | H24: 14
A25: VESTIÁRIO | B25: ÁREA | C25: (1,5*1) | D25: =(1.5*1) -> 1.5
A26: ='PLANILHA ORÇAMENTÁRIA'!B18 -> 2.7 | B26: ='PLANILHA ORÇAMENTÁRIA'!D18 -> REMOÇÃO DE PORTAS, DE FORMA MANUAL, SEM REAPROVEITAMENTO. AF_09/2023 | H26: 20
A27: LOCAL | B27: DESCRIÇÃO | C27: ÁREA | D27: TOTAL (M²) | H27: 14
A28: VESTIÁRIO | B28: ÁREA | C28: (0,8*2,1*4)+(0,6*2,1*4) | D28: =(0.8*2.1*4)+(0.6*2.1*4) -> 11.76
A29: ='PLANILHA ORÇAMENTÁRIA'!B20 -> 2.8 | B29: ='PLANILHA ORÇAMENTÁRIA'!D20 -> ALVENARIA DE VEDAÇÃO DE BLOCOS CERÂMICOS FURADOS NA VERTICAL DE 14X19X39 CM (ESPESSURA 14 CM) E ARGAMASSA DE ASSENTAMENTO COM PREPARO EM BETONEIRA. AF_12/2021 | H29: 20
A30: LOCAL | B30: DESCRIÇÃO | C30: ÁREA | D30: TOTAL (M²) | H30: 14
A31: VESTIÁRIO | B31: CONSTRUÇÃO DE PAREDE NO DEPÓSITO DO BLOCO DOS VESTIÁRIOS E FECHAMENTO DE JANELAS RETIRADAS | C31: (4,59*3)+(1*1,5)+(0,8*2,1) | D31: =(4.59*3)+(1*1.5)+(0.8*2.1) -> 16.95
A32: ='PLANILHA ORÇAMENTÁRIA'!B21 -> 2.9 | B32: ='PLANILHA ORÇAMENTÁRIA'!D21 -> CHAPISCO APLICADO EM ALVENARIA (SEM PRESENÇA DE VÃOS) E ESTRUTURAS DE CONCRETO DE FACHADA, COM COLHER DE PEDREIRO. ARGAMASSA TRAÇO 1:3 COM PREPARO MANUAL. AF_10/2022 | H32: 20
A33: LOCAL | B33: DESCRIÇÃO | C33: ÁREA | D33: TOTAL (M²) | H33: 14
A34: VESTIÁRIO | B34: CONSTRUÇÃO DE PAREDE NO DEPÓSITO DO BLOCO DOS VESTIÁRIOS E FECHAMENTO DE JANELAS RETIRADAS | C34: ((4,59*3)+(1*1,5)+(1*1))*2 | D34: =((4.59*3)+(1*1.5)+(1*1))*2 -> 32.54
A35: ='PLANILHA ORÇAMENTÁRIA'!B22 -> 2.10 | B35: ='PLANILHA ORÇAMENTÁRIA'!D22 -> EMBOÇO OU MASSA ÚNICA EM ARGAMASSA TRAÇO 1:2:8, PREPARO MECÂNICO COM BETONEIRA 400 L, APLICADA MANUALMENTE EM PANOS CEGOS DE FACHADA (SEM PRESENÇA DE VÃOS), ESPESSURA DE 25 MM. AF_08/2022 | H35: 20
A36: LOCAL | B36: DESCRIÇÃO | C36: ÁREA | D36: TOTAL (M²) | H36: 14
A37: VESTIÁRIO | B37: CONSTRUÇÃO DE PAREDE NO DEPÓSITO DO BLOCO DOS VESTIÁRIOS E FECHAMENTO DE JANELAS RETIRADAS | C37: ((4,59*3)+(1*1,5)+(1*1))*2 | D37: =((4.59*3)+(1*1.5)+(1*1))*2 -> 32.54
A38: ='PLANILHA ORÇAMENTÁRIA'!B25 -> 3.1 | B38: ='PLANILHA ORÇAMENTÁRIA'!D25 -> ESCAVAÇÃO MANUAL PARA VIGA BALDRAME OU SAPATA CORRIDA (INCLUINDO ESCAVAÇÃO PARA COLOCAÇÃO DE FÔRMAS). AF_01/2024 | H38: 20
A39: LOCAL | B39: DESCRIÇÃO | C39: VOLUME | D39: TOTAL (M³) | H39: 14
A40: OBRA | B40: PERÍMETRO | C40: (22*2+14*2+22*2+28*2)*0,15*0,15 | D40: =(22*2+14*2+22*2+28*2)*0.15*0.15 -> 3.87
A42: ='PLANILHA ORÇAMENTÁRIA'!B26 -> 3.2 | B42: ='PLANILHA ORÇAMENTÁRIA'!D26 -> FABRICAÇÃO, MONTAGEM E DESMONTAGEM DE FÔRMA PARA VIGA BALDRAME, EM MADEIRA SERRADA, E=25 MM, 4 UTILIZAÇÕES. AF_01/2024
A43: LOCAL | B43: DESCRIÇÃO | C43: ÁREAS | D43: TOTAL (M²)
A44: OBRA | B44: PERÍMETRO | C44: (22*2+14*2+22*2+28*2)*(0,3*2) | D44: =(22*2+14*2+22*2+28*2)*(0.3*2) -> 103.2
A46: ='PLANILHA ORÇAMENTÁRIA'!B27 -> 3.3 | B46: ='PLANILHA ORÇAMENTÁRIA'!D27 -> CONCRETAGEM DE BLOCOS DE COROAMENTO E VIGAS BALDRAMES, FCK 25 MPA, COM USO DE BOMBA - LANÇAMENTO, ADENSAMENTO E ACABAMENTO.
A47: LOCAL | B47: DESCRIÇÃO | C47: VOLUME | D47: TOTAL (M³)
A48: OBRA | B48: PERÍMETRO | C48: (22*2+14*2+22*2+28*2)*0,3*0,15 | D48: =(22*2+14*2+22*2+28*2)*0.3*0.15 -> 7.74
A49: ='PLANILHA ORÇAMENTÁRIA'!B30 -> 4.1 | B49: ='PLANILHA ORÇAMENTÁRIA'!D30 -> Portão em tubo de ferro galvanizado de 2", de abrir, tela malha revestida 76 x 76mm, n.º 12, inclusive dobradiças e trancas/ferrolho - Rev 01_01/2022
A50: LOCAL | B50: DESCRIÇÃO | C50: ÁREA | D50: TOTAL (M²)
A51: OBRA | B51: ESQUADRIAS PARA ENTRADA DE QUADRAS | C51: 2,1*0,8*4 | D51: =2.1*0.8*6 -> 10.08
A52: ='PLANILHA ORÇAMENTÁRIA'!B32 -> 4.2 | B52: ='PLANILHA ORÇAMENTÁRIA'!D32 -> VERGA MOLDADA IN LOCO EM CONCRETO, ESPESSURA DE *20* CM. AF_03/2024
A53: LOCAL | B53: DESCRIÇÃO | C53: LINEAR | D53: TOTAL (M) | E53: CÁLCULO DE VERGAS: (LV/2,5)+LV
A54: OBRA | B54: ESQUADRIAS DO BLOCO DOS VESTIÁRIOS | C54: 2,24*12 | D54: =2.24*12 -> 26.88
A55: ='PLANILHA ORÇAMENTÁRIA'!#REF! -> #REF! | B55: ='PLANILHA ORÇAMENTÁRIA'!#REF! -> #REF!
A56: LOCAL | B56: DESCRIÇÃO | C56: LINEAR | D56: TOTAL (M) | E56: CÁLCULO DE VERGAS: (LV/2,5)+LV
A57: OBRA | B57: ESQUADRIAS DO BLOCO DOS VESTIÁRIOS | C57: ((0,8/2,5)+0,8)*4 | D57: =((0.8/2.5)+0.8)*4 -> 4.48
A58: ='PLANILHA ORÇAMENTÁRIA'!B33 -> 4.3 | B58: ='PLANILHA ORÇAMENTÁRIA'!D33 -> CONTRAVERGA MOLDADA IN LOCO EM CONCRETO, ESPESSURA DE *20* CM. AF_03/2024
A59: LOCAL | B59: DESCRIÇÃO | C59: LINEAR | D59: TOTAL (M) | E59: CÁLCULO DE VERGAS: (LV/2,5)+LV
A60: OBRA | B60: ESQUADRIAS DO BLOCO DOS VESTIÁRIOS | C60: 2,24*12 | D60: =2.24*12 -> 26.88
A61: ='PLANILHA ORÇAMENTÁRIA'!B35 -> 4.5 | B61: ='PLANILHA ORÇAMENTÁRIA'!D35 -> KIT DE PORTA DE MADEIRA PARA PINTURA, SEMI-OCA (PESADA OU SUPERPESADA), PADRÃO MÉDIO, 80X210CM, ESPESSURA DE 3,5CM, ITENS INCLUSOS: DOBRADIÇAS, MONTAGEM E INSTALAÇÃO DO BATENTE, FECHADURA COM EXECUÇÃO DO FURO - FORNECIMENTO E INSTALAÇÃO. AF_12/2019
A62: LOCAL | B62: DESCRIÇÃO | C62: UNID | D62: TOTAL (UNID) | E62: QUADRO DE ESQUADRIAS - PRANCHA DE REFORMA DE VESTIÁRIO
A63: OBRA | B63: ESQUADRIAS DO BLOCO DOS VESTIÁRIOS | C63: 4 | D63: 4
A64: ='PLANILHA ORÇAMENTÁRIA'!B37 -> 4.6 | B64: ='PLANILHA ORÇAMENTÁRIA'!D37 -> PORTA DE ALUMÍNIO DE ABRIR COM LAMBRI, COM GUARNIÇÃO, FIXAÇÃO COM PARAFUSOS - FORNECIMENTO E INSTALAÇÃO. AF_12/2019
A65: LOCAL | B65: DESCRIÇÃO | C65: ÁREAS | D65: TOTAL (M²) | E65: QUADRO DE ESQUADRIAS - PRANCHA DE REFORMA DE VESTIÁRIO
A66: OBRA | B66: ESQUADRIAS DO BLOCO DOS VESTIÁRIOS | C66: 11.2 | D66: 11.2
A67: ='PLANILHA ORÇAMENTÁRIA'!B39 -> 4.7 | B67: ='PLANILHA ORÇAMENTÁRIA'!D39 -> JANELA DE ALUMÍNIO TIPO MAXIM-AR, BATENTE/ REQUADRO 3 A 14 CM, VIDRO INCLUSO, FIXAÇÃO COM PARAFUSO, SEM GUARNIÇÃO/ ALIZAR, DIMENSÕES 60X80 (A X L) CM, SEM ACABAMENTO, VEDAÇÃO COM SILICONE, EXCLUSIVE CONTRAMARCO - FORNECIMENTO E INSTALAÇÃO. AF_11/2024
A68: LOCAL | B68: DESCRIÇÃO | C68: ÁREAS | D68: TOTAL (M²) | E68: QUADRO DE ESQUADRIAS - PRANCHA DE REFORMA DE VESTIÁRIO
A69: OBRA | B69: ESQUADRIAS DO BLOCO DOS VESTIÁRIOS | C69: 8.64 | D69: 8.64
A70: ='PLANILHA ORÇAMENTÁRIA'!B40 -> 4.8 | B70: ='PLANILHA ORÇAMENTÁRIA'!D40 -> CONTRAMARCO DE ALUMÍNIO, FIXAÇÃO COM PARAFUSO - FORNECIMENTO E INSTALAÇÃO. AF_11/2024
A71: LOCAL | B71: DESCRIÇÃO | C71: ÁREA | D71: TOTAL (M³)
A72: BLOCO VESTIÁRIO | B72: JANELAS DE ALUMÍNIO DO BLOCO DOS VESTIÁRIOS | C72: (1,2*2+0,6*2)*12 | D72: =(1.2*2+0.6*2)*12 -> 43.2
A73: ='PLANILHA ORÇAMENTÁRIA'!B43 -> 5.1 | B73: ='PLANILHA ORÇAMENTÁRIA'!D43 -> ATERRO MANUAL DE VALAS COM AREIA PARA ATERRO. AF_08/2023
A74: LOCAL | B74: DESCRIÇÃO | C74: VOLUME | D74: TOTAL (M³)
A75: OBRA | B75: VOLUME DE AREIA DE QUADRAS | C75: (14*22+22*28)*0,25 | D75: =(14*22+22*28)*0.25 -> 231
A76: ='PLANILHA ORÇAMENTÁRIA'!B45 -> 5.2 | B76: ='PLANILHA ORÇAMENTÁRIA'!D45 -> EXECUÇÃO DE PASSEIO (CALÇADA) OU PISO DE CONCRETO COM CONCRETO MOLDADO IN LOCO, FEITO EM OBRA, ACABAMENTO CONVENCIONAL, NÃO ARMADO. AF_08/2022
A77: LOCAL | B77: DESCRIÇÃO | C77: VOLUME | D77: TOTAL (M³)
A78: OBRA | B78: VOLUME QUADRA DE BASQUETE | C78: (18*14)*0,06 | D78: =(18*14)*0.06 -> 15.12
A79: ='PLANILHA ORÇAMENTÁRIA'!B46 -> 5.3 | B79: ='PLANILHA ORÇAMENTÁRIA'!D46 -> PREPARO DO PISO CIMENTADO PARA PINTURA - LIXAMENTO E LIMPEZA. AF_05/2021
A80: LOCAL | B80: DESCRIÇÃO | C80: ÁREA | D80: TOTAL (M²)
A81: QUADRA DE BASQUETE | B81: ÁREA DE PINTURA | C81: 18*14 | D81: =18*14 -> 252
A82: ='PLANILHA ORÇAMENTÁRIA'!B48 -> 5.4 | B82: ='PLANILHA ORÇAMENTÁRIA'!D48 -> CONTRAPISO COM ARGAMASSA AUTONIVELANTE, APLICADO SOBRE LAJE, ADERIDO, ESPESSURA 3CM. AF_07/2021
A83: LOCAL | B83: DESCRIÇÃO | C83: ÁREA | D83: TOTAL (M²)
A84: OBRA | B84: ÁREA DE PISO INSTALADO | C84: 11,02+10,33+20,47+27,91+23,67 | D84: =11.02+10.33+20.47+27.91+23.67 -> 93.4
A85: ='PLANILHA ORÇAMENTÁRIA'!B49 -> 5.5 | B85: ='PLANILHA ORÇAMENTÁRIA'!D49 -> REVESTIMENTO CERÂMICO PARA PISO COM PLACAS TIPO ESMALTADA DE DIMENSÕES 60X60 CM APLICADA EM AMBIENTES DE ÁREA MAIOR QUE 10 M2. AF_02/2023_PE
A86: LOCAL | B86: DESCRIÇÃO | C86: ÁREA | D86: TOTAL (M²)
A87: OBRA | B87: ÁREA DE PISO INSTALADO | C87: 11,02+10,33+20,47+27,91+23,67 | D87: =11.02+10.33+20.47+27.91+23.67 -> 93.4
A88: ='PLANILHA ORÇAMENTÁRIA'!B51 -> 5.6 | B88: ='PLANILHA ORÇAMENTÁRIA'!D51 -> EXECUÇÃO DE PASSEIO (CALÇADA) OU PISO DE CONCRETO COM CONCRETO MOLDADO IN LOCO, FEITO EM OBRA, ACABAMENTO CONVENCIONAL, NÃO ARMADO. AF_08/2022
A89: LOCAL | B89: DESCRIÇÃO | C89: VOLUME | D89: TOTAL (M³)
A90: PISTA DE SKATE | B90: VOLUME DE PISO DE PISTA SKATE | C90: 16*16*0,06 | D90: =16*16*0.06 -> 15.36
A91: ='PLANILHA ORÇAMENTÁRIA'!B54 -> 6.1 | B91: ='PLANILHA ORÇAMENTÁRIA'!D54 -> FUNDO SELADOR ACRÍLICO, APLICAÇÃO MANUAL EM PAREDE, UMA DEMÃO. AF_04/2023
A92: LOCAL | B92: DESCRIÇÃO | C92: ÁREA | D92: TOTAL (M²) | E92: VALOR RETIRADO DO ARQUIVO DE PROJETO EM BIM - IFC EM ANEXO
A93: BLOCO VESTIÁRIOS | B93: ÁREA DE PINTURA | C93: 270.08 | D93: 270.08
A94: ='PLANILHA ORÇAMENTÁRIA'!B55 -> 6.2 | B94: ='PLANILHA ORÇAMENTÁRIA'!D55 -> PINTURA LÁTEX ACRÍLICA PREMIUM, APLICAÇÃO MANUAL EM PAREDES, DUAS DEMÃOS. AF_04/2023
A95: LOCAL | B95: DESCRIÇÃO | C95: ÁREA | D95: TOTAL (M²) | E95: VALOR RETIRADO DO ARQUIVO DE PROJETO EM BIM - IFC EM ANEXO
A96: BLOCO VESTIÁRIOS | B96: ÁREA DE PINTURA | C96: 270.08 | D96: 270.08
A97: ='PLANILHA ORÇAMENTÁRIA'!B57 -> 6.3 | B97: ='PLANILHA ORÇAMENTÁRIA'!D57 -> REVESTIMENTO CERÂMICO PARA PAREDES INTERNAS COM PLACAS TIPO ESMALTADA DE DIMENSÕES 60X60 CM APLICADAS NA ALTURA INTEIRA DAS PAREDES. AF_02/2023_PE
A98: LOCAL | B98: DESCRIÇÃO | C98: ÁREA | D98: TOTAL (M²) | E98: VALOR RETIRADO DO ARQUIVO DE PROJETO EM BIM - IFC EM ANEXO
A99: BLOCO VESTIÁRIOS | B99: ÁREA DE PINTURA | C99: 101.52 | D99: 101.52
A100: ='PLANILHA ORÇAMENTÁRIA'!B59 -> 6.4 | B100: ='PLANILHA ORÇAMENTÁRIA'!D59 -> PINTURA DE PISO COM TINTA ACRÍLICA, APLICAÇÃO MANUAL, 3 DEMÃOS, INCLUSO FUNDO PREPARADOR. AF_05/2021
A101: LOCAL | B101: DESCRIÇÃO | C101: ÁREA | D101: TOTAL (M²)
A102: BLOCO VESTIÁRIOS | B102: ÁREA DE PINTURA | C102: 18*14 | D102: =18*14 -> 252
A103: ='PLANILHA ORÇAMENTÁRIA'!B62 -> 7.1 | B103: ='PLANILHA ORÇAMENTÁRIA'!D62 -> FORRO EM RÉGUAS DE PVC, LISO, PARA AMBIENTES COMERCIAIS, INCLUSIVE ESTRUTURA BIDIRECIONAL DE FIXAÇÃO. AF_08/2023_PS
A104: LOCAL | B104: DESCRIÇÃO | C104: ÁREA | D104: TOTAL (M²)
...

Sheet COTAÇÕES
A1: ='[2]PLANILHA NÃO DESONERADO'!A1 -> Obra: | B1: ='MEM. CÁLCULO'!B1:F1 -> REFORMA DE PISTA DE ATLETISMO
A2: ='[2]PLANILHA NÃO DESONERADO'!A2 -> Proprietário: | B2: ='MEM. CÁLCULO'!B2:F2 -> Prefeitura Municipal de São José dos Quatro Marcos
A3: ='[2]PLANILHA NÃO DESONERADO'!A3 -> Local: | B3: ='MEM. CÁLCULO'!B3:F3 -> ZONA URBANA
A4: ='[2]PLANILHA NÃO DESONERADO'!A4 -> Data: | B4: ='MEM. CÁLCULO'!B4:F4 -> 45936
A6: COMPOSIÇÕES GERAIS DE ORÇAMENTOS
A9: COTAÇÃO 001
A10: DATA | B10: LINK | D10: QUANT. | E10: EMPRESA | F10: TELEFONE | G10: VALOR (R$)
A11: 45796 | D11: 1 | E11: MINAS FERRO | F11: (65) 99933-2363 | G11: 14
A12: =TODAY() -> 45936 | B12: https://hiperferro.com.br/barras-e-perfis/barra-quadrada.html?srsltid=AfmBOopkbuTHnV779OWLB6B2jP8sK-GnZ8_XKbjZrZS_FNfPLzvHlZaF | C12: INICIAL CONSTRUÇÕES | D12: 1 | E12: HIPERFERRO | G12: 14.87
A13: 45796 | C13: J FREITAS ROCHA EIRELI | D13: 1 | G13: 0
F14: MEDIANA: | G14: =MEDIAN(G11:G13) -> 14
A15: COTAÇÃO 002
A16: DATA | B16: LINK | D16: QUANT. | E16: EMPRESA | F16: TELEFONE | G16: VALOR (R$)
A17: 45796 | D17: 1 | E17: MINAS FERRO | F17: (65) 99933-2363 | G17: 11
A18: =TODAY() -> 45936 | B18: https://loja.grupoacocearense.com.br/cantoneira-de-aco-1-14-6m/p?idsku=264 | C18: INICIAL CONSTRUÇÕES | D18: 1 | E18: AÇO CEARENSE | F18: (85) 4011-1600 | G18: 9.43
A19: 45796 | C19: J FREITAS ROCHA EIRELI | D19: 1 | G19: 0
F20: MEDIANA: | G20: =MEDIAN(G17:G19) -> 9.43
A21: COTAÇÃO 003
A22: DATA | B22: LINK | D22: QUANT. | E22: EMPRESA | F22: TELEFONE | G22: VALOR (R$)
A23: 45796 | D23: 1 | E23: MINAS FERRO | F23: (65) 99933-2363 | G23: 11
A24: 45796 | C24: INICIAL CONSTRUÇÕES | D24: 1 | G24: 11
A25: 45796 | C25: J FREITAS ROCHA EIRELI | D25: 1 | G25: 0
F26: MEDIANA: | G26: =MEDIAN(G23:G25) -> 11
A27: COTAÇÃO 004
A28: DATA | B28: LINK | D28: QUANT. | E28: EMPRESA | F28: TELEFONE | G28: VALOR (R$)
A29: 45796 | B29: https://www.cercasramacrisna.com.br/tela-alambrado/telas-para-construcoes-esportivas/tela-alambrado-para-quadra-esportiva-revestida-pvc-fio-12?variant_id=545&utm_source=google&utm_medium=cpc&keyword=&pht=49181588274089170&gad_source=1&gad_campaignid=22195465159&gbraid=0AAAAACaH-zIMNZIQP4-V1LVL48CMoHE_9&gclid=CjwKCAjw6NrBBhB6EiwAvnT_rujOgc7hBx3LqSs4ickqJNsaCVflho7dfp0K91dQX0hOP88VtTMaZBoC_H4QAvD_BwE | D29: 1 | E29: CERCAS RAMACRISNA | F29: (31) 3596-2828 | G29: 38.67
A30: 45796 | B30: https://www.gravia.com/tela-plastificada-verde-losangular-gravia-63mm-fio-14--gravia/p?idsku=3192&idtag=ad390cb5-a610-4ace-97fa-f5540a47799b&gad_source=1&gad_campaignid=18454795117&gbraid=0AAAAADfoFR7JMYaA28TVfpdiozEGcyotp&gclid=CjwKCAjw6NrBBhB6EiwAvnT_rgPv32xjfQIDp-T3jBYp_l1Z0fVWVVFFjDiWdc60dFC-ADvME2WnyRoCGOIQAvD_BwE | C30: INICIAL CONSTRUÇÕES | D30: 1 | E30: GRAVIA | F30: (61) 3403-0403 | G30: 35.87
A31: 45796 | B31: https://www.casadascercas.com.br/tela-revestida-em-pvc-verde-fio-12-320mm-rolo-20m?gad_source=1&gad_campaignid=21436632470&gbraid=0AAAAADpSX-tgRGLgLvSSTwEkvBTgnzMpN&gclid=CjwKCAjw6NrBBhB6EiwAvnT_rmgUDvTdqPx-Au7qS7_KSqv8T4yZ25oYh9u4WD12nS-MqUwhwBCXNhoCECUQAvD_BwE | C31: J FREITAS ROCHA EIRELI | D31: 1 | E31: CASA DAS CERCAS | F31: (51) 99732-4671 | G31: 42.65
F32: MEDIANA: | G32: =MEDIAN(G29:G31) -> 38.67
A33: COTAÇÃO 005
A34: DATA | B34: LINK | D34: QUANT. | E34: EMPRESA | F34: TELEFONE | G34: VALOR (R$)
A35: 45470 | B35: https://www.gismar.com.br/products/rede-de-protecao-esportiva-para-tenis-e-beach-tennis-nylon | D35: 1 | E35: GISMAR REDES | F35: (11) 2079-2309 | G35: 22.8
A36: 45470 | B36: https://www.srredes.com.br/rede-de-protecao-esportiva-para-quadras-de-tenis-malha-4x4cm | C36: INICIAL CONSTRUÇÕES | D36: 1 | E36: SR REDES ESPORTIVAS | G36: 11.99
A37: 45470 | B37: https://www.azzureredes.com/fita-de-marcacao/fita-de-marcacao-para-volei-de-praia-16x8 | C37: J FREITAS ROCHA EIRELI | D37: 1 | E37: AZZURE CORDAS E REDES ESPORTIVAS | F37: (44) 99861-3102 | G37: 14.13
F38: MEDIANA: | G38: =MEDIAN(G35:G37) -> 14.13
A40: COTAÇÃO 006
A41: DATA | B41: LINK | D41: QUANT. | E41: EMPRESA | F41: TELEFONE | G41: VALOR (R$)
A42: 45470 | B42: https://www.magnumredes.com.br/cordas/cordas-de-nylon/corda-trancada-de-polietileno-nylon-fio-3-5mm-rolo?variant_id=557 | D42: 1 | E42: MAGNUM CORDAS E REDES ESPORTIVAS | F42: (44)9980-0219 | G42: 2.61
A43: 45470 | B43: https://www.pasredes.com.br/corda-de-polietileno-4mm?srsltid=AfmBOoqtPBcd3WfUZ3Iu5SFfH2ys-OU-oq77I8E1DtpbKAjpyVGQoqOo | C43: INICIAL CONSTRUÇÕES | D43: 1 | E43: PAS REDES | F43: (11)99143-7493 | G43: 1.46
A44: 45470 | B44: https://www.gismar.com.br/products/rede-de-protecao-esportiva-para-tenis-e-beach-tennis-nylon | D44: 1 | E44: GISMAR REDES | F44: (11) 2079-2309 | G44: 0.29
F45: MEDIANA: | G45: =MEDIAN(G42:G44) -> 1.46
A46: COTAÇÃO 007
A47: DATA | B47: LINK | D47: QUANT. | E47: EMPRESA | F47: TELEFONE | G47: VALOR (R$)
A48: 45796 | B48: https://www.gismar.com.br/fita-de-marcacao-multisport-pro-azul-?utm_source=Site&utm_medium=GoogleMerchant&utm_campaign=GoogleMerchant&utm_source=google&utm_medium=cpc&utm_campaign=21206277527&utm_content=&utm_term=&gad_source=1&gclid=CjwKCAjwm_SzBhAsEiwAXE2Cvz2RKo5AncjpRS-dNcR4Z8wqseHxHEEEbw0L7YBL6W4TsiikQLVZsRoCjGUQAvD_BwE | D48: 1 | E48: GISMAR REDES | F48: (11) 2079-2309 | G48: 199.9
A49: 45796 | B49: https://www.redesparaesporte.com.br/fita-de-marcacao-oficial-para-quadra-de-volei | C49: INICIAL CONSTRUÇÕES | D49: 1 | E49: REDES PARA ESPORTE | F49: (47) 3341-1888 | G49: 22.37
A50: 45796 | B50: https://www.azzureredes.com/fita-de-marcacao/fita-de-marcacao-para-volei-de-praia-16x8 | C50: J FREITAS ROCHA EIRELI | D50: 1 | E50: AZZURE CORDAS E REDES ESPORTIVAS | F50: (44) 99861-3102 | G50: 179.9
F51: MEDIANA: | G51: =MEDIAN(G48:G50) -> 179.9
A52: COTAÇÃO 008
A53: DATA | B53: LINK | D53: QUANT. | E53: EMPRESA | F53: TELEFONE | G53: VALOR (R$)
A54: 45470 | B54: https://www.jvesportes.com.br/trave-de-futebol-society-modelo-oficial.html?gad_source=1&gad_campaignid=21172347746&gbraid=0AAAAADSYGx6_4CI8xAqpxHog59b0-IKt0&gclid=CjwKCAjwravBBhBjEiwAIr30VH3s_TMWoMh1GCFtsDtZWaj0syOJtZLa7pGwZCrRJsQVHfEVB0LT7BoC5wQQAvD_BwE | D54: 1 | E54: JVESPORTES | F54: (11) 99939-2074 | G54: 5300
A55: 45470 | B55: https://www.wkesportes.com.br/none-34699140 | C55: INICIAL CONSTRUÇÕES | D55: 1 | E55: WK ESPORTES | G55: 5000
A56: 45470 | B56: https://lojasnedel.com.br/produtos/trave-de-futebol-society-tradicional-oficial/?srsltid=AfmBOopDo3eqYa7yqCpabTLubrJ5NFzSefSVSAz6XcCztRdERBCBLU_e | C56: J FREITAS ROCHA EIRELI | D56: 1 | E56: NEDEL | F56: (51) 99515-8476 | G56: 6654.9
F57: MEDIANA: | G57: =MEDIAN(G54:G56) -> 5300
A58: COTAÇÃO 009
A59: DATA | B59: LINK | D59: QUANT. | E59: EMPRESA | F59: TELEFONE | G59: VALOR (R$)
A60: 45470 | B60: https://www.eletrotrafo.com.br/plafon-led-quadrado-sobrepor-285x28cm-3000k-24w-1680lms-br-ref-7021595-ledva-02170434/p?idsku=20302&gad_source=1&gad_campaignid=21957496548&gbraid=0AAAAAClsUANEhxwO0hI1o9kv462kz-_8N&gclid=CjwKCAjwravBBhBjEiwAIr30VBkJYAwc7n7bP8VG6zk1jMk2libBZB_VgHd08LlXpBVbqnSeN9i7xxoCo7cQAvD_BwE | D60: 1 | E60: ELETROTRAFO | F60: (43) 3520-5000 | G60: 91.97
A61: 45470 | B61: https://laydner.com/produtos/7014221-ledvance-slim-plafon-24w-6500-quad-g2-225cm/?srsltid=AfmBOooUj5_K8myCa86hco1jdxyR2dXvDANPkeNoIddc7-MlYdfw8If6 | C61: INICIAL CONSTRUÇÕES | D61: 1 | E61: LAYDNER | F61: (15) 3251-9305 | G61: 79.44
A62: 45470 | B62: https://loja.eletronor.com.br/luminaria-led-plafon-emb--quad--300x300mm-24w-4000k-2200lm-bivolt-ref--7014200---ledvance/p?srsltid=AfmBOoqa5Cn4VYheOErplgo6IgUHUAu284vX5709A2vjHHal1bwWeoSh | C62: J FREITAS ROCHA EIRELI | D62: 1 | E62: ELETRONOR | F62: (54) 98148-3800 | G62: 105.85
F63: MEDIANA: | G63: =MEDIAN(G60:G62) -> 91.97
A64: COTAÇÃO 010
A65: DATA | B65: LINK | D65: QUANT. | E65: EMPRESA | F65: TELEFONE | G65: VALOR (R$)
A66: 45470 | B66: https://www.gismar.com.br/products/rede-de-protecao-esportiva-para-tenis-e-beach-tennis-nylon | D66: 1 | E66: GISMAR REDES | F66: (11) 2079-2309 | G66: 9.24
A67: 45470 | B67: https://www.srredes.com.br/rede-de-protecao-esportiva-para-quadras-de-tenis-malha-4x4cm | C67: INICIAL CONSTRUÇÕES | D67: 1 | E67: SR REDES ESPORTIVAS | G67: 7.89
A68: 45470 | B68: https://www.azzureredes.com/fita-de-marcacao/fita-de-marcacao-para-volei-de-praia-16x8 | C68: J FREITAS ROCHA EIRELI | D68: 1 | E68: AZZURE CORDAS E REDES ESPORTIVAS | F68: (44) 99861-3102 | G68: 5.7
F69: MEDIANA: | G69: =MEDIAN(G66:G68) -> 7.89
A70: COTAÇÃO 011
A71: DATA | B71: LINK | D71: QUANT. | E71: EMPRESA | F71: TELEFONE | G71: VALOR (R$)
A72: 45470 | B72: https://www.otenista.com/kit-multsports-com-regulagem-beach-volei-e-futevole-poste-double?parceiro=1993&utm_source=googleads&utm_medium=paidshopping&utm_campaign=22227562242&utm_term=&utm_content=&gad_source=1&gad_campaignid=22237920850&gbraid=0AAAAADw4dTpxECZuOiZ0cEFjlrCw1mEH7&gclid=CjwKCAjw6NrBBhB6EiwAvnT_rmo0uYpOYEoQwAlbLSqHarujF2EH1b4AM6fmLhjRvcirGCcU24-qihoCSGgQAvD_BwE | D72: 1 | E72: O TENISTA | F72: (11) 2096-4884 | G72: 3849.81
A73: 45470 | B73: https://www.magnumredes.com.br/beach-tennis/acessorios-mastro-demarcacao/trilho-regulador-para-beach-tennis-voleifutevolei-com-cremalheira-e-cinco-regulagens-par?parceiro=4138&gad_source=1&gad_campaignid=18467924334&gbraid=0AAAAAo76dGNlaikTEVqLVL91Cwl-mJTxk&gclid=CjwKCAjw6NrBBhB6EiwAvnT_rv0N851_zfdQSN3IIYUaIgdD7Mf32u0erVtNzAnLlGF8Q4ojf6pHWxoCoR0QAvD_BwE&variant_id=755 | C73: INICIAL CONSTRUÇÕES | D73: 1 | E73: MAGNUM CORDAS E REDES ESPORTIVAS | F73: (44) 99980-0219 | G73: 980
A74: 45470 | B74: https://www.azzureredes.com/beach-tennis/postemastro-de-rede-com-regulagem-para-beach-tennis-volei-e-futevolei?variant_id=413&gad_source=1&gad_campaignid=20918861689&gbraid=0AAAAAo1ewta7bSn_lIOoy4gChHlJngrc7 | C74: J FREITAS ROCHA EIRELI | D74: 1 | E74: AZZURE CORDAS E REDES ESPORTIVAS | F74: (44) 99861-3102 | G74: 1529.9
F75: MEDIANA: | G75: =MEDIAN(G72:G74) -> 1529.9
A76: COTAÇÃO 012
A77: DATA | B77: LINK | D77: QUANT. | E77: EMPRESA | F77: TELEFONE | G77: VALOR (R$)
A78: 45470 | B78: https://www.gismar.com.br/products/rede-volei-de-praia-premium-personalizada | D78: 1 | E78: GISMAR REDES | F78: (11) 2079-2309 | G78: 668.9
A79: 45470 | B79: https://www.magnumredes.com.br/outros/rede-multisports-personalizada | C79: INICIAL CONSTRUÇÕES | D79: 1 | E79: MAGNUM CORDAS E REDES ESPORTIVAS | F79: (44) 99980-0219 | G79: 616.55
A80: 45470 | B80: https://www.azzureredes.com/beach-tennis/rede-de-multi-esportiva-personalizada | C80: J FREITAS ROCHA EIRELI | D80: 1 | E80: AZZURE CORDAS E REDES ESPORTIVAS | F80: (44) 99861-3102 | G80: 679.9
F81: MEDIANA: | G81: =MEDIAN(G78:G80) -> 668.9
A82: COTAÇÃO 013
A83: DATA | B83: LINK | D83: QUANT. | E83: EMPRESA | F83: TELEFONE | G83: VALOR (R$)
A84: =TODAY() -> 45936 | B84: https://hiperferro.com.br/barras-e-perfis/barra-quadrada.html?srsltid=AfmBOopkbuTHnV779OWLB6B2jP8sK-GnZ8_XKbjZrZS_FNfPLzvHlZaF | C84: INICIAL CONSTRUÇÕES | D84: 1 | E84: HIPERFERRO | G84: 12.47
A85: 45470 | B85: https://www.brasferaco.com.br/viga-i-5-x-1-alma-aco-6-metros-laminada | C85: INICIAL CONSTRUÇÕES | D85: 1 | E85: BRASFER | F85: (11) 3988-3022 | G85: 16.56
C86: J FREITAS ROCHA EIRELI
F87: MEDIANA: | G87: 12.47
A88: RESPONSÁVEL TÉCNICO ORÇAMENTISTA
A92: JOÃO GUSTAVO FARIA DOS SANTOS JÚNIOR
A93: ENG. CIVIL - CREA Nº 64045506/SP

Sheet CAL VOL. REDE COL.
A1: Obra: | B1: =PLANILHA!B1 -> Construção de rede de drenagem pluvial
A2: Proprietário: | B2: =PLANILHA!B2 -> Prefeitura Municipal de Indiavaí
A3: Local: | B3: =PLANILHA!B3 -> Avenida Governador Jayme Campos
A4: Data: | B4: =DESCRIÇÃO!B4 -> 30 de julho de 2021
A5: CÁLCULO DE VOLUMES TUBOS COLETORES (BL - PV)
A6: TRECHO | B6: DIÂMETRO (MM) | C6: EXTENSÃO (M) | D6: LARGURA DE ESCAVAÇÃO (M) | E6: PROFUNDIDADE MON. (M) | F6: INCLINAÇÃO (%) | G6: ESP. PAREDE DE TUBO (M) | H6: ESP. BERÇO DE AREIA (M) | I6: VOL. BERÇO DE AREIA (M³) | J6: VOL. ESCAVAÇÃO (M³) | K6: VOL. REATERRO (M³)
A9: T1 | B9: 0.4 | C9: 16.32 | D9: 0.9 | E9: 1 | F9: 1.89 | G9: 0.06 | H9: =0.1 -> 0.1 | I9: =(C9*D9)*H9 -> 1.4688 | J9: =(C9*D9)*(E9+((C9*F9/100)/2)) -> 16.953242 | K9: =(C9*D9)*(E9+(C9*((F9/100)/2)))-(((PI()*(((B9+(G9*2))/2)^2))*C9)+(H9*C9*D9)) -> 12.018537
A10: T2 | B10: 0.4 | C10: 15.47 | D10: 0.9 | E10: 1 | F10: 7.16 | G10: 0.06 | H10: =0.1 -> 0.1 | I10: =(C10*D10)*H10 -> 1.3923 | J10: =(C10*D10)*(E10+((C10*F10/100)/2)) -> 21.633919 | K10: =(C10*D10)*(E10+(C10*((F10/100)/2)))-(((PI()*(((B10+(G10*2))/2)^2))*C10)+(H10*C10*D10)) -> 16.95623
A11: T3 | B11: 0.4 | C11: 14.12 | D11: 0.9 | E11: 1 | F11: 2.37 | G11: 0.08 | H11: =0.1 -> 0.1 | I11: =(C11*D11)*H11 -> 1.2708 | J11: =(C11*D11)*((E11+F11)/2) -> 21.41298 | K11: =(C11*D11)*((E11+F11)/2)-(((PI()*(((B11+(G11*2))/2)^2))*C11)+(H11*C11*D11)) -> 16.664412
A12: T4 | B12: 0.4 | C12: 15.98 | D12: 0.9 | E12: 1 | F12: 0.59 | G12: 0.08 | H12: =0.1 -> 0.1 | I12: =(C12*D12)*H12 -> 1.4382 | J12: =(C12*D12)*((E12+F12)/2) -> 11.43369 | K12: =(C12*D12)*((E12+F12)/2)-(((PI()*(((B12+(G12*2))/2)^2))*C12)+(H12*C12*D12)) -> 6.0596022
A13: T5 | B13: 0.4 | C13: 16.11 | D13: 0.9 | E13: 1 | F13: 0.97 | G13: 0.08 | H13: =0.1 -> 0.1 | I13: =(C13*D13)*H13 -> 1.4499 | J13: =(C13*D13)*((E13+F13)/2) -> 14.281515 | K13: =(C13*D13)*((E13+F13)/2)-(((PI()*(((B13+(G13*2))/2)^2))*C13)+(H13*C13*D13)) -> 8.8637081
A14: T6 | B14: 0.4 | C14: 14.71 | D14: 0.9 | E14: 1 | F14: 1.11 | G14: 0.08 | H14: =0.1 -> 0.1 | I14: =(C14*D14)*H14 -> 1.3239 | J14: =(C14*D14)*((E14+F14)/2) -> 13.967145 | K14: =(C14*D14)*((E14+F14)/2)-(((PI()*(((B14+(G14*2))/2)^2))*C14)+(H14*C14*D14)) -> 9.0201593
A15: T7 | B15: 0.4 | C15: 15.23 | D15: 0.9 | E15: 1 | F15: 0.46 | G15: 0.08 | H15: =0.1 -> 0.1 | I15: =(C15*D15)*H15 -> 1.3707 | J15: =(C15*D15)*((E15+F15)/2) -> 10.00611 | K15: =(C15*D15)*((E15+F15)/2)-(((PI()*(((B15+(G15*2))/2)^2))*C15)+(H15*C15*D15)) -> 4.8842478
A16: T8 | B16: 0.4 | C16: 13.53 | D16: 0.9 | E16: 1 | F16: 0.42 | G16: 0.08 | H16: =0.1 -> 0.1 | I16: =(C16*D16)*H16 -> 1.2177 | J16: =(C16*D16)*((E16+F16)/2) -> 8.64567 | K16: =(C16*D16)*((E16+F16)/2)-(((PI()*(((B16+(G16*2))/2)^2))*C16)+(H16*C16*D16)) -> 4.0955193
A17: T9 | B17: 0.4 | C17: 12.98 | D17: 0.9 | E17: 1 | F17: 0.41 | G17: 0.08 | H17: =0.1 -> 0.1 | I17: =(C17*D17)*H17 -> 1.1682 | J17: =(C17*D17)*((E17+F17)/2) -> 8.23581 | K17: =(C17*D17)*((E17+F17)/2)-(((PI()*(((B17+(G17*2))/2)^2))*C17)+(H17*C17*D17)) -> 3.8706248
A18: T10 | B18: 0.4 | C18: 11.51 | D18: 0.9 | E18: 1 | F18: 1.57 | G18: 0.06 | H18: =0.1 -> 0.1 | I18: =(C18*D18)*H18 -> 1.0359 | J18: =(C18*D18)*(E18+((C18*F18/100)/2)) -> 11.294972 | K18: =(C18*D18)*(E18+(C18*((F18/100)/2)))-(((PI()*(((B18+(G18*2))/2)^2))*C18)+(H18*C18*D18)) -> 7.8146741
A19: T11 | B19: 0.4 | C19: 14.25 | D19: 0.9 | E19: 1 | F19: 0.84 | G19: 0.06 | H19: =0.1 -> 0.1 | I19: =(C19*D19)*H19 -> 1.2825 | J19: =(C19*D19)*(E19+((C19*F19/100)/2)) -> 13.592576 | K19: =(C19*D19)*(E19+(C19*((F19/100)/2)))-(((PI()*(((B19+(G19*2))/2)^2))*C19)+(H19*C19*D19)) -> 9.28378
A20: T12 | B20: 0.4 | C20: 12.93 | D20: 0.9 | E20: 1 | F20: 0.5 | G20: 0.08 | H20: =0.1 -> 0.1 | I20: =(C20*D20)*H20 -> 1.1637 | J20: =(C20*D20)*((E20+F20)/2) -> 8.72775 | K20: =(C20*D20)*((E20+F20)/2)-(((PI()*(((B20+(G20*2))/2)^2))*C20)+(H20*C20*D20)) -> 4.3793798
A21: T13 | B21: 0.4 | C21: 18.26 | D21: 0.9 | E21: 1 | F21: 1.13 | G21: 0.08 | H21: =0.1 -> 0.1 | I21: =(C21*D21)*H21 -> 1.6434 | J21: =(C21*D21)*((E21+F21)/2) -> 17.50221 | K21: =(C21*D21)*((E21+F21)/2)-(((PI()*(((B21+(G21*2))/2)^2))*C21)+(H21*C21*D21)) -> 11.361356
A22: T14 | B22: 0.4 | C22: 11.56 | D22: 0.9 | E22: 1 | F22: 2.4 | G22: 0.08 | H22: =0.1 -> 0.1 | I22: =(C22*D22)*H22 -> 1.0404 | J22: =(C22*D22)*((E22+F22)/2) -> 17.6868 | K22: =(C22*D22)*((E22+F22)/2)-(((PI()*(((B22+(G22*2))/2)^2))*C22)+(H22*C22*D22)) -> 13.799162
A23: T15 | B23: 0.4 | C23: 14.29 | D23: 0.9 | E23: 1 | F23: 1.44 | G23: 0.08 | H23: =0.1 -> 0.1 | I23: =(C23*D23)*H23 -> 1.2861 | J23: =(C23*D23)*((E23+F23)/2) -> 15.69042 | K23: =(C23*D23)*((E23+F23)/2)-(((PI()*(((B23+(G23*2))/2)^2))*C23)+(H23*C23*D23)) -> 10.884681
A24: T16 | B24: 0.4 | C24: 11.6 | D24: 0.9 | E24: 1 | F24: 0.5 | G24: 0.08 | H24: =0.1 -> 0.1 | I24: =(C24*D24)*H24 -> 1.044 | J24: =(C24*D24)*((E24+F24)/2) -> 7.83 | K24: =(C24*D24)*((E24+F24)/2)-(((PI()*(((B24+(G24*2))/2)^2))*C24)+(H24*C24*D24)) -> 3.92891
A25: T17 | B25: 0.4 | C25: 15.74 | D25: 0.9 | E25: 1 | F25: 1.68 | G25: 0.08 | H25: =0.1 -> 0.1 | I25: =(C25*D25)*H25 -> 1.4166 | J25: =(C25*D25)*((E25+F25)/2) -> 18.98244 | K25: =(C25*D25)*((E25+F25)/2)-(((PI()*(((B25+(G25*2))/2)^2))*C25)+(H25*C25*D25)) -> 13.689064
A26: T18 | B26: 0.4 | C26: 13.1 | D26: 0.9 | E26: 1 | F26: 1.74 | G26: 0.08 | H26: =0.1 -> 0.1 | I26: =(C26*D26)*H26 -> 1.179 | J26: =(C26*D26)*((E26+F26)/2) -> 16.1523 | K26: =(C26*D26)*((E26+F26)/2)-(((PI()*(((B26+(G26*2))/2)^2))*C26)+(H26*C26*D26)) -> 11.746759
A27: T19 | B27: 0.4 | C27: 15.16 | D27: 0.9 | E27: 1 | F27: 0.97 | G27: 0.08 | H27: =0.1 -> 0.1 | I27: =(C27*D27)*H27 -> 1.3644 | J27: =(C27*D27)*((E27+F27)/2) -> 13.43934 | K27: =(C27*D27)*((E27+F27)/2)-(((PI()*(((B27+(G27*2))/2)^2))*C27)+(H27*C27*D27)) -> 8.3410189
A28: T20 | B28: 0.4 | C28: 13.69 | D28: 0.9 | E28: 1 | F28: 2.98 | G28: 0.08 | H28: =0.1 -> 0.1 | I28: =(C28*D28)*H28 -> 1.2321 | J28: =(C28*D28)*((E28+F28)/2) -> 24.51879 | K28: =(C28*D28)*((E28+F28)/2)-(((PI()*(((B28+(G28*2))/2)^2))*C28)+(H28*C28*D28)) -> 19.914831
A29: T21 | B29: 0.4 | C29: 14.17 | D29: 0.9 | E29: 1 | F29: 0.5 | G29: 0.08 | H29: =0.1 -> 0.1 | I29: =(C29*D29)*H29 -> 1.2753 | J29: =(C29*D29)*((E29+F29)/2) -> 9.56475 | K29: =(C29*D29)*((E29+F29)/2)-(((PI()*(((B29+(G29*2))/2)^2))*C29)+(H29*C29*D29)) -> 4.7993668
A30: T22 | B30: 0.4 | C30: 13.5 | D30: 0.9 | E30: 1 | F30: 2.96 | G30: 0.08 | H30: =0.1 -> 0.1 | I30: =(C30*D30)*H30 -> 1.215 | J30: =(C30*D30)*((E30+F30)/2) -> 24.057 | K30: =(C30*D30)*((E30+F30)/2)-(((PI()*(((B30+(G30*2))/2)^2))*C30)+(H30*C30*D30)) -> 19.516938
A31: T23 | B31: 0.4 | C31: 10.33 | D31: 0.9 | E31: 1 | F31: 3 | G31: 0.08 | H31: =0.1 -> 0.1 | I31: =(C31*D31)*H31 -> 0.9297 | J31: =(C31*D31)*((E31+F31)/2) -> 18.594 | K31: =(C31*D31)*((E31+F31)/2)-(((PI()*(((B31+(G31*2))/2)^2))*C31)+(H31*C31*D31)) -> 15.120012
A32: T24 | B32: 0.4 | C32: 9.28 | D32: 0.9 | E32: 1 | F32: 2.83 | G32: 0.08 | H32: =0.1 -> 0.1 | I32: =(C32*D32)*H32 -> 0.8352 | J32: =(C32*D32)*((E32+F32)/2) -> 15.99408 | K32: =(C32*D32)*((E32+F32)/2)-(((PI()*(((B32+(G32*2))/2)^2))*C32)+(H32*C32*D32)) -> 12.873208
A33: TOTAIS: | I33: =SUM(I9:I32) -> 30.0438 | J33: =SUM(J9:J32) -> 360.19751 | K33: =SUM(K9:K32) -> 249.88618
A34: RESPONSÁVEL TÉCNICO ORÇAMENTISTA | D34: CONTRATANTE | G34: OBSERVAÇÕES:
A38: JOÃO GUSTAVO FARIA DOS SANTOS JÚNIOR | D38: PREFEITURA MUNICIPAL DE INDIAVAÍ
A39: ENG. CIVIL - CREA Nº 5064045506 | D39: PREFEITO MUNICIPAL

Sheet CÁLCULO DE VOL E ESC REDE PRIN.
A1: Obra: | B1: =PLANILHA!B1 -> Construção de rede de drenagem pluvial
A2: Proprietário: | B2: =PLANILHA!B2 -> Prefeitura Municipal de Indiavaí
A3: Local: | B3: =PLANILHA!B3 -> Avenida Governador Jayme Campos
A4: Data: | B4: =DESCRIÇÃO!B4 -> 30 de julho de 2021
A5: CÁLCULO DE VOLUMES E ESCORAMENTO - TRECHOS DE DRENAGEM
A6: TRECHO | B6: DIÂMETRO (M) | C6: EXTENSÃO (M) | D6: LARGURA DE ESCAVAÇÃO (M) | E6: PROFUNDIDADE MON. (M) | F6: PROFUNDIDADE JUS. (M) | G6: ESP. PAREDE DE TUBO (M) | H6: ESP. BERÇO DE AREIA (M) | I6: VOL. BERÇO DE AREIA (M³) | J6: VOL. ESCAVAÇÃO (M³) | K6: VOL. REATERRO (M³) | L6: ÁREA ESCORAMENTO (M²)
A9: T1 | B9: 0.6 | C9: 88 | D9: 1 | E9: 1.8 | F9: 1.96 | G9: 0.06 | H9: =0.1 -> 0.1 | I9: =(C9*D9)*H9 -> 8.8 | J9: =(C9*D9)*((E9+F9)/2) -> 165.44 | K9: =(C9*D9)*((E9+F9)/2)-(((PI()*(((B9+(G9*2))/2)^2))*C9)+(H9*C9*D9)) -> 120.81076 | L9: =C9*((E9+F9)/2) -> 165.44
A10: T2 | B10: 0.6 | C10: 110 | D10: 1 | E10: 1.96 | F10: 2.2 | G10: 0.06 | H10: =0.1 -> 0.1 | I10: =(C10*D10)*H10 -> 11 | J10: =(C10*D10)*((E10+F10)/2) -> 228.8 | K10: =(C10*D10)*((E10+F10)/2)-(((PI()*(((B10+(G10*2))/2)^2))*C10)+(H10*C10*D10)) -> 173.01346 | L10: =C10*((E10+F10)/2) -> 228.8
A11: T3 | B11: 0.8 | C11: 110 | D11: 1.3 | E11: 2.2 | F11: 4.18 | G11: 0.07 | H11: =0.1 -> 0.1 | I11: =(C11*D11)*H11 -> 14.3 | J11: =(C11*D11)*((E11+F11)/2) -> 456.17 | K11: =(C11*D11)*((E11+F11)/2)-(((PI()*(((B11+(G11*2))/2)^2))*C11)+(H11*C11*D11)) -> 365.53244 | L11: =C11*((E11+F11)/2) -> 350.9
A12: T4 | B12: 0.8 | C12: 110 | D12: 1.3 | E12: 4.18 | F12: 2.91 | G12: 0.07 | H12: =0.1 -> 0.1 | I12: =(C12*D12)*H12 -> 14.3 | J12: =(C12*D12)*((E12+F12)/2) -> 506.935 | K12: =(C12*D12)*((E12+F12)/2)-(((PI()*(((B12+(G12*2))/2)^2))*C12)+(H12*C12*D12)) -> 416.29744 | L12: =C12*((E12+F12)/2) -> 389.95
A13: T5 | B13: 0.8 | C13: 110 | D13: 1.3 | E13: 2.91 | F13: 2.3 | G13: 0.07 | H13: =0.1 -> 0.1 | I13: =(C13*D13)*H13 -> 14.3 | J13: =(C13*D13)*((E13+F13)/2) -> 372.515 | K13: =(C13*D13)*((E13+F13)/2)-(((PI()*(((B13+(G13*2))/2)^2))*C13)+(H13*C13*D13)) -> 281.87744 | L13: =C13*((E13+F13)/2) -> 286.55
A14: T6 | B14: 0.8 | C14: 110 | D14: 1.3 | E14: 2.3 | F14: 2.3 | G14: 0.07 | H14: =0.1 -> 0.1 | I14: =(C14*D14)*H14 -> 14.3 | J14: =(C14*D14)*((E14+F14)/2) -> 328.9 | K14: =(C14*D14)*((E14+F14)/2)-(((PI()*(((B14+(G14*2))/2)^2))*C14)+(H14*C14*D14)) -> 238.26244 | L14: =C14*((E14+F14)/2) -> 253
A15: T7 | B15: 0.8 | C15: 78 | D15: 1.3 | E15: 2.3 | F15: 2.33 | G15: 0.07 | H15: =0.1 -> 0.1 | I15: =(C15*D15)*H15 -> 10.14 | J15: =(C15*D15)*((E15+F15)/2) -> 234.741 | K15: =(C15*D15)*((E15+F15)/2)-(((PI()*(((B15+(G15*2))/2)^2))*C15)+(H15*C15*D15)) -> 170.47073 | L15: =C15*((E15+F15)/2) -> 180.57
A16: T8 | B16: 0.8 | C16: 89 | D16: 1.3 | E16: 2.33 | F16: 2.3 | G16: 0.07 | H16: =0.1 -> 0.1 | I16: =(C16*D16)*H16 -> 11.57 | J16: =(C16*D16)*((E16+F16)/2) -> 267.8455 | K16: =(C16*D16)*((E16+F16)/2)-(((PI()*(((B16+(G16*2))/2)^2))*C16)+(H16*C16*D16)) -> 194.51147 | L16: =C16*((E16+F16)/2) -> 206.035
A17: T9 | B17: 0.8 | C17: 23 | D17: 1.3 | E17: 2.3 | F17: 2.3 | G17: 0.07 | H17: =0.1 -> 0.1 | I17: =(C17*D17)*H17 -> 2.99 | J17: =(C17*D17)*((E17+F17)/2) -> 68.77 | K17: =(C17*D17)*((E17+F17)/2)-(((PI()*(((B17+(G17*2))/2)^2))*C17)+(H17*C17*D17)) -> 49.81851 | L17: =C17*((E17+F17)/2) -> 52.9
A18: T10 | B18: 1 | C18: 79 | D18: 1.5 | E18: 2.3 | F18: 2.3 | G18: 0.1 | H18: =0.1 -> 0.1 | I18: =(C18*D18)*H18 -> 11.85 | J18: =(C18*D18)*((E18+F18)/2) -> 272.55 | K18: =(C18*D18)*((E18+F18)/2)-(((PI()*(((B18+(G18*2))/2)^2))*C18)+(H18*C18*D18)) -> 171.3531 | L18: =C18*((E18+F18)/2) -> 181.7
A19: TOTAIS: | I19: =SUM(I9:I17) -> 101.7 | J19: =SUM(J9:J17) -> 2630.1165 | K19: =SUM(K9:K17) -> 2010.5947 | L19: =SUM(L9:L17) -> 2114.145
A20: RESPONSÁVEL TÉCNICO ORÇAMENTISTA | D20: CONTRATANTE | G20: OBSERVAÇÕES:
A24: JOÃO GUSTAVO FARIA DOS SANTOS JÚNIOR | D24: PREFEITURA MUNICIPAL DE INDIAVAÍ
A25: ENG. CIVIL - CREA Nº 5064045506 | D25: PREFEITO MUNICIPAL

Sheet CALC. DIMEN.
A1: Obra: | B1: =PLANILHA!B1 -> Construção de rede de drenagem pluvial
A2: Proprietário: | B2: =PLANILHA!B2 -> Prefeitura Municipal de Indiavaí
A3: Local: | B3: =PLANILHA!B3 -> Avenida Governador Jayme Campos
A4: Data: | B4: =DESCRIÇÃO!B4 -> 30 de julho de 2021
A5: CÁLCULO DE DIMENSIONAMENTO DE TUBOS
A6: TRECHO | B6: ÁREAS DE CONTRIBUIÇÃO (HA) | C6: EXTENSÃO (M) | D6: COTA MON (M) | E6: COTA JUS (M) | F6: INCLINAÇÃO (M/M) | G6: VAZÃO SARJETAS TRECHO (M³/S) | H6: VAZÃO SARJETAS ACUM. (M³/S) | I6: DIÂMETRO CALCULADO (M) | J6: DIÂMETRO COMERCIAL (M) | K6: VERIFICAÇÃO | L6: PRÓX. DIÂMETRO COMERCIAL (M) | M6: VERIFICAÇÃO
A9: T1 | B9: 0.2554 | C9: 88 | D9: 200.82 | E9: 199 | F9: =(D9-E9)/C9 -> 0.020681818 | G9: =(B9*0.01*$C$21*$C$22)/3.6 -> 0.044517639 | H9: =(B9*0.01*C22*C21)/3.6 -> 0.044517639 | I9: =1.55*((($C$23*H9)/(F9^(1/2)))^(3/8)) -> 0.19592376 | J9: 0.6 | K9: =IF('CAL VERIFICAÇÕES'!Q9="OK","OK","NÃO OK") -> OK | L9: - | M9: -
A10: T2 | B10: 1.227 | C10: 110 | D10: 199 | E10: 196.56 | F10: =(D10-E10)/C10 -> 0.022181818 | G10: =(B10*0.01*$C$21*$C$22)/3.6 -> 0.21387292 | H10: =G10+H9 -> 0.25839056 | I10: =1.55*((($C$23*H10)/(F10^(1/2)))^(3/8)) -> 0.3739295 | J10: 0.6 | K10: =IF('CAL VERIFICAÇÕES'!Q10="OK","OK","NÃO OK") -> OK | L10: - | M10: -
A11: T3 | B11: 1.2366 | C11: 110 | D11: 196.56 | E11: 196.01 | F11: =(D11-E11)/C11 -> 0.005 | G11: =(B11*0.01*$C$21*$C$22)/3.6 -> 0.21554625 | H11: =G11+H10 -> 0.47393681 | I11: =1.55*((($C$23*H11)/(F11^(1/2)))^(3/8)) -> 0.62072429 | J11: 0.8 | K11: =IF('CAL VERIFICAÇÕES'!Q11="OK","OK","NÃO OK") -> OK | L11: - | M11: -
A12: T4 | B12: 0.8083 | C12: 110 | D12: 196.01 | E12: 195.46 | F12: =(D12-E12)/C12 -> 0.005 | G12: =(B12*0.01*$C$21*$C$22)/3.6 -> 0.14089118 | H12: =G12+H11 -> 0.61482799 | I12: =1.55*((($C$23*H12)/(F12^(1/2)))^(3/8)) -> 0.68436248 | J12: 0.8 | K12: =IF('CAL VERIFICAÇÕES'!Q12="OK","OK","NÃO OK") -> OK | L12: - | M12: -
A13: T5 | B13: 1.2438 | C13: 110 | D13: 195.46 | E13: 193.74 | F13: =(D13-E13)/C13 -> 0.015636364 | G13: =(B13*0.01*$C$21*$C$22)/3.6 -> 0.21680125 | H13: =G13+H12 -> 0.83162924 | I13: =1.55*((($C$23*H13)/(F13^(1/2)))^(3/8)) -> 0.61891877 | J13: 0.8 | K13: =IF('CAL VERIFICAÇÕES'!Q13="OK","OK","NÃO OK") -> OK | L13: - | M13: -
A14: T6 | B14: 1.18 | C14: 110 | D14: 193.74 | E14: 190.63 | F14: =(D14-E14)/C14 -> 0.028272727 | G14: =(B14*0.01*$C$21*$C$22)/3.6 -> 0.20568056 | H14: =G14+H13 -> 1.0373098 | I14: =1.55*((($C$23*H14)/(F14^(1/2)))^(3/8)) -> 0.60172034 | J14: 0.8 | K14: =IF('CAL VERIFICAÇÕES'!Q14="OK","OK","NÃO OK") -> OK | L14: - | M14: -
A15: T7 | B15: 0.7436 | C15: 78 | D15: 190.63 | E15: 188.71 | F15: =(D15-E15)/C15 -> 0.024615385 | G15: =(B15*0.01*$C$21*$C$22)/3.6 -> 0.12961361 | H15: =G15+H14 -> 1.1669234 | I15: =1.55*((($C$23*H15)/(F15^(1/2)))^(3/8)) -> 0.64543141 | J15: 0.8 | K15: =IF('CAL VERIFICAÇÕES'!Q15="OK","OK","NÃO OK") -> OK | L15: - | M15: -
A16: T8 | B16: 1.2844 | C16: 89 | D16: 188.71 | E16: 186.06 | F16: =(D16-E16)/C16 -> 0.029775281 | G16: =(B16*0.01*$C$21*$C$22)/3.6 -> 0.22387806 | H16: =G16+H15 -> 1.3908015 | I16: =1.55*((($C$23*H16)/(F16^(1/2)))^(3/8)) -> 0.66517651 | J16: 0.8 | K16: =IF('CAL VERIFICAÇÕES'!Q16="OK","OK","NÃO OK") -> OK | L16: - | M16: -
A17: T9 | B17: 1.2844 | C17: 23 | D17: 186.06 | E17: 185.45 | F17: =(D17-E17)/C17 -> 0.026521739 | G17: =(B17*0.01*$C$21*$C$22)/3.6 -> 0.22387806 | H17: =G17+H16 -> 1.6146795 | I17: =1.55*((($C$23*H17)/(F17^(1/2)))^(3/8)) -> 0.7188983 | J17: 0.8 | K17: =IF('CAL VERIFICAÇÕES'!Q17="OK","OK","NÃO OK") -> OK | L17: - | M17: -
A18: T10 | B18: 0 | C18: 79 | D18: 185.45 | E18: 184.83 | F18: =(D18-E18)/C18 -> 0.0078481013 | G18: =(B18*0.01*$C$21*$C$22)/3.6 -> 0 | H18: =G18+H17 -> 1.6146795 | I18: =1.55*((($C$23*H18)/(F18^(1/2)))^(3/8)) -> 0.90328431 | J18: 1 | K18: =IF('CAL VERIFICAÇÕES'!Q18="OK","OK","NÃO OK") -> OK | L18: - | M18: -
B20: DADOS
B21: C | C21: 0.5
B22: i | C22: 125.5
B23: MANNING | C23: 0.013
B24: TEMPO DE CONCENTRAÇÃO | C24: 15 MINUTOS
B25: PERÍODO DE RETORNO | C25: 10 ANOS
A27: RESPONSÁVEL TÉCNICO ORÇAMENTISTA | E27: CONTRATANTE | H27: OBSERVAÇÕES:
H29: DEVIDO A RISCOS DE ENTUPIMENTO NÃO SERÃO USADOS TUBOS COM DIÂMETROS INFERIORES A 60 CM NAS REDES PRINCIPAIS.
A31: JOÃO GUSTAVO FARIA DOS SANTOS JÚNIOR | E31: PREFEITURA MUNICIPAL DE INDIAVAÍ | H31: NÃO HAVERÁ DIMINUIÇÃO DE DIÂMETRO DURANTE O PERCURSO DE REDE.
A32: ENG. CIVIL - CREA Nº 5064045506 | E32: PREFEITO MUNICIPAL

Sheet CAL VERIFICAÇÕES
A1: Obra: | B1: =PLANILHA!B1 -> Construção de rede de drenagem pluvial
A2: Proprietário: | B2: =PLANILHA!B2 -> Prefeitura Municipal de Indiavaí
A3: Local: | B3: =PLANILHA!B3 -> Avenida Governador Jayme Campos
A4: Data: | B4: =DESCRIÇÃO!B4 -> 30 de julho de 2021
A5: CÁLCULO DE VERIFICAÇÃO DE VAZÕES, VELOCIDADES E DIMENSIONAMENTOS
A6: TRECHO | B6: DIÂMETRO (M) | C6: ÁREAS DE CONTRIBUIÇÃO (HA) | D6: EXTENSÃO (M) | E6: COTA MON (M) | F6: COTA JUS (M) | G6: INCLINAÇÃO (M/M) | H6: VAZÃO SARJETAS TRECHO (M³/S) | I6: VAZÃO SARJETAS ACUM. (M³/S) | J6: VAZÃO PLENA -TUBO (M³/S) | K6: Q/Qp | L6: y/d | M6: y (M) | N6: v/vp | O6: V PLENA (M/S) | P6: V REAL (M/S) | Q6: VERIFICAÇÃO DIMENS. | R6: VERIFICAÇÃO VEL.
A9: T1 | B9: 0.6 | C9: 0.2554 | D9: 88 | E9: 200.82 | F9: 199 | G9: =(E9-F9)/D9 -> 0.020681818 | H9: =(C9*0.01*$C$21*$C$22)/3.6 -> 0.044517639 | I9: =(C9*0.01*C22*C21)/3.6 -> 0.044517639 | J9: =((PI()*(B9^2))/(4*$C$23))*((B9/4)^(2/3))*G9^(1/2) -> 0.88302072 | K9: =I9/J9 -> 0.050415169 | L9: 0.16 | M9: =B9*L9 -> 0.096 | N9: 0.5376 | O9: =J9/((PI()*(B9^2))/4) -> 3.1230469 | P9: =N9*O9 -> 1.67895 | Q9: =IF(L9<0.75,"OK","NÃO OK") -> OK | R9: =IF(P9<5,"OK","NÃO OK") -> OK
A10: T2 | B10: 0.6 | C10: 1.227 | D10: 110 | E10: 199 | F10: 196.56 | G10: =(E10-F10)/D10 -> 0.022181818 | H10: =(C10*0.01*$C$21*$C$22)/3.6 -> 0.21387292 | I10: =H10+I9 -> 0.25839056 | J10: =((PI()*(B10^2))/(4*$C$23))*((B10/4)^(2/3))*G10^(1/2) -> 0.91448188 | K10: =I10/J10 -> 0.28255405 | L10: 0.37 | M10: =B10*L10 -> 0.222 | N10: 0.8675 | O10: =J10/((PI()*(B10^2))/4) -> 3.234318 | P10: =N10*O10 -> 2.8057709 | Q10: =IF(L10<0.75,"OK","NÃO OK") -> OK | R10: =IF(P10<5,"OK","NÃO OK") -> OK
A11: T3 | B11: 0.8 | C11: 1.2366 | D11: 110 | E11: 196.56 | F11: 196.01 | G11: =(E11-F11)/D11 -> 0.005 | H11: =(C11*0.01*$C$21*$C$22)/3.6 -> 0.21554625 | I11: =H11+I10 -> 0.47393681 | J11: =((PI()*(B11^2))/(4*$C$23))*((B11/4)^(2/3))*G11^(1/2) -> 0.93504283 | K11: =I11/J11 -> 0.50686107 | L11: 0.51 | M11: =B11*L11 -> 0.408 | N11: 1.0084 | O11: =J11/((PI()*(B11^2))/4) -> 1.8602086 | P11: =N11*O11 -> 1.8758343 | Q11: =IF(L11<0.75,"OK","NÃO OK") -> OK | R11: =IF(P11<5,"OK","NÃO OK") -> OK
A12: T4 | B12: 0.8 | C12: 0.8083 | D12: 110 | E12: 196.01 | F12: 195.46 | G12: =(E12-F12)/D12 -> 0.005 | H12: =(C12*0.01*$C$21*$C$22)/3.6 -> 0.14089118 | I12: =H12+I11 -> 0.61482799 | J12: =((PI()*(B12^2))/(4*$C$23))*((B12/4)^(2/3))*G12^(1/2) -> 0.93504283 | K12: =I12/J12 -> 0.65753992 | L12: 0.6 | M12: =B12*L12 -> 0.48 | N12: 1.0724 | O12: =J12/((PI()*(B12^2))/4) -> 1.8602086 | P12: =N12*O12 -> 1.9948877 | Q12: =IF(L12<0.75,"OK","NÃO OK") -> OK | R12: =IF(P12<5,"OK","NÃO OK") -> OK
A13: T5 | B13: 0.8 | C13: 1.2438 | D13: 110 | E13: 195.46 | F13: 193.74 | G13: =(E13-F13)/D13 -> 0.015636364 | H13: =(C13*0.01*$C$21*$C$22)/3.6 -> 0.21680125 | I13: =H13+I12 -> 0.83162924 | J13: =((PI()*(B13^2))/(4*$C$23))*((B13/4)^(2/3))*G13^(1/2) -> 1.6535388 | K13: =I13/J13 -> 0.50293906 | L13: 0.51 | M13: =B13*L13 -> 0.408 | N13: 1.0084 | O13: =J13/((PI()*(B13^2))/4) -> 3.2896109 | P13: =N13*O13 -> 3.3172436 | Q13: =IF(L13<0.75,"OK","NÃO OK") -> OK | R13: =IF(P13<5,"OK","NÃO OK") -> OK
A14: T6 | B14: 0.8 | C14: 1.18 | D14: 110 | E14: 193.74 | F14: 190.63 | G14: =(E14-F14)/D14 -> 0.028272727 | H14: =(C14*0.01*$C$21*$C$22)/3.6 -> 0.20568056 | I14: =H14+I13 -> 1.0373098 | J14: =((PI()*(B14^2))/(4*$C$23))*((B14/4)^(2/3))*G14^(1/2) -> 2.2234653 | K14: =I14/J14 -> 0.46652844 | L14: 0.49 | M14: =B14*L14 -> 0.392 | N14: 0.9914 | O14: =J14/((PI()*(B14^2))/4) -> 4.4234436 | P14: =N14*O14 -> 4.385402 | Q14: =IF(L14<0.75,"OK","NÃO OK") -> OK | R14: =IF(P14<5,"OK","NÃO OK") -> OK
A15: T7 | B15: 0.8 | C15: 0.7436 | D15: 78 | E15: 190.63 | F15: 188.71 | G15: =(E15-F15)/D15 -> 0.024615385 | H15: =(C15*0.01*$C$21*$C$22)/3.6 -> 0.12961361 | I15: =H15+I14 -> 1.1669234 | J15: =((PI()*(B15^2))/(4*$C$23))*((B15/4)^(2/3))*G15^(1/2) -> 2.0746738 | K15: =I15/J15 -> 0.56246116 | L15: 0.54 | M15: =B15*L15 -> 0.432 | N15: 1.032 | O15: =J15/((PI()*(B15^2))/4) -> 4.1274323 | P15: =N15*O15 -> 4.2595101 | Q15: =IF(L15<0.75,"OK","NÃO OK") -> OK | R15: =IF(P15<5,"OK","NÃO OK") -> OK
A16: T8 | B16: 0.8 | C16: 1.2844 | D16: 89 | E16: 188.71 | F16: 186.06 | G16: =(E16-F16)/D16 -> 0.029775281 | H16: =(C16*0.01*$C$21*$C$22)/3.6 -> 0.22387806 | I16: =H16+I15 -> 1.3908015 | J16: =((PI()*(B16^2))/(4*$C$23))*((B16/4)^(2/3))*G16^(1/2) -> 2.2817835 | K16: =I16/J16 -> 0.60952385 | L16: 0.57 | M16: =B16*L16 -> 0.456 | N16: 1.0533 | O16: =J16/((PI()*(B16^2))/4) -> 4.539464 | P16: =N16*O16 -> 4.7814175 | Q16: =IF(L16<0.75,"OK","NÃO OK") -> OK | R16: =IF(P16<5,"OK","NÃO OK") -> OK
A17: T9 | B17: 0.8 | C17: 1.2844 | D17: 23 | E17: 186.06 | F17: 185.45 | G17: =(E17-F17)/D17 -> 0.026521739 | H17: =(C17*0.01*$C$21*$C$22)/3.6 -> 0.22387806 | I17: =H17+I16 -> 1.6146795 | J17: =((PI()*(B17^2))/(4*$C$23))*((B17/4)^(2/3))*G17^(1/2) -> 2.153513 | K17: =I17/J17 -> 0.7497886 | L17: 0.6 | M17: =B17*L17 -> 0.48 | N17: 1.0724 | O17: =J17/((PI()*(B17^2))/4) -> 4.284278 | P17: =N17*O17 -> 4.5944597 | Q17: =IF(L17<0.75,"OK","NÃO OK") -> OK | R17: =IF(P17<5,"OK","NÃO OK") -> OK
A18: T10 | B18: 1 | C18: 0 | D18: 79 | E18: 185.45 | F18: 184.83 | G18: =(E18-F18)/D18 -> 0.0078481013 | H18: =(C18*0.01*$C$21*$C$22)/3.6 -> 0 | I18: =H18+I17 -> 1.6146795 | J18: =((PI()*(B18^2))/(4*$C$23))*((B18/4)^(2/3))*G18^(1/2) -> 2.1240048 | K18: =I18/J18 -> 0.7602052 | L18: 0.73 | M18: =B18*L18 -> 0.73 | N18: 1.1288 | O18: =J18/((PI()*(B18^2))/4) -> 2.7043669 | P18: =N18*O18 -> 3.0526894 | Q18: =IF(L18<0.75,"OK","NÃO OK") -> OK | R18: =IF(P18<5,"OK","NÃO OK") -> OK
B20: DADOS
B21: C | C21: 0.5
B22: i | C22: 125.5
B23: MANNING | C23: 0.013
B24: TEMPO DE CONCENTRAÇÃO | C24: 15 MINUTOS
B25: PERÍODO DE RETORNO | C25: 10 ANOS
A27: RESPONSÁVEL TÉCNICO ORÇAMENTISTA | E27: CONTRATANTE | H27: OBSERVAÇÕES:
A31: JOÃO GUSTAVO FARIA DOS SANTOS JÚNIOR | E31: PREFEITURA MUNICIPAL DE INDIAVAÍ
A32: ENG. CIVIL - CREA Nº 5064045506 | E32: PREFEITO MUNICIPAL

Sheet CALC. VOL PV
A1: Obra: | B1: =PLANILHA!B1 -> Construção de rede de drenagem pluvial
A2: Proprietário: | B2: =PLANILHA!B2 -> Prefeitura Municipal de Indiavaí
A3: Local: | B3: =PLANILHA!B3 -> Avenida Governador Jayme Campos
A4: Data: | B4: =DESCRIÇÃO!B4 -> 30 de julho de 2021
A5: CÁLCULO DE VOLUMES POÇOS DE VISITA
A6: TRECHO | B6: TIPO | C6: PROF. PV (M) | D6: COMP. PV (M) | E6: LARG. PV (M) | F6: PROF. ESCAVAÇÃO PV (M) | G6: COMP. ESCAVAÇÃO PV (M) | H6: LARG. ESCAVAÇÃO PV (M) | I6: ALTURA DE CHAMINÉ (M) | J6: VOL. ESCAVAÇÃO (M³) | K6: VOL. REATERRO (M³)
A9: PV-1 | B9: PVI04 | C9: =IF(B9="PVI02",0.8,IF(B9="PVI03",1,IF(B9="PVI04",1.3,IF(B9="PVI05",1.5,IF(B9="PVI06",1.8))))) -> 1.3 | D9: 1.9 | E9: =IF(B9="PVI02",1.3,IF(B9="PVI03",1.4,IF(B9="PVI04",1.5,IF(B9="PVI05",1.7,IF(B9="PVI06",2))))) -> 1.5 | F9: =C9+I9 -> 1.8 | G9: =D9+0.6 -> 2.5 | H9: =E9+0.6 -> 2.1 | I9: 0.5 | J9: =F9*G9*H9 -> 9.45 | K9: =J9-(C9*D9*E9) -> 5.745
A10: PV-2 | B10: PVI04 | C10: =IF(B10="PVI02",0.8,IF(B10="PVI03",1,IF(B10="PVI04",1.3,IF(B10="PVI05",1.5,IF(B10="PVI06",1.8))))) -> 1.3 | D10: 1.9 | E10: =IF(B10="PVI02",1.3,IF(B10="PVI03",1.4,IF(B10="PVI04",1.5,IF(B10="PVI05",1.7,IF(B10="PVI06",2))))) -> 1.5 | F10: =C10+I10 -> 1.96 | G10: =D10+0.6 -> 2.5 | H10: =E10+0.6 -> 2.1 | I10: 0.66 | J10: =F10*G10*H10 -> 10.29 | K10: =J10-(C10*D10*E10) -> 6.585
A11: PV-3 | B11: PVI04 | C11: =IF(B11="PVI02",0.8,IF(B11="PVI03",1,IF(B11="PVI04",1.3,IF(B11="PVI05",1.5,IF(B11="PVI06",1.8))))) -> 1.3 | D11: 1.9 | E11: =IF(B11="PVI02",1.3,IF(B11="PVI03",1.4,IF(B11="PVI04",1.5,IF(B11="PVI05",1.7,IF(B11="PVI06",2))))) -> 1.5 | F11: =C11+I11 -> 2.2 | G11: =D11+0.6 -> 2.5 | H11: =E11+0.6 -> 2.1 | I11: 0.9 | J11: =F11*G11*H11 -> 11.55 | K11: =J11-(C11*D11*E11) -> 7.845
A12: PV-4 | B12: PVI04 | C12: =IF(B12="PVI02",0.8,IF(B12="PVI03",1,IF(B12="PVI04",1.3,IF(B12="PVI05",1.5,IF(B12="PVI06",1.8))))) -> 1.3 | D12: 1.9 | E12: =IF(B12="PVI02",1.3,IF(B12="PVI03",1.4,IF(B12="PVI04",1.5,IF(B12="PVI05",1.7,IF(B12="PVI06",2))))) -> 1.5 | F12: =C12+I12 -> 4.18 | G12: =D12+0.6 -> 2.5 | H12: =E12+0.6 -> 2.1 | I12: 2.88 | J12: =F12*G12*H12 -> 21.945 | K12: =J12-(C12*D12*E12) -> 18.24
A13: PV-5 | B13: PVI04 | C13: =IF(B13="PVI02",0.8,IF(B13="PVI03",1,IF(B13="PVI04",1.3,IF(B13="PVI05",1.5,IF(B13="PVI06",1.8))))) -> 1.3 | D13: 1.9 | E13: =IF(B13="PVI02",1.3,IF(B13="PVI03",1.4,IF(B13="PVI04",1.5,IF(B13="PVI05",1.7,IF(B13="PVI06",2))))) -> 1.5 | F13: =C13+I13 -> 2.91 | G13: =D13+0.6 -> 2.5 | H13: =E13+0.6 -> 2.1 | I13: 1.61 | J13: =F13*G13*H13 -> 15.2775 | K13: =J13-(C13*D13*E13) -> 11.5725
A14: PV-6 | B14: PVI06 | C14: =IF(B14="PVI02",0.8,IF(B14="PVI03",1,IF(B14="PVI04",1.3,IF(B14="PVI05",1.5,IF(B14="PVI06",1.8))))) -> 1.8 | D14: 1.9 | E14: =IF(B14="PVI02",1.3,IF(B14="PVI03",1.4,IF(B14="PVI04",1.5,IF(B14="PVI05",1.7,IF(B14="PVI06",2))))) -> 2 | F14: =C14+I14 -> 2.3 | G14: =D14+0.6 -> 2.5 | H14: =E14+0.6 -> 2.6 | I14: 0.5 | J14: =F14*G14*H14 -> 14.95 | K14: =J14-(C14*D14*E14) -> 8.11
A15: PV-7 | B15: PVI06 | C15: =IF(B15="PVI02",0.8,IF(B15="PVI03",1,IF(B15="PVI04",1.3,IF(B15="PVI05",1.5,IF(B15="PVI06",1.8))))) -> 1.8 | D15: 1.9 | E15: =IF(B15="PVI02",1.3,IF(B15="PVI03",1.4,IF(B15="PVI04",1.5,IF(B15="PVI05",1.7,IF(B15="PVI06",2))))) -> 2 | F15: =C15+I15 -> 2.3 | G15: =D15+0.6 -> 2.5 | H15: =E15+0.6 -> 2.6 | I15: 0.5 | J15: =F15*G15*H15 -> 14.95 | K15: =J15-(C15*D15*E15) -> 8.11
A16: PV-8 | B16: PVI06 | C16: =IF(B16="PVI02",0.8,IF(B16="PVI03",1,IF(B16="PVI04",1.3,IF(B16="PVI05",1.5,IF(B16="PVI06",1.8))))) -> 1.8 | D16: 1.9 | E16: =IF(B16="PVI02",1.3,IF(B16="PVI03",1.4,IF(B16="PVI04",1.5,IF(B16="PVI05",1.7,IF(B16="PVI06",2))))) -> 2 | F16: =C16+I16 -> 2.33 | G16: =D16+0.6 -> 2.5 | H16: =E16+0.6 -> 2.6 | I16: 0.53 | J16: =F16*G16*H16 -> 15.145 | K16: =J16-(C16*D16*E16) -> 8.305
A17: PV-9 | B17: PVI06 | C17: =IF(B17="PVI02",0.8,IF(B17="PVI03",1,IF(B17="PVI04",1.3,IF(B17="PVI05",1.5,IF(B17="PVI06",1.8))))) -> 1.8 | D17: 1.9 | E17: =IF(B17="PVI02",1.3,IF(B17="PVI03",1.4,IF(B17="PVI04",1.5,IF(B17="PVI05",1.7,IF(B17="PVI06",2))))) -> 2 | F17: =C17+I17 -> 2.3 | G17: =D17+0.6 -> 2.5 | H17: =E17+0.6 -> 2.6 | I17: 0.5 | J17: =F17*G17*H17 -> 14.95 | K17: =J17-(C17*D17*E17) -> 8.11
A18: PV-10 | B18: PVI06 | C18: =IF(B18="PVI02",0.8,IF(B18="PVI03",1,IF(B18="PVI04",1.3,IF(B18="PVI05",1.5,IF(B18="PVI06",1.8))))) -> 1.8 | D18: 1.9 | E18: =IF(B18="PVI02",1.3,IF(B18="PVI03",1.4,IF(B18="PVI04",1.5,IF(B18="PVI05",1.7,IF(B18="PVI06",2))))) -> 2 | F18: =C18+I18 -> 2.3 | G18: =D18+0.6 -> 2.5 | H18: =E18+0.6 -> 2.6 | I18: 0.5 | J18: =F18*G18*H18 -> 14.95 | K18: =J18-(C18*D18*E18) -> 8.11
A19: TOTAIS: | J19: =SUM(J9:J17) -> 128.5075 | K19: =SUM(K9:K17) -> 82.6225
A20: RESPONSÁVEL TÉCNICO ORÇAMENTISTA | D20: CONTRATANTE | G20: OBSERVAÇÕES:
A24: JOÃO GUSTAVO FARIA DOS SANTOS JÚNIOR | D24: PREFEITURA MUNICIPAL DE INDIAVAÍ
A25: ENG. CIVIL - CREA Nº 5064045506 | D25: PREFEITO MUNICIPAL

Sheet CALC. VOL BL
A1: Obra: | B1: =PLANILHA!B1 -> Construção de rede de drenagem pluvial
A2: Proprietário: | B2: =PLANILHA!B2 -> Prefeitura Municipal de Indiavaí
A3: Local: | B3: =PLANILHA!B3 -> Avenida Governador Jayme Campos
A4: Data: | B4: =DESCRIÇÃO!B4 -> 30 de julho de 2021
A5: CÁLCULO DE VOLUMES BOCAS DE LOBO
A6: TIPO | B6: QUANT. (UNID) | C6: PROF. BL (M) | D6: COMP. BL (M) | E6: LARG. BL (M) | F6: PROF. ESCAVAÇÃO PV (M) | G6: COMP. ESCAVAÇÃO PV (M) | H6: LARG. ESCAVAÇÃO PV (M) | I6: ALTURA DE CHAMINÉ (M) | J6: VOL. ESCAVAÇÃO (M³) | K6: VOL. REATERRO (M³)
A9: BLS01 | B9: 24 | C9: =IF(A9="BLS01",1,IF(A9="BLS02",1.5)) -> 1 | D9: 1.4 | E9: 1 | F9: =C9+0.1 -> 1.1 | G9: =D9+0.6 -> 2 | H9: =E9+0.6 -> 1.6 | I9: 0.5 | J9: =(F9*G9*H9)*B9 -> 84.48 | K9: =J9-((C9*D9*E9)*B9) -> 50.88
A10: TOTAIS: | J10: =SUM(J9:J9) -> 84.48 | K10: =SUM(K9:K9) -> 50.88
A11: RESPONSÁVEL TÉCNICO ORÇAMENTISTA | D11: CONTRATANTE | G11: OBSERVAÇÕES:
A15: JOÃO GUSTAVO FARIA DOS SANTOS JÚNIOR | D15: PREFEITURA MUNICIPAL DE INDIAVAÍ
A16: ENG. CIVIL - CREA Nº 5064045506 | D16: PREFEITO MUNICIPAL

Sheet CALC. TRANSPORTES
A1: Obra: | B1: =PLANILHA!B1 -> Construção de rede de drenagem pluvial
A2: Proprietário: | B2: =PLANILHA!B2 -> Prefeitura Municipal de Indiavaí
A3: Local: | B3: =PLANILHA!B3 -> Avenida Governador Jayme Campos
A4: Data: | B4: =DESCRIÇÃO!B4 -> 30 de julho de 2021
A5: CÁLCULO DE QUANTIDADES E TRANSPORTES - DMT ATÉ 30 KM
A7: TRANSPORTE DE TUBOS
A8: DIÂMETRO (MM) | B8: EXTENSÃO (M) | C8: QUANT. (UNID) | D8: PESO ESPECÍFICO (TXUN) | E8: PESO TOTAL (T) | F8: MOMENTO DE TRANSPORTE (TXKM)
J10: DISTÂNCIAS MÉDIAS DE TRANSPORTE
A11: 400 | B11: =SUM('CAL VOL. REDE COL.'!C9:C32) -> 333.82 | C11: =ROUNDUP(B11,0) -> 334 | D11: 0.1 | E11: =D11*C11 -> 33.4 | F11: =E11*$K$12 -> 1002 | J11: ITEM | K11: DIST. (KM)
A12: 600 | B12: =SUM('CAL VERIFICAÇÕES'!D9:D10) -> 198 | C12: =ROUNDUP(B12,0) -> 198 | D12: 0.48 | E12: =D12*C12 -> 95.04 | F12: =E12*$K$12 -> 2851.2 | J12: TUBOS | K12: 30
A13: 800 | B13: =SUM('CAL VERIFICAÇÕES'!D11:D17) -> 630 | C13: =ROUNDUP(B13,0) -> 630 | D13: 0.88 | E13: =D13*C13 -> 554.4 | F13: =E13*$K$12 -> 16632
A14: 1000 | B14: ='CALC. DIMEN.'!C18 -> 79 | C14: =ROUNDUP(B14,0) -> 79 | D14: 1.43 | E14: =D14*C14 -> 112.97 | F14: =E14*$K$12 -> 3389.1
A15: 1500 | B15: 0 | C15: =ROUNDUP(B15,0) -> 0 | D15: 2.6 | E15: =D15*C15 -> 0 | F15: =E15*$K$12 -> 0
A17: TRANSPORTE DE AREIA
A18: VOLUME DE AREIA (M³) | B18: PESO ESPECÍFICO (TXM³) | C18: PESO TOTAL (T) | D18: MOMENTO DE TRANSPORTE (TXKM)
A21: ='CÁLCULO DE VOL E ESC REDE PRIN.'!I19+'CAL VOL. REDE COL.'!I33 -> 131.7438 | B21: 1.5 | C21: =A21*B21 -> 197.6157 | D21: =C21*K13 -> 0
A24: RESPONSÁVEL TÉCNICO ORÇAMENTISTA | D24: CONTRATANTE | G24: OBSERVAÇÕES:
G26: DMT ATÉ A CIDADE DE MIRASSOL D'OESTE/MT.
A28: JOÃO GUSTAVO FARIA DOS SANTOS JÚNIOR | D28: PREFEITURA MUNICIPAL DE INDIAVAÍ
A29: ENG. CIVIL - CREA Nº 5064045506 | D29: PREFEITO MUNICIPAL

Sheet CALC. TRANSPORTES (2)
A1: Obra: | B1: =PLANILHA!B1 -> Construção de rede de drenagem pluvial
A2: Proprietário: | B2: =PLANILHA!B2 -> Prefeitura Municipal de Indiavaí
A3: Local: | B3: =PLANILHA!B3 -> Avenida Governador Jayme Campos
A4: Data: | B4: =DESCRIÇÃO!B4 -> 30 de julho de 2021
A5: CÁLCULO DE QUANTIDADES E TRANSPORTES - DMT ACIMA DE 30 KM
A7: TRANSPORTE DE TUBOS
A8: DIÂMETRO (MM) | B8: EXTENSÃO (M) | C8: QUANT. (UNID) | D8: PESO ESPECÍFICO (TXUN) | E8: PESO TOTAL (T) | F8: MOMENTO DE TRANSPORTE (TXKM)
J10: DISTÂNCIAS MÉDIAS DE TRANSPORTE
A11: 400 | B11: =SUM('CAL VOL. REDE COL.'!C9:C32) -> 333.82 | C11: =ROUNDUP(B11,0) -> 334 | D11: 0.1 | E11: =D11*C11 -> 33.4 | F11: =E11*$K$12 -> 1436.2 | J11: ITEM | K11: DIST. (KM)
A12: 600 | B12: =SUM('CAL VERIFICAÇÕES'!D9:D10) -> 198 | C12: =ROUNDUP(B12,0) -> 198 | D12: 0.48 | E12: =D12*C12 -> 95.04 | F12: =E12*$K$12 -> 4086.72 | J12: TUBOS | K12: 43
A13: 800 | B13: =SUM('CAL VERIFICAÇÕES'!D11:D17) -> 630 | C13: =ROUNDUP(B13,0) -> 630 | D13: 0.88 | E13: =D13*C13 -> 554.4 | F13: =E13*$K$12 -> 23839.2
A14: 1000 | B14: ='CALC. DIMEN.'!C18 -> 79 | C14: =ROUNDUP(B14,0) -> 79 | D14: 1.43 | E14: =D14*C14 -> 112.97 | F14: =E14*$K$12 -> 4857.71
A15: 1500 | B15: 0 | C15: =ROUNDUP(B15,0) -> 0 | D15: 2.6 | E15: =D15*C15 -> 0 | F15: =E15*$K$12 -> 0
A17: TRANSPORTE DE AREIA
A18: VOLUME DE AREIA (M³) | B18: PESO ESPECÍFICO (TXM³) | C18: PESO TOTAL (T) | D18: MOMENTO DE TRANSPORTE (TXKM)
A21: ='CÁLCULO DE VOL E ESC REDE PRIN.'!I19+'CAL VOL. REDE COL.'!I33 -> 131.7438 | B21: 1.5 | C21: =A21*B21 -> 197.6157 | D21: =C21*K13 -> 0
A24: RESPONSÁVEL TÉCNICO ORÇAMENTISTA | D24: CONTRATANTE | G24: OBSERVAÇÕES:
G26: DMT ATÉ A CIDADE DE MIRASSOL D'OESTE/MT.
A28: JOÃO GUSTAVO FARIA DOS SANTOS JÚNIOR | D28: PREFEITURA MUNICIPAL DE INDIAVAÍ
A29: ENG. CIVIL - CREA Nº 5064045506 | D29: PREFEITO MUNICIPAL

Sheet BDI
A1: BDI - BENEFÍCIOS DE DESPESAS INDIRETAS - SERVIÇO
A3: Itens relativos à Administração da Obra | D3: %
A4: AC - ADMINISTRAÇÃO CENTRAL | D4: 0.04
A5: DF - CUSTOS FINANCEIROS | D5: 0.0123
A6: R - RISCOS | D6: 0.0127
A7: S - SEGUROS E GARANTIAS | D7: 0.008
A8: Sub-total | D8: =SUM(D4:D7) -> 0.073
A9: Lucro | D9: %
A10: L - Lucro/Remuneração | D10: 0.074
A11: Sub-total | D11: =D10 -> 0.074
A12: I - Taxas e Impostos | D12: %
A13: PIS | D13: 0.0065
A14: COFINS | D14: 0.03
A15: ISSQN | D15: 0.05
A16: Sub-total | D16: =SUM(D13:D15) -> 0.0865
A21: BDI CALCULADO (%) | D21: =ROUND((1+D4+D7+D6)*(1+D5)*(1+D11)/(1-D16)-1,4) -> 0.2624
A22: OBSERVAÇÕES:
A24: ISS MUNICIPAL: 5% SOBRE 100% DA NOTA FISCAL EMITIDA.
A25: BDI CALCULADO CONFORME ACÓRDÃO Nº 2623/2013 - TCU.
A26: FÓRMULA:
A29: RESPONSÁVEL TÉCNICO ORÇAMENTISTA:
A32: JOÃO GUSTAVO FARIA DOS SANTOS JÚNIOR
A33: ENG. CIVIL - CREA Nº 64045506/SP
A35: BDI - BENEFÍCIOS DE DESPESAS INDIRETAS - AQUISIÇÃO
A37: Itens relativos à Administração da Obra | D37: %
A38: AC - ADMINISTRAÇÃO CENTRAL | D38: 0.04
A39: DF - CUSTOS FINANCEIROS | D39: 0.0123
A40: R - RISCOS | D40: 0.0127
A41: S - SEGUROS E GARANTIAS | D41: 0.008
A42: Sub-total | D42: =SUM(D38:D41) -> 0.073
A43: Lucro | D43: %
A44: L - Lucro/Remuneração | D44: 0.074
A45: Sub-total | D45: =D44 -> 0.074
A46: I - Taxas e Impostos | D46: %
A47: PIS | D47: 0
A48: COFINS | D48: 0
A49: ISSQN | D49: 0
A50: Sub-total | D50: =SUM(D47:D49) -> 0
A52: BDI CALCULADO (%) | D52: =ROUND((1+D38+D41+D40)*(1+D39)*(1+D45)/(1-D50)-1,4) -> 0.1532
A53: OBSERVAÇÕES:
A56: BDI CALCULADO CONFORME ACÓRDÃO Nº 2623/2013 - TCU.
A57: FÓRMULA:
A60: RESPONSÁVEL TÉCNICO ORÇAMENTISTA:
A63: JOÃO GUSTAVO FARIA DOS SANTOS JÚNIOR
A64: ENG. CIVIL - CREA Nº 64045506/SP

Sheet COMPOSIÇÕES E COTAÇÕES
A1: ='[2]PLANILHA NÃO DESONERADO'!A1 -> Obra: | B1: ='MEM. CÁLCULO'!B1:F1 -> REFORMA DE PISTA DE ATLETISMO
A2: ='[2]PLANILHA NÃO DESONERADO'!A2 -> Proprietário: | B2: ='MEM. CÁLCULO'!B2:F2 -> Prefeitura Municipal de São José dos Quatro Marcos
A3: ='[2]PLANILHA NÃO DESONERADO'!A3 -> Local: | B3: ='MEM. CÁLCULO'!B3:F3 -> ZONA URBANA
A4: ='[2]PLANILHA NÃO DESONERADO'!A4 -> Data: | B4: ='MEM. CÁLCULO'!B4:F4 -> 45936
A6: COMPOSIÇÕES GERAIS DE ORÇAMENTOS
A9: COMPOSIÇÃO 001
A10: ADMINISTRAÇÃO LOCAL DE OBRA | D10: UNID
A11: SINAPI | B11: ITEM | C11: DESCRIÇÃO | E11: COEFICIENTE | F11: VALOR UNIT (R$) | G11: VALOR (R$)
A12: COMPOSICAO | B12: 90780 | C12: =VLOOKUP(B12,SINAPI!A:D,2,0) -> MESTRE DE OBRAS COM ENCARGOS COMPLEMENTARES | D12: =VLOOKUP(B12,SINAPI!A:D,3,0) -> H | E12: 120 | F12: =VLOOKUP(B12,SINAPI!A:D,4,0) -> 61.12 | G12: =TRUNC(F12*E12,2) -> 7334.4
A13: COMPOSICAO | B13: 90777 | C13: =VLOOKUP(B13,SINAPI!A:D,2,0) -> ENGENHEIRO CIVIL DE OBRA JUNIOR COM ENCARGOS COMPLEMENTARES | D13: =VLOOKUP(B13,SINAPI!A:D,3,0) -> H | E13: 48 | F13: =VLOOKUP(B13,SINAPI!A:D,4,0) -> 125.22 | G13: =TRUNC(F13*E13,2) -> 6010.56
A14: Engenheiro: 2 horas x 2 Dias x 4 Semanas x 3 Meses = 48h | F14: TOTAL: | G14: =TRUNC(G12+G13,2) -> 13344.96
A15: Mestre de Obras: 2 horas x 5 Dias x 4 Semanas x 3 Meses = 120h
A17: COMPOSIÇÃO 002
A18: CONCRETAGEM DE BLOCOS DE COROAMENTO E VIGAS BALDRAMES, FCK 25 MPA, COM USO DE BOMBA - LANÇAMENTO, ADENSAMENTO E ACABAMENTO. | D18: M3
A19: SINAPI | B19: CÓDIGO | C19: DESCRIÇÃO | D19: UNID | E19: COEFICIENTE | F19: VALOR UNIT (R$) | G19: VALOR (R$)
A20: COMPOSICAO | B20: 88309 | C20: =VLOOKUP(B20,SINAPI!A:D,2,0) -> PEDREIRO COM ENCARGOS COMPLEMENTARES | D20: =VLOOKUP(B20,SINAPI!A:D,3,0) -> H | E20: 2,3860000 | F20: =VLOOKUP(B20,SINAPI!A:D,4,0) -> 26.4 | G20: =TRUNC(F20*E20,2) -> 62.99
A21: COMPOSICAO | B21: 88316 | C21: =VLOOKUP(B21,SINAPI!A:D,2,0) -> SERVENTE COM ENCARGOS COMPLEMENTARES | D21: =VLOOKUP(B21,SINAPI!A:D,3,0) -> H | E21: 2,4500000 | F21: =VLOOKUP(B21,SINAPI!A:D,4,0) -> 21.17 | G21: =TRUNC(F21*E21,2) -> 51.86
A22: COMPOSICAO | B22: 90586 | C22: =VLOOKUP(B22,SINAPI!A:D,2,0) -> VIBRADOR DE IMERSÃO, DIÂMETRO DE PONTEIRA 45MM, MOTOR ELÉTRICO TRIFÁSICO POTÊNCIA DE 2 CV - CHP DIURNO. AF_06/2015 | D22: =VLOOKUP(B22,SINAPI!A:D,3,0) -> CHP | E22: 0,3140000 | F22: =VLOOKUP(B22,SINAPI!A:D,4,0) -> 1.42 | G22: =TRUNC(F22*E22,2) -> 0.44
A23: COMPOSICAO | B23: 90587 | C23: =VLOOKUP(B23,SINAPI!A:D,2,0) -> VIBRADOR DE IMERSÃO, DIÂMETRO DE PONTEIRA 45MM, MOTOR ELÉTRICO TRIFÁSICO POTÊNCIA DE 2 CV - CHI DIURNO. AF_06/2015 | D23: =VLOOKUP(B23,SINAPI!A:D,3,0) -> CHI | E23: 0,9110000 | F23: =VLOOKUP(B23,SINAPI!A:D,4,0) -> 0.53 | G23: =TRUNC(F23*E23,2) -> 0.48
A24: COMPOSICAO | B24: 94971 | C24: =VLOOKUP(B24,SINAPI!A:D,2,0) -> CONCRETO FCK = 25MPA, TRAÇO 1:2,3:2,7 (EM MASSA SECA DE CIMENTO/ AREIA MÉDIA/ BRITA 1) - PREPARO MECÂNICO COM BETONEIRA 600 L. AF_05/2021 | D24: =VLOOKUP(B24,SINAPI!A:D,3,0) -> M3 | E24: 1,1500000 | F24: =VLOOKUP(B24,SINAPI!A:D,4,0) -> 616.83 | G24: =TRUNC(F24*E24,2) -> 709.35
A25: REFERÊNCIA: 96555 - SINAPI - 11/2023 | F25: TOTAL: | G25: =TRUNC(G24+G23+G22+G21+G20,2) -> 825.12
A27: COMPOSIÇÃO 003
A28: ALAMBRADO PARA QUADRA POLIESPORTIVA, ESTRUTURADO POR TUBOS DE ACO GALVANIZADO, (MONTANTES COM DIAMETRO 3", TRAVESSAS E ESCORAS COM DIÂMETRO 2"), COM TELA DE ARAME GALVANIZADO, FIO 10 BWG E MALHA QUADRADA 5X5CM (EXCETO MURETA). AF_03/2021 | D28: M²
A29: SINAPI | B29: CÓDIGO | C29: DESCRIÇÃO | D29: UNID | E29: COEFICIENTE | F29: VALOR UNIT (R$) | G29: VALOR (R$)
A30: COMPOSICAO | B30: 94962 | C30: CONCRETO MAGRO PARA LASTRO, TRAÇO 1:4,5:4,5 (EM MASSA SECA DE CIMENTO/ AREIA MÉDIA/ BRITA 1) - PREPARO MECÂNICO COM BETONEIRA 400 L. AF_05/2021 | D30: M3 | E30: 0.0045 | F30: 450.14 | G30: =TRUNC(F30*E30,2) -> 2.02
A31: COMPOSICAO | B31: 88315 | C31: SERRALHEIRO COM ENCARGOS COMPLEMENTARES | D31: H | E31: 0.9774 | F31: 25.4 | G31: =TRUNC(F31*E31,2) -> 24.82
A32: COMPOSICAO | B32: 88316 | C32: SERVENTE COM ENCARGOS COMPLEMENTARES | D32: H | E32: 0.9774 | F32: 20.32 | G32: =TRUNC(F32*E32,2) -> 19.86
A33: INSUMO | B33: 43130 | C33: ARAME GALVANIZADO 12 BWG, D = 2,76 MM (0,048 KG/M) OU 14 BWG, D = 2,11 MM (0,026 KG/M) | D33: KG | E33: 0.0797 | F33: 24.9 | G33: =TRUNC(F33*E33,2) -> 1.98
A34: INSUMO | B34: 11002 | C34: ELETRODO REVESTIDO AWS - E6013, DIAMETRO IGUAL A 2,50 MM | D34: KG | E34: 0.0025 | F34: 34.37 | G34: =TRUNC(F34*E34,2) -> 0.08
A35: INSUMO | B35: 7162 | C35: TELA DE ARAME GALVANIZADA QUADRANGULAR / LOSANGULAR, FIO 3,4 MM (10 BWG), MALHA 5 X 5 CM, H = 2 M | D35: M2 | E35: 1.0203 | F35: 57.24 | G35: =TRUNC(F35*E35,2) -> 58.4
A36: INSUMO | B36: 7696 | C36: TUBO ACO GALVANIZADO COM COSTURA, CLASSE MEDIA, DN 2", E = *3,65* MM, PESO *5,10*KG/M (NBR 5580) | D36: M | E36: 0.8701 | F36: 77.51 | G36: =TRUNC(F36*E36,2) -> 67.44
A37: INSUMO | B37: 7694 | C37: TUBO ACO GALVANIZADO COM COSTURA, CLASSE MEDIA, DN 3", E = *4,05* MM, PESO *8,47*KG/M (NBR 5580) | D37: M | E37: 0.6105 | F37: 129.44 | G37: =TRUNC(F37*E37,2) -> 79.02
A38: REFERÊNCIA: 102364 - SINAPI - 04/2024 | F38: TOTAL: | G38: =TRUNC(SUM(G30:G37,2)) -> 255
A39: COMPOSIÇÃO 003
A40: Portão em tubo de ferro galvanizado de 2", de abrir, tela malha revestida 76 x 76mm, n.º 12, inclusive dobradiças e trancas/ferrolho - Rev 01_01/2022 | D40: M²
A41: BASE DE PREÇO | B41: CÓDIGO | C41: DESCRIÇÃO | D41: UNID | E41: COEFICIENTE | F41: VALOR UNIT (R$) | G41: VALOR (R$)
A42: COT | B42: COT 001 | C42: Barra quadrada de ferro 1/2" (1,27 kg/m) | D42: M | E42: 0.56 | F42: =COTAÇÕES!G14 -> 14 | G42: =TRUNC(F42*E42,2) -> 7.84
A43: COT | B43: COT 002 | C43: Perfil Aço, Cantoneira abas iguais - 1" x 1/4" (2,22 kg/m) | D43: KG | E43: 7.96 | F43: =COTAÇÕES!G20 -> 9.43 | G43: =TRUNC(F43*E43,2) -> 75.06
A44: COT | B44: COT 003 | C44: Barra chata de ferro 7/8" x 1/4" (1,11 kg/m) | D44: KG | E44: 4.37 | F44: =COTAÇÕES!G26 -> 11 | G44: =TRUNC(F44*E44,2) -> 48.07
A45: COMPOSICAO | B45: 88309 | C45: =VLOOKUP(B45,SINAPI!A:D,2,0) -> PEDREIRO COM ENCARGOS COMPLEMENTARES | D45: =VLOOKUP(B45,SINAPI!A:D,3,0) -> H | E45: 0.53 | F45: =VLOOKUP(B45,SINAPI!A:D,4,0) -> 26.4 | G45: =TRUNC(F45*E45,2) -> 13.99
A46: COMPOSICAO | B46: 88315 | C46: =VLOOKUP(B46,SINAPI!A:D,2,0) -> SERRALHEIRO COM ENCARGOS COMPLEMENTARES | D46: =VLOOKUP(B46,SINAPI!A:D,3,0) -> H | E46: 2.63 | F46: =VLOOKUP(B46,SINAPI!A:D,4,0) -> 26.21 | G46: =TRUNC(F46*E46,2) -> 68.93
A47: COMPOSICAO | B47: 88316 | C47: =VLOOKUP(B47,SINAPI!A:D,2,0) -> SERVENTE COM ENCARGOS COMPLEMENTARES | D47: =VLOOKUP(B47,SINAPI!A:D,3,0) -> H | E47: 3.16 | F47: =VLOOKUP(B47,SINAPI!A:D,4,0) -> 21.17 | G47: =TRUNC(F47*E47,2) -> 66.89
A48: COT | B48: COT 004 | C48: Tela de arame galvanizada revestida em pvc, quadrangular / losangular, fio 2,77 mm (12 bwg), bitola final = *3,8* mm, malha 7,5 x 7,5 cm, h = 2 m | D48: M² | E48: 0.68 | F48: =COTAÇÕES!G32 -> 38.67 | G48: =TRUNC(F48*E48,2) -> 26.29
A49: INSUMO | B49: 11002 | C49: =VLOOKUP(B49,SINAPI!A:D,2,0) -> ELETRODO REVESTIDO AWS - E6013, DIAMETRO IGUAL A 2,50 MM | D49: =VLOOKUP(B49,SINAPI!A:D,3,0) -> KG | E49: 0.59 | F49: =VLOOKUP(B49,SINAPI!A:D,4,0) -> 36.39 | G49: =TRUNC(F49*E49,2) -> 21.47
A50: COMPOSICAO | B50: 94462 | C50: =VLOOKUP(B50,SINAPI!A:D,2,0) -> TUBO DE AÇO GALVANIZADO COM COSTURA, CLASSE MÉDIA, DN 50 MM (2"), CONEXÃO ROSQUEADA, INSTALADO EM RESERVAÇÃO PREDIAL DE ÁGUA - FORNECIMENTO E INSTALAÇÃO. AF_04/2024 | D50: =VLOOKUP(B50,SINAPI!A:D,3,0) -> M | E50: 3.79 | F50: =VLOOKUP(B50,SINAPI!A:D,4,0) -> 96.74 | G50: =TRUNC(F50*E50,2) -> 366.64
A51: INSUMO | B51: 40425 | C51: =VLOOKUP(B51,SINAPI!A:D,2,0) -> CHAPA DE ACO GROSSA, SAE 1020, BITOLA 1/4", E = 6,35 MM (49,85 KG/M2) | D51: =VLOOKUP(B51,SINAPI!A:D,3,0) -> KG | E51: 0.29 | F51: =VLOOKUP(B51,SINAPI!A:D,4,0) -> 11 | G51: =TRUNC(F51*E51,2) -> 3.19
A52: REFERÊNCIA: 12953 - ORSE - 02/2025 | F52: TOTAL: | G52: =TRUNC(SUM(G42:G51,2)) -> 700
A54: COMPOSIÇÃO 004
A55: ='PLANILHA ORÇAMENTÁRIA'!D66 -> REDE DE PROTEÇÃO ESPORTIVA FIO 2MM, MALHA 4CMX4CM, COR PRETA | D55: M²
A56: SINAPI | B56: CÓDIGO | C56: DESCRIÇÃO | D56: UNID | E56: COEFICIENTE | F56: VALOR UNIT (R$) | G56: VALOR (R$)
A57: COMPOSICAO | B57: 88316 | C57: =VLOOKUP(B57,SINAPI!A:D,2,0) -> SERVENTE COM ENCARGOS COMPLEMENTARES | D57: =VLOOKUP(B57,SINAPI!A:D,3,0) -> H | E57: 0.0259 | F57: =VLOOKUP(B57,SINAPI!A:D,4,0) -> 21.17 | G57: =TRUNC(F57*E57,2) -> 0.54
A58: COMPOSICAO | B58: 88309 | C58: =VLOOKUP(B58,SINAPI!A:D,2,0) -> PEDREIRO COM ENCARGOS COMPLEMENTARES | D58: =VLOOKUP(B58,SINAPI!A:D,3,0) -> H | E58: 0.0776 | F58: =VLOOKUP(B58,SINAPI!A:D,4,0) -> 26.4 | G58: =TRUNC(F58*E58,2) -> 2.04
A59: COTACAO | B59: COT 005 | C59: REDE DE PROTEÇÃO, FIO 2MM, MALHA 4CM X 4CM | D59: M² | E59: 1 | F59: =COTAÇÕES!G38 -> 14.13 | G59: =TRUNC(F59*E59,2) -> 14.13
A60: COTACAO | B60: COT 006 | C60: CORDA DE POLIETILENO FIO 4MM | D60: M | E60: 2.0969 | F60: =COTAÇÕES!G45 -> 1.46 | G60: =TRUNC(F60*E60,2) -> 3.06
A61: REFERÊNCIA: 103775 - SINAPI - 04/2025 | F61: TOTAL: | G61: =TRUNC(G60+G59+G58+G57,2) -> 19.77
A64: COMPISOÇÃO 005
A65: ='PLANILHA ORÇAMENTÁRIA'!D73 -> Poste oficial para volei em aço galvanizado d=3", c/esticador e catraca | D65: UNID
A66: REFERÊNCIA | B66: CÓDIGO | C66: DESCRIÇÃO | D66: UNID | E66: COEFICIENTE | F66: VALOR UNIT (R$) | G66: VALOR (R$)
A67: COTAÇAO | B67: COT 011 | C67: Poste oficial para volei em aço galvanizado d=3", c/esticador e catraca | D67: PAR | E67: 1 | F67: =COTAÇÕES!G75 -> 1529.9 | G67: =TRUNC(F67*E67,2) -> 1529.9
A68: REFERÊNCIA: 01877/ORSE - 02/2025 | F68: TOTAL: | G68: =TRUNC(G67,2) -> 1529.9
A70: COMPISOÇÃO 006
A71: ='PLANILHA ORÇAMENTÁRIA'!D74 -> Rede para volei profissional, em nylon e com medidor de altura - premium | D71: UNID
A72: REFERÊNCIA | B72: CÓDIGO | C72: DESCRIÇÃO | D72: UNID | E72: COEFICIENTE | F72: VALOR UNIT (R$) | G72: VALOR (R$)
A73: COTAÇAO | B73: COT 012 | C73: Rede para volei profissional, em nylon e com medidor de altura | D73: unid | E73: 1 | F73: =COTAÇÕES!G81 -> 668.9 | G73: =TRUNC(F73*E73,2) -> 668.9
A74: REFERÊNCIA: 02429/ORSE - 02/2025 | F74: TOTAL: | G74: =TRUNC(G73,2) -> 668.9
A76: COMPISOÇÃO 007
A77: ='PLANILHA ORÇAMENTÁRIA'!D75 -> FITA DE DEMARCAÇÃO DE AREIA PARA VÔLEI DE PRAIA | D77: UNID
A78: SINAPI | B78: CÓDIGO | C78: DESCRIÇÃO | D78: UNID | E78: COEFICIENTE | F78: VALOR UNIT (R$) | G78: VALOR (R$)
A79: COTAÇÃO | B79: COT 007 | C79: FITA DE MARCAÇÃO ESPORTIVA | D79: unid | E79: 1 | F79: =COTAÇÕES!G51 -> 179.9 | G79: =TRUNC(F79*E79,2) -> 179.9
A80: COMPOSICAO | B80: 88316 | C80: =VLOOKUP(B80,SINAPI!A:D,2,0) -> SERVENTE COM ENCARGOS COMPLEMENTARES | D80: =VLOOKUP(B80,SINAPI!A:D,3,0) -> H | E80: 0.5 | F80: =VLOOKUP(B80,SINAPI!A:D,4,0) -> 21.17 | G80: =TRUNC(F80*E80,2) -> 10.58
A81: REFERÊNCIA: PRÓPRIA | F81: TOTAL: | G81: =SUM(G79:G80) -> 190.48
A83: COMPISOÇÃO 008
A84: ='PLANILHA ORÇAMENTÁRIA'!D77 -> PAR DE TRAVES DE FUTEBOL SOCIETY 5M X 2,2M, TUBO D=8MM COM REDE E REQUADRO. | D84: PAR
A85: SINAPI | B85: CÓDIGO | C85: DESCRIÇÃO | D85: UNID | E85: COEFICIENTE | F85: VALOR UNIT (R$) | G85: VALOR (R$)
A86: COTAÇÃO | B86: COT 008 | C86: PAR DE TRAVES SOCIETY COM REQUADRO E REDES | D86: unid | E86: 1 | F86: =COTAÇÕES!G57 -> 5300 | G86: =TRUNC(F86*E86,2) -> 5300
A87: COMPOSICAO | B87: 88316 | C87: =VLOOKUP(B87,SINAPI!A:D,2,0) -> SERVENTE COM ENCARGOS COMPLEMENTARES | D87: =VLOOKUP(B87,SINAPI!A:D,3,0) -> H | E87: 1.2 | F87: =VLOOKUP(B87,SINAPI!A:D,4,0) -> 21.17 | G87: =TRUNC(F87*E87,2) -> 25.4
A88: COMPOSICAO | B88: COMP 002 | C88: =A18 -> CONCRETAGEM DE BLOCOS DE COROAMENTO E VIGAS BALDRAMES, FCK 25 MPA, COM USO DE BOMBA - LANÇAMENTO, ADENSAMENTO E ACABAMENTO. | D88: M³ | E88: 0.5 | F88: =G25 -> 825.12 | G88: =TRUNC(F88*E88,2) -> 412.56
A89: REFERÊNCIA: PRÓPRIA | F89: TOTAL: | G89: =SUM(G86:G87) -> 5325.4
A91: COMPOSIÇÃO 009
A92: ='PLANILHA ORÇAMENTÁRIA'!D140 -> CRUZETA E MÃO FRANCESA PARA SUPORTE DE LUMINÁRIAS | D92: UNID
A93: SINAPI | B93: CÓDIGO | C93: DESCRIÇÃO | D93: UNID | E93: COEFICIENTE | F93: VALOR UNIT (R$) | G93: VALOR (R$)
A94: INSUMO | B94: 34519 | C94: =VLOOKUP(B94,SINAPI!A:D,2,0) -> CRUZETA DE CONCRETO LEVE, COMP. 2000 MM SECAO, 90 X 90 MM | D94: =VLOOKUP(B94,SINAPI!A:D,3,0) -> UN | E94: 1 | F94: 81.2 | G94: =TRUNC(F94*E94,2) -> 81.2
A95: COMPOSICAO | B95: 100862 | C95: =VLOOKUP(B95,SINAPI!A:D,2,0) -> SUPORTE MÃO FRANCESA EM ACO, ABAS IGUAIS 40 CM, CAPACIDADE MINIMA 70 KG, BRANCO - FORNECIMENTO E INSTALAÇÃO. AF_01/2020 | D95: =VLOOKUP(B95,SINAPI!A:D,3,0) -> UN | E95: 2 | F95: =VLOOKUP(B95,SINAPI!A:D,4,0) -> 37.23 | G95: =TRUNC(F95*E95,2) -> 74.46
A96: COMPOSICAO | B96: 88264 | C96: =VLOOKUP(B96,SINAPI!A:D,2,0) -> ELETRICISTA COM ENCARGOS COMPLEMENTARES | D96: =VLOOKUP(B96,SINAPI!A:D,3,0) -> H | E96: 1.5 | F96: =VLOOKUP(B96,SINAPI!A:D,4,0) -> 27.47 | G96: =TRUNC(F96*E96,2) -> 41.2
A97: REFERÊNCIA: 06316 - ORSE - 04/2024 | F97: TOTAL: | G97: =TRUNC(G95+G94+G96,2) -> 196.86
A99: COMPOSIÇÃO 010
A100: ='PLANILHA ORÇAMENTÁRIA'!D160 -> LUMINÁRIA SOBREPOR QUADRADA LED 24W, 6500K - LEDVANCE OU SIMILAR | D100: UNID
A101: SINAPI | B101: CÓDIGO | C101: DESCRIÇÃO | D101: UNID | E101: COEFICIENTE | F101: VALOR UNIT (R$) | G101: VALOR (R$)
A102: COTAÇÃO | B102: COT 009 | C102: LUMINÁRIA SOBREBOR 24W | D102: UNID | E102: 1 | F102: =COTAÇÕES!G63 -> 91.97 | G102: =TRUNC(F102*E102,2) -> 91.97
A103: COMPOSICAO | B103: 88264 | C103: =VLOOKUP(B103,SINAPI!A:D,2,0) -> ELETRICISTA COM ENCARGOS COMPLEMENTARES | D103: =VLOOKUP(B103,SINAPI!A:D,3,0) -> H | E103: 1 | F103: =VLOOKUP(B103,SINAPI!A:D,4,0) -> 27.47 | G103: =TRUNC(F103*E103,2) -> 27.47
A104: COMPOSICAO | B104: 88316 | C104: =VLOOKUP(B104,SINAPI!A:D,2,0) -> SERVENTE COM ENCARGOS COMPLEMENTARES | D104: =VLOOKUP(B104,SINAPI!A:D,3,0) -> H | E104: 1 | F104: =VLOOKUP(B104,SINAPI!A:D,4,0) -> 21.17 | G104: =TRUNC(F104*E104,2) -> 21.17
A105: REFERÊNCIA: 13177 - ORSE - 02/2025 | F105: TOTAL: | G105: =TRUNC(SUM(G102:G104),2) -> 140.61
A107: COMPOSIÇÃO 011
A108: ='PLANILHA ORÇAMENTÁRIA'!D70 -> REDE DE PROTEÇÃO ESPORTIVA FIO 4MM, MALHA 12CMX12CM, COR PRETA | D108: M²
A109: SINAPI | B109: CÓDIGO | C109: DESCRIÇÃO | D109: UNID | E109: COEFICIENTE | F109: VALOR UNIT (R$) | G109: VALOR (R$)
A110: COMPOSICAO | B110: 88316 | C110: =VLOOKUP(B110,SINAPI!A:D,2,0) -> SERVENTE COM ENCARGOS COMPLEMENTARES | D110: =VLOOKUP(B110,SINAPI!A:D,3,0) -> H | E110: 0.0259 | F110: =VLOOKUP(B110,SINAPI!A:D,4,0) -> 21.17 | G110: =TRUNC(F110*E110,2) -> 0.54
A111: COMPOSICAO | B111: 88309 | C111: =VLOOKUP(B111,SINAPI!A:D,2,0) -> PEDREIRO COM ENCARGOS COMPLEMENTARES | D111: =VLOOKUP(B111,SINAPI!A:D,3,0) -> H | E111: 0.0776 | F111: =VLOOKUP(B111,SINAPI!A:D,4,0) -> 26.4 | G111: =TRUNC(F111*E111,2) -> 2.04
A112: COTACAO | B112: COT 010 | C112: REDE DE PROTEÇÃO, FIO 2MM, MALHA 12CM X 12CM | D112: M² | E112: 1 | F112: =COTAÇÕES!G69 -> 7.89 | G112: =TRUNC(F112*E112,2) -> 7.89
A113: COTACAO | B113: COT 006 | C113: CORDA DE POLIETILENO FIO 4MM | D113: M | E113: 2.0969 | F113: =COTAÇÕES!G45 -> 1.46 | G113: =TRUNC(F113*E113,2) -> 3.06
A114: REFERÊNCIA: 103775 - SINAPI - 04/2025 | F114: TOTAL: | G114: =TRUNC(G113+G112+G111+G110,2) -> 13.53
...

Sheet SINAPI
A1: 45333 | B1: ABERTURA PARA ENCAIXE DE CUBA OU LAVATORIO EM BANCADA DE MARMORE/ GRANITO OU OUTRO TIPO DE PEDRA NATURAL | C1: UN | D1: 149.26
A2: 11270 | B2: ABRACADEIRA DE LATAO PARA FIXACAO DE CABO PARA-RAIO, DIMENSOES 32 X 24 X 24 MM | C2: UN | D2: 2.76
A3: 412 | B3: ABRACADEIRA DE NYLON PARA AMARRACAO DE CABOS, COMPRIMENTO DE *230* X *7,6* MM | C3: UN | D3: 1.49
A4: 414 | B4: ABRACADEIRA DE NYLON PARA AMARRACAO DE CABOS, COMPRIMENTO DE 100 X 2,5 MM | C4: UN | D4: 0.09
A5: 410 | B5: ABRACADEIRA DE NYLON PARA AMARRACAO DE CABOS, COMPRIMENTO DE 150 X *3,6* MM | C5: UN | D5: 0.23
A6: 411 | B6: ABRACADEIRA DE NYLON PARA AMARRACAO DE CABOS, COMPRIMENTO DE 200 X *4,6* MM | C6: UN | D6: 0.29
A7: 408 | B7: ABRACADEIRA DE NYLON PARA AMARRACAO DE CABOS, COMPRIMENTO DE 390 X *4,6* MM | C7: UN | D7: 1.44
A8: 39131 | B8: ABRACADEIRA EM ACO PARA AMARRACAO DE ELETRODUTOS, TIPO D, COM 1 1/2" E CUNHA DE FIXACAO | C8: UN | D8: 4.25
A9: 394 | B9: ABRACADEIRA EM ACO PARA AMARRACAO DE ELETRODUTOS, TIPO D, COM 1 1/2" E PARAFUSO DE FIXACAO | C9: UN | D9: 4.3
A10: 39130 | B10: ABRACADEIRA EM ACO PARA AMARRACAO DE ELETRODUTOS, TIPO D, COM 1 1/4" E CUNHA DE FIXACAO | C10: UN | D10: 3.88
A11: 395 | B11: ABRACADEIRA EM ACO PARA AMARRACAO DE ELETRODUTOS, TIPO D, COM 1 1/4" E PARAFUSO DE FIXACAO | C11: UN | D11: 4.14
A12: 39129 | B12: ABRACADEIRA EM ACO PARA AMARRACAO DE ELETRODUTOS, TIPO D, COM 1" E CUNHA DE FIXACAO | C12: UN | D12: 2.39
... A44: 36246 | B44: ACABAMENTO SIMPLES/CONVENCIONAL PARA FORRO PVC, TIPO "U" OU "C", COR BRANCA, COMPRIMENTO 6 M | C44: M | D44: 4.03
A45: 37600 | B45: ACESSORIO DE LIGACAO NAO ELETRICO PARA CARGAS EXPLOSIVAS, TUBO DE 6 M | C45: UN
A46: 37599 | B46: ACESSORIO INICIADOR NAO ELETRICO, TUBO DE 6 M, TEMPO DE RETARDO DE *160* MS | C46: UN
A47: 1 | B47: ACETILENO - RECARGA DE GAS PARA CILINDRO (NAO INCLUI TROCA/MANUTENCAO DO CILINDRO) | C47: KG | D47: 130
A48: 3 | B48: ACIDO CLORIDRICO / ACIDO MURIATICO, DILUICAO 10% A 12% PARA USO EM LIMPEZA | C48: L | D48: 16.4
A49: 43054 | B49: ACO CA-25, 10,0 MM, OU 12,5 MM, OU 16,0 MM, OU 20,0 MM, OU 25,0 MM, VERGALHAO | C49: KG | D49: 9.15
A50: 42402 | B50: ACO CA-25, 16,0 MM, BARRA DE TRANSFERENCIA | C50: KG | D50: 8.75
A51: 42403 | B51: ACO CA-25, 20,0 MM, BARRA DE TRANSFERENCIA | C51: KG | D51: 11.22
A52: 42404 | B52: ACO CA-25, 25,0 MM, BARRA DE TRANSFERENCIA | C52: KG | D52: 11.16
A53: 42405 | B53: ACO CA-25, 32,0 MM, BARRA DE TRANSFERENCIA | C53: KG | D53: 11.89
A54: 34341 | B54: ACO CA-25, 32,0 MM, VERGALHAO | C54: KG | D54: 10.32
A55: 43053 | B55: ACO CA-25, 6,3 MM OU 8,0 MM, VERGALHAO | C55: KG | D55: 8.18
A56: 43058 | B56: ACO CA-50, 10,0 MM, OU 12,5 MM, OU 16,0 MM, OU 20,0 MM, DOBRADO E CORTADO | C56: KG | D56: 8.48
A57: 34 | B57: ACO CA-50, 10,0 MM, VERGALHAO | C57: KG | D57: 8.52
A58: 43055 | B58: ACO CA-50, 12,5 MM OU 16,0 MM, VERGALHAO | C58: KG | D58: 7.38
... A67: 43060 | B67: ACO CA-60, 8,0 MM OU 9,5 MM, VERGALHAO | C67: KG | D67: 7.02
A68: 40410 | B68: ACOPLAMENTO RIGIDO EM FERRO FUNDIDO PARA SISTEMA DE TUBULACAO RANHURADA, DN 50 MM (2") | C68: UN
A69: 40411 | B69: ACOPLAMENTO RIGIDO EM FERRO FUNDIDO PARA SISTEMA DE TUBULACAO RANHURADA, DN 65 MM (2 1/2") | C69: UN
A70: 40412 | B70: ACOPLAMENTO RIGIDO EM FERRO FUNDIDO PARA SISTEMA DE TUBULACAO RANHURADA, DN 80 MM (3") | C70: UN
A71: 44254 | B71: ADAPTADOR CPVC, ROSCAVEL, COM FLANGES E ANEL DE VEDACAO, 15 MM, CAIXA D'AGUA PARA AGUA QUENTE | C71: UN | D71: 28.85
A72: 44255 | B72: ADAPTADOR CPVC, ROSCAVEL, COM FLANGES E ANEL DE VEDACAO, 22 MM, CAIXA D'AGUA PARA AGUA QUENTE | C72: UN | D72: 31.98
A73: 44256 | B73: ADAPTADOR CPVC, ROSCAVEL, COM FLANGES E ANEL DE VEDACAO, 28 MM, CAIXA D'AGUA PARA AGUA QUENTE | C73: UN | D73: 36.12
A74: 44257 | B74: ADAPTADOR CPVC, ROSCAVEL, COM FLANGES E ANEL DE VEDACAO, 35 MM, CAIXA D'AGUA PARA AGUA QUENTE | C74: UN | D74: 57.15
A75: 44258 | B75: ADAPTADOR CPVC, ROSCAVEL, COM FLANGES E ANEL DE VEDACAO, 42 MM, CAIXA D'AGUA PARA AGUA QUENTE | C75: UN | D75: 65.31
A76: 44259 | B76: ADAPTADOR CPVC, ROSCAVEL, COM FLANGES E ANEL DE VEDACAO, 54 MM, CAIXA D'AGUA PARA AGUA QUENTE | C76: UN | D76: 89.65
A77: 37997 | B77: ADAPTADOR CPVC, SOLDAVEL, 15 MM, PARA AGUA QUENTE | C77: UN | D77: 17.19
A78: 37998 | B78: ADAPTADOR CPVC, SOLDAVEL, 22 MM, PARA AGUA QUENTE | C78: UN | D78: 23.01
A79: 55 | B79: ADAPTADOR DE COMPRESSAO EM POLIPROPILENO (PP), PARA TUBO EM PEAD, 20 MM X 1/2", PARA LIGACAO PREDIAL DE AGUA (NTS 179) | C79: UN
A80: 61 | B80: ADAPTADOR DE COMPRESSAO EM POLIPROPILENO (PP), PARA TUBO EM PEAD, 20 MM X 3/4", PARA LIGACAO PREDIAL DE AGUA (NTS 179) | C80: UN
A81: 62 | B81: ADAPTADOR DE COMPRESSAO EM POLIPROPILENO (PP), PARA TUBO EM PEAD, 32 MM X 1", PARA LIGACAO PREDIAL DE AGUA (NTS 179) | C81: UN
A82: 10899 | B82: ADAPTADOR EM LATAO, ENGATE RAPIDO 2 1/2" X ROSCA INTERNA 5 FIOS 2 1/2", PARA INSTALACAO PREDIAL DE COMBATE A INCENDIO | C82: UN | D82: 63.84
A83: 10900 | B83: ADAPTADOR EM LATAO, ENGATE RAPIDO1 1/2" X ROSCA INTERNA 5 FIOS 2 1/2", PARA INSTALACAO PREDIAL DE COMBATE A INCENDIO | C83: UN | D83: 49.96
A84: 47 | B84: ADAPTADOR PVC PBA, BOLSA/ROSCA, JE, DN 100 / DE 110 MM | C84: UN | D84: 78.34
A85: 48 | B85: ADAPTADOR PVC PBA, BOLSA/ROSCA, JE, DN 50 / DE 60 MM | C85: UN | D85: 20.43
A86: 46 | B86: ADAPTADOR PVC PBA, BOLSA/ROSCA, JE, DN 75 / DE 85 MM | C86: UN | D86: 45.81
A87: 52 | B87: ADAPTADOR PVC PBA, PONTA/ROSCA, JE, DN 50 / DE 60 MM | C87: UN | D87: 15.52
A88: 43 | B88: ADAPTADOR PVC PBA, PONTA/ROSCA, JE, DN 75 / DE 85 MM | C88: UN | D88: 52.39
A89: 103 | B89: ADAPTADOR PVC SOLDAVEL CURTO COM BOLSA E ROSCA, 110 MM X 4", PARA AGUA FRIA | C89: UN | D89: 41.45
A90: 107 | B90: ADAPTADOR PVC SOLDAVEL CURTO COM BOLSA E ROSCA, 20 MM X 1/2", PARA AGUA FRIA | C90: UN | D90: 0.78
A91: 65 | B91: ADAPTADOR PVC SOLDAVEL CURTO COM BOLSA E ROSCA, 25 MM X 3/4", PARA AGUA FRIA | C91: UN | D91: 0.85
A92: 108 | B92: ADAPTADOR PVC SOLDAVEL CURTO COM BOLSA E ROSCA, 32 MM X 1", PARA AGUA FRIA | C92: UN | D92: 1.72
A93: 110 | B93: ADAPTADOR PVC SOLDAVEL CURTO COM BOLSA E ROSCA, 40 MM X 1 1/2", PARA AGUA FRIA | C93: UN | D93: 5.96
... A104: 99 | B104: ADAPTADOR PVC SOLDAVEL, COM FLANGE E ANEL DE VEDACAO, 50 MM X 1 1/2", PARA CAIXA D'AGUA | C104: UN | D104: 25.13
A105: 60 | B105: ADAPTADOR PVC, COM REGISTRO, PARA PEAD, 20 MM X 3/4", PARA LIGACAO PREDIAL DE AGUA | C105: UN
A106: 72 | B106: ADAPTADOR PVC, ROSCAVEL, COM FLANGES E ANEL DE VEDACAO, 1 1/2", PARA CAIXA D'AGUA | C106: UN | D106: 48.2
A107: 71 | B107: ADAPTADOR PVC, ROSCAVEL, COM FLANGES E ANEL DE VEDACAO, 1", PARA CAIXA D'AGUA | C107: UN | D107: 29.77
A108: 67 | B108: ADAPTADOR PVC, ROSCAVEL, COM FLANGES E ANEL DE VEDACAO, 1/2", PARA CAIXA D'AGUA | C108: UN | D108: 15.58
A109: 73 | B109: ADAPTADOR PVC, ROSCAVEL, COM FLANGES E ANEL DE VEDACAO, 3/4", PARA CAIXA D'AGUA | C109: UN | D109: 14.91
A110: 100 | B110: ADAPTADOR PVC, SOLDAVEL, COM FLANGES E ANEL DE VEDACAO, 60 MM X 2", PARA CAIXA D'AGUA | C110: UN | D110: 43.91
A111: 75 | B111: ADAPTADOR PVC, SOLDAVEL, COM FLANGES LIVRES, 110 MM X 4", PARA CAIXA D'AGUA | C111: UN | D111: 255.99
A112: 83 | B112: ADAPTADOR PVC, SOLDAVEL, COM FLANGES LIVRES, 75 MM X 2 1/2", PARA CAIXA D'AGUA | C112: UN | D112: 204.66
A113: 74 | B113: ADAPTADOR PVC, SOLDAVEL, COM FLANGES LIVRES, 85 MM X 3", PARA CAIXA D'AGUA | C113: UN | D113: 292.61
A114: 106 | B114: ADAPTADOR PVC, SOLDAVEL, LONGO, COM FLANGE LIVRE, 110 MM X 4", PARA CAIXA D'AGUA | C114: UN | D114: 370.01
A115: 88 | B115: ADAPTADOR PVC, SOLDAVEL, LONGO, COM FLANGE LIVRE, 32 MM X 1", PARA CAIXA D'AGUA | C115: UN | D115: 10.4
A116: 82 | B116: ADAPTADOR PVC, SOLDAVEL, LONGO, COM FLANGE LIVRE, 75 MM X 2 1/2", PARA CAIXA D'AGUA | C116: UN | D116: 194.72
A117: 105 | B117: ADAPTADOR PVC, SOLDAVEL, LONGO, COM FLANGE LIVRE, 85 MM X 3", PARA CAIXA D'AGUA | C117: UN | D117: 275.91
... A128: 124 | B128: ADITIVO ACELERADOR DE PEGA E ENDURECIMENTO PARA ARGAMASSAS E CONCRETOS, LIQUIDO E ISENTO DE CLORETOS | C128: L | D128: 19.43
A129: 7334 | B129: ADITIVO ADESIVO LIQUIDO PARA ARGAMASSAS DE REVESTIMENTOS CIMENTICIOS | C129: L
A130: 45146 | B130: ADITIVO IMPERMEABILIZANTE CRISTALIZANTE PARA CONCRETO | C130: KG | D130: 37.26
A131: 123 | B131: ADITIVO IMPERMEABILIZANTE DE PEGA NORMAL PARA ARGAMASSAS E CONCRETOS SEM ARMACAO, LIQUIDO E ISENTO DE CLORETOS | C131: L | D131: 7.95
A132: 127 | B132: ADITIVO IMPERMEABILIZANTE DE PEGA ULTRARRAPIDA, LIQUIDO E ISENTO DE CLORETOS | C132: L | D132: 18.98
A133: 133 | B133: ADITIVO LIQUIDO INCORPORADOR DE AR PARA CONCRETO E ARGAMASSA, LIQUIDO E ISENTO DE CLORETOS | C133: L | D133: 7.88
A134: 43617 | B134: ADITIVO PLASTIFICANTE E ESTABILIZADOR PARA ARGAMASSAS DE ASSENTAMENTO E REBOCO, LIQUIDO E ISENTO DE CLORETOS | C134: L | D134: 8.81
A135: 132 | B135: ADITIVO PLASTIFICANTE RETARDADOR DE PEGA E REDUTOR DE AGUA PARA CONCRETO, LIQUIDO E ISENTO DE CLORETOS | C135: L | D135: 8.17
A136: 43618 | B136: ADITIVO SUPERPLASTIFICANTE DE PEGA NORMAL PARA CONCRETO, LIQUIDO E ISENTO DE CLORETOS | C136: KG | D136: 20.57
A137: 37476 | B137: ADUELA/ GALERIA PRE-MOLDADA DE CONCRETO ARMADO, SECAO QUADRADA INTERNA DE 1,50 X 1,50 M (L X A), MISULA DE 20 X 20 CM, C = 1,00 M, ESPESSURA MIN = 15 CM, TB-45 E FCK DO CONCRETO = 30 MPA | C137: UN
A138: 37478 | B138: ADUELA/ GALERIA PRE-MOLDADA DE CONCRETO ARMADO, SECAO RETANGULAR INTERNA DE 2,00 X 2,00 M (L X A), MISULA DE 20 X 20 CM, C = 1,00 M, ESPESSURA MIN = 15 CM, TB-45 E FCK DO CONCRETO = 30 MPA | C138: UN
A139: 37477 | B139: ADUELA/ GALERIA PRE-MOLDADA DE CONCRETO ARMADO, SECAO RETANGULAR INTERNA DE 2,50 X 2,50 M (L X A), MISULA DE 20 X 20 CM, C = 1,00 M, ESPESSURA MIN = 15 CM, TB-45 E FCK DO CONCRETO = 30 MPA | C139: UN
A140: 37479 | B140: ADUELA/ GALERIA PRE-MOLDADA DE CONCRETO ARMADO, SECAO RETANGULAR INTERNA DE 3,00 X 3,00 M (L X A), MISULA DE 20 X 20 CM, C = 1.00 M, ESPESSURA MIN = 20 CM, TB-45 E FCK DO CONCRETO = 30 MPA | C140: UN
A141: 4319 | B141: AFASTADOR PARA TELHA DE FIBROCIMENTO CANALETE 90 OU KALHETAO | C141: UN | D141: 1.64
A142: 42409 | B142: AGENTE DE CURA, PROTETOR DA EVAPORACAO DA AGUA DE HIDRATACAO DO CONCRETO | C142: KG | D142: 12.95
A143: 40553 | B143: AGREGADO RECICLADO, TIPO RACHAO RECICLADO CINZA, CLASSE A | C143: M3
A144: 6114 | B144: AJUDANTE DE ARMADOR (HORISTA) | C144: H | D144: 15.92
A145: 40912 | B145: AJUDANTE DE ARMADOR (MENSALISTA) | C145: MES | D145: 2809.82
A146: 247 | B146: AJUDANTE DE ELETRICISTA (HORISTA) | C146: H | D146: 15.92
A147: 40919 | B147: AJUDANTE DE ELETRICISTA (MENSALISTA) | C147: MES | D147: 2809.82
A148: 44499 | B148: AJUDANTE DE ESTRUTURAS METALICAS (HORISTA) | C148: H | D148: 15.92
A149: 40984 | B149: AJUDANTE DE ESTRUTURAS METALICAS (MENSALISTA) | C149: MES | D149: 2809.82
A150: 248 | B150: AJUDANTE DE OPERACAO EM GERAL (HORISTA) | C150: H | D150: 15.76
A151: 41086 | B151: AJUDANTE DE OPERACAO EM GERAL (MENSALISTA) | C151: MES | D151: 2780.74
A152: 34466 | B152: AJUDANTE DE PINTOR (HORISTA) | C152: H | D152: 19.76
A153: 41083 | B153: AJUDANTE DE PINTOR (MENSALISTA) | C153: MES | D153: 3487.45
A154: 252 | B154: AJUDANTE DE SERRALHEIRO (HORISTA) | C154: H | D154: 15.92
A155: 40909 | B155: AJUDANTE DE SERRALHEIRO (MENSALISTA) | C155: MES | D155: 2809.82
... A171: 40862 | B171: ALIMENTACAO - MENSALISTA (COLETADO CAIXA - ENCARGOS COMPLEMENTARES) | C171: MES | D171: 346.81
A172: 10658 | B172: ALISADORA DE CONCRETO COM MOTOR A GASOLINA DE 5,5 HP, PESO COM MOTOR DE 78 KG, 4 PAS | C172: UN
A173: 253 | B173: ALMOXARIFE (HORISTA) | C173: H | D173: 19.76
A174: 40809 | B174: ALMOXARIFE (MENSALISTA) | C174: MES | D174: 3485.91
...
